 Dungeon Crawl Stone Soup version 0.31.0-11-ge490571c62 (webtiles) character file.

Game seed: 14131085278572874339

9054014 Skeral the Bringer of Law (level 27, 218/218 HPs)
             Began as a Gargoyle Fire Elementalist on Jan 25, 2024.
             Was the Champion of Zin.
             Escaped with the Orb
             ... and 10 runes on Jan 27, 2024!
             The game lasted 07:07:04 (79484 turns).

Skeral the Bringer of Law (GrFE)                   Turns: 79484, Time: 07:07:04

Health: 218/218    AC: 53    Str: 34    XL:     27
Magic:  39/39      EV: 19    Int: 34    God:    Zin [******]
Gold:   4116       SH: 19    Dex: 18    Spells: 13/59 levels left

rFire   + + .        a - +9 eveningstar (spect) {rare}
rCold   + . .        K - +5 kite shield {AC+3}
rNeg    + + .        C - +6 faerie dragon scales {rPois rC+ rCorr Stlth+}
rPois   ∞            o - +3 hat "Liwom" {rC+ Str+5}
rElec   +            Z - +1 cloak of Magic {Dex+6 Stlth+}
rCorr   +            V - +2 pair of gloves {Str+3}
SInv    +            D - +3 pair of seven-league boots {Rampage+∞}
Will    +++..        p - amulet of magic regeneration
Stlth   ++           d - ring "Sualuva" {rC- rN+ Will+ Str+6 Int+4}
HPRegen 2.16/turn    A - ring "Kawnant" {rF+ Slay+3 SInv}
MPRegen 0.66/turn

%: clarity, rampage+∞
@: flying
A: sickness immunity, AC +20, big wings, negative energy resistance 1,
electricity resistance, torment resistance 1, petrification resistance, claws 1,
talons 1, iridescent scales 3, agile 1, clarity, clever 2, deformed body, fire
resistance 1, low MP 1, regeneration 2, robust 2, strong 2, wild magic 1,
MP-powered wands
0: Orb of Zot
}: 10/15 runes: serpentine, barnacled, slimy, silver, abyssal, demonic, glowing,
magical, fiery, dark
a: Renounce Religion, Recite, Vitalisation, Imprison, Sanctuary, Donate Gold


You escaped.
You worshipped Zin.
Zin was exalted by your worship.
You visited 18 branches of the dungeon, and saw 63 of its levels.
You visited Pandemonium 1 time, and saw 12 of its levels.
You visited the Abyss 3 times.
You visited 1 bazaar.
You visited 1 ziggurat, and saw 3 of its levels.
You also visited: Sewer, Gauntlet and Ice Cave.

You collected 10707 gold pieces.
You spent 6283 gold pieces at shops.
You donated 308 gold pieces to Zin.


Innate Abilities, Weirdness & Mutations

You are immune to sickness and miasma.
Your stone body is resilient. (AC +20)
You are immune to poison.
Your large and strong wings let you fly.
You resist negative energy. (rN+)
You are resistant to electric shocks. (rElec)
You are resistant to unholy torment.
You are immune to petrification.
You have sharp fingernails.
You have sharp toenails.
You are completely covered in iridescent scales. (AC +6)
You are agile. (Dex +4, Str/Int -1)
You possess an exceptional clarity of mind.
Your mind is very acute. (Int +8, Str/Dex -2)
Armour fits poorly on your strangely shaped body.
Your flesh is heat resistant. (rF+)
Your magical capacity is low. (-10% MP)
You heal very quickly.
You are very robust. (+20% HP)
Your muscles are very strong. (Str +8, Int/Dex -2)
Your spells are a little harder to cast, but a little more powerful.
You expend magic power (3 MP) to strengthen your wands.


   Skills:
 - Level 21.0 Fighting
 - Level 0.1 Short Blades
 - Level 15.5(16.0) Maces & Flails
 - Level 6.2(11.8) Staves
 - Level 6.0 Armour
 + Level 12.9 Dodging
 - Level 4.0 Stealth
 - Level 15.0 Shields
 + Level 16.8 Spellcasting
 + Level 21.8 Conjurations
 - Level 15.0 Summonings
 - Level 5.0 Translocations
 - Level 18.0 Fire Magic
 - Level 15.0 Air Magic
 + Level 21.9 Earth Magic
 + Level 22.7 Invocations
 - Level 3.0 Evocations


You had 13 spell levels left.
You knew the following spells:

 Your Spells              Type           Power      Damage    Failure   Level
a - Apportation           Tloc           100%       N/A       1%          1
b - Plasma Beam           Fire/Air       55%        2x1d71    1%          6
d - Spellforged Servitor  Conj/Summ      58%        N/A       1%          7
i - Iskenderun's Mystic   Conj/Tloc      100%       2d19      1%          4
l - Lehudib's Crystal Sp  Conj/Erth      62%        10d14     3%          8
o - Orb of Destruction    Conj           62%        9d15      1%          7
s - Scorch                Fire           100%       2d9       1%          2
w - Swiftness             Air            100%       N/A       1%          3
S - Starburst             Conj/Fire      59%        6d16      1%          6
X - Blink                 Tloc           100%       N/A       1%          2

Your spell library contained the following spells:

 Spells                   Type           Power      Damage    Failure   Level
 Foxfire                  Conj/Fire      100%       2x1d9     1%          1
 Magic Dart               Conj           100%       1d8       1%          1
 Sandblast                Erth           100%       2d20      1%          1
 Shock                    Conj/Air       100%       1d9       1%          1
 Sting                    Conj/Alch      100%       1d9       1%          1
 Call Imp                 Summ           100%       N/A       1%          2
 Lesser Beckoning         Tloc           100%       N/A       1%          2
 Mercury Vapours          Alch/Air       100%       N/A       1%          2
 Momentum Strike          Conj/Tloc      100%       3d10      1%          2
 Static Discharge         Conj/Air       100%       3-8/arc   1%          2
 Call Canine Familiar     Summ           100%       N/A       1%          3
 Dazzling Flash           Conj/Hex       100%       N/A       1%          3
 Gell's Gravitas          Tloc           69%        N/A       1%          3
 Hailstorm                Conj/Ice       93%        3d15      1%          3
 Inner Flame              Hex/Fire       86%        N/A       1%          3
 Mephitic Cloud           Conj/Alch/Air  98%        N/A       1%          3
 Passwall                 Erth           100%       N/A       1%          3
 Stone Arrow              Conj/Erth      100%       3d13      1%          3
 Teleport Other           Tloc           69%        N/A       1%          3
 Volatile Blastmotes      Fire/Tloc      100%       2d18      1%          3
 Airstrike                Air            53%        2d(8-24)  1%          4
 Brom's Barrelling Bould  Conj/Erth      100%       2d11      1%          4
 Flame Wave               Conj/Fire      100%       2d21      1%          4
 Fulminant Prism          Conj/Alch      46%        3d21      1%          4
 Ignite Poison            Fire/Alch      86%        N/A       1%          4
 Leda's Liquefaction      Alch/Erth      47%        N/A       1%          4
 Martyr's Knell           Necr/Summ      80%        N/A       1%          4
 Petrify                  Alch/Erth      94%        N/A       1%          4
 Sticky Flame             Fire/Alch      86%        2d13      1%          4
 Summon Blazeheart Golem  Fire/Summ      100%       N/A       1%          4
 Summon Lightning Spire   Summ/Air       100%       N/A       1%          4
 Vhi's Electric Charge    Tloc/Air       100%       N/A       1%          4
 Arcjolt                  Conj/Air       58%        1d68      1%          5
 Borgnjor's Vile Clutch   Necr/Erth      47%        N/A       1%          5
 Fireball                 Conj/Fire      59%        3d23      1%          5
 Freezing Cloud           Conj/Ice/Air   49%        6-21      1%          5
 Irradiate                Conj/Alch      46%        3d27      1%          5
 Iskenderun's Battlesphe  Conj           100%       2d15      1%          5
 Lee's Rapid Deconstruct  Erth           62%        3d28*     1%          5
 Bombard                  Conj/Erth      62%        9d10      1%          6
 Conjure Ball Lightning   Conj/Air       58%        3x3d21    1%          6
 Summon Cactus Giant      Summ           53%        N/A       1%          6
 Freeze                   Ice            100%       1d10      3%          1
 Necrotise                Necr           100%       1d9       3%          1
 Slow                     Hex            100%       N/A       3%          1
 Manifold Assault         Tloc           69%        N/A       4%          4
 Passage of Golubria      Tloc           69%        N/A       4%          4
 Silence                  Hex/Air        40%        N/A       4%          5
 Ensorcelled Hibernation  Hex/Ice        74%        N/A       5%          2
 Jinxbite                 Hex            74%        N/A       5%          2
 Summon Hydra             Summ           53%        N/A       6%          7
 Confusing Touch          Hex            37%        N/A       10%         3
 Frozen Ramparts          Ice            74%        1d12      10%         3
 Fugue of the Fallen      Necr           37%        N/A       10%         3
 Ozocubu's Armour         Ice            37%        N/A       10%         3
 Sigil of Binding         Hex            37%        N/A       10%         3
 Tukima's Dance           Hex            37%        N/A       10%         3
 Vampiric Draining        Necr           37%        2d8       10%         3
 Dimensional Bullseye     Hex/Tloc       28%        N/A       11%         4
 Ignition                 Fire           57%        3d16      13%         8
 Anguish                  Hex/Necr       18%        N/A       28%         4
 Animate Dead             Necr           37%        N/A       28%         4
 Cause Fear               Hex            18%        N/A       28%         4
 Dispel Undead            Necr           37%        3d15      28%         4
 Olgreb's Toxic Radiance  Alch           37%        N/A       28%         4
 Malign Gateway           Summ/Tloc      45%        N/A       36%         7
 Maxwell's Capacitive Co  Air            53%        ∞         36%         8
 Dispersal                Tloc           34%        N/A       45%         6
 Alistair's Intoxication  Alch           24%        N/A       58%         5
 Metabolic Englaciation   Hex/Ice        18%        N/A       58%         5
 Yara's Violent Unravell  Hex/Alch       18%        3d9       58%         5
 Haunt                    Necr/Summ      40%        N/A       69%         7
 Death Channel            Necr           18%        N/A       98%         6
 Eringya's Noxious Bog    Alch           18%        4d6       98%         6
 Sculpt Simulacrum        Ice/Alch       18%        N/A       98%         6
 Enfeeble                 Hex            18%        N/A       100%        7
 Ozocubu's Refrigeration  Ice            18%        4d11      100%        7
 Borgnjor's Revivificati  Necr           18%        N/A       100%        8
 Discord                  Hex            18%        N/A       100%        8
 Disjunction              Tloc           34%        N/A       100%        8
 Infestation              Necr           18%        N/A       100%        8
 Death's Door             Necr           18%        N/A       100%        9
 Cigotuvi's Dreadful Rot  Necr/Alch/Air  Unusable   N/A       N/A         2
 Sublimation of Blood     Necr           Unusable   N/A       N/A         2

Inventory:

Hand Weapons
 a - a +9 spectral eveningstar (weapon) {rare}
   (You bought it in a shop on level 7 of the Dungeon)
Armour
 g - the +1 robe of Fautzuekit {Str+2 Int+4 Archmagi}
   (You took it off a yaktaur captain on level 5 of the Vaults)

   Str+2:     It affects your strength (+2).
   Int+4:     It affects your intelligence (+4).
   Archmagi:  It increases the power of your magical spells.
 o - the +3 hat "Liwom" (worn) {rC+ Str+5}
   (You found it in a Gauntlet)

   Str+5:     It affects your strength (+5).
   rC+:       It protects you from cold.
 v - the +2 chain mail of the Heavens {Will++ Regen+}
   (You found it on level 5 of the Vaults)

   Will++:    It greatly increases your willpower.
   Regen+:    It increases your rate of health regeneration.
 C - the +6 faerie dragon scales (worn) {rPois rC+ rCorr Stlth+}
   (You took it off the Enchantress on level 1 of the Depths)

   rC+:       It protects you from cold.
   rPois:     It protects you from poison rCorr: It protects you from acid and
   corrosion.
   Stlth+:    It makes you more stealthy.
 D - the +3 pair of seven-league boots (worn) {Rampage+∞}
   (You acquired it on level 3 of the Elven Halls)

   Rampage+∞: When moving toward enemies, its wearer moves as far as possible,
   alerting their target en route.
 K - a +5 kite shield of protection (worn)
   (You took it off a tengu warrior on level 15 of the Dungeon)
 V - a +2 pair of gloves of strength (worn)
   (You took it off Nikola on level 1 of the Vaults)
 Z - the +1 cloak of Magic (worn) {Dex+6 Stlth+}
   (You found it on level 5 of the Realm of Zot)

   Dex+6:     It affects your dexterity (+6).
   Stlth+:    It makes you more stealthy.
Magical Staves
 b - the staff of Wafequir {Fly rPois rN+ Fire Earth, !a}
   (You found it on level 1 of the Crypt)

   [staff of earth]

   Base accuracy: +5 Base damage: 5 Base attack delay: 1.2 This weapon's minimum
   attack delay (0.6) is reached at skill level 12.
   rPois:     It protects you from poison rN+: It protects you from negative
   energy.
   Fly:       It grants you flight.
   Fire:      It increases the power of your Fire spells.
   Earth:     It increases the power of your Earth spells.
   It falls into the 'Staves' category.
   It is a one-handed weapon.
 i - the staff "Umoroyrgh" {rF++ SInv Conj, !a}
   (You found it on level 5 of the Vaults)

   [staff of conjuration]

   Base accuracy: +5 Base damage: 5 Base attack delay: 1.2 This weapon's minimum
   attack delay (0.6) is reached at skill level 12.
   rF++:      It greatly protects you from fire.
   SInv:      It lets you see invisible.
   Conj:      It increases the power of your Conjurations spells.
   It falls into the 'Staves' category.
   It is a one-handed weapon.
 F - the staff of Pawneseu {rElec Will+ Str-2 Fire Air, !a}
   (You found it in Pandemonium)

   [staff of air]

   Base accuracy: +5 Base damage: 5 Base attack delay: 1.2 This weapon's minimum
   attack delay (0.6) is reached at skill level 12.
   Str-2:     It affects your strength (-2).
   rElec:     It insulates you from electricity.
   Will+:     It increases your willpower.
   Fire:      It increases the power of your Fire spells.
   Air:       It increases the power of your Air spells.
   It falls into the 'Staves' category.
   It is a one-handed weapon.
Jewellery
 d - the ring "Sualuva" (left hand) {rC- rN+ Will+ Str+6 Int+4}
   (You found it on level 5 of the Vaults)

   [ring of strength]

   Str+6:     It affects your strength (+6).
   Int+4:     It affects your intelligence (+4).
   rC-:       It makes you vulnerable to cold.
   rN+:       It protects you from negative energy.
   Will+:     It increases your willpower.
 p - an amulet of magic regeneration (around neck)
   (You took it off a minotaur in a Gauntlet)
 A - the ring "Kawnant" (right hand) {rF+ Slay+3 SInv}
   (You found it in a Gauntlet)

   [ring of see invisible]

   Slay+3:    It affects your accuracy & damage with ranged weapons and melee
   (+3).
   rF+:       It protects you from fire.
   SInv:      It lets you see invisible.
 M - the ring of Laliasm {rCorr Str+2 Dex+5}
   (You took it off a skeletal warrior on level 3 of the Crypt)

   [ring of resist corrosion]

   Str+2:     It affects your strength (+2).
   Dex+5:     It affects your dexterity (+5).
   rCorr:     It protects you from acid and corrosion.
 R - the ring "Lojoir" {Will+ Str+6 Stlth+}
   (You bought it in a shop on level 4 of the Vaults)

   [ring of strength]

   Str+6:     It affects your strength (+6).
   Will+:     It increases your willpower.
   Stlth+:    It makes you more stealthy.
Wands
 u - a wand of flame (77)
   (You found it on level 3 of the Lair of Beasts)
 B - a wand of digging (7)
   (You found it on level 7 of the Dungeon)
 H - a wand of iceblast (73)
   (You found it on level 8 of the Dungeon)
 S - a wand of light (35)
   (You found it on level 10 of the Dungeon)
Scrolls
 c - 6 scrolls of enchant armour
 f - 2 scrolls of brand weapon
 h - 5 scrolls of immolation {!r!r}
 k - 10 scrolls of teleportation {@r4}
 l - 2 scrolls of poison
 q - a scroll of revelation
 y - 5 scrolls of blinking {!r}
 z - 4 scrolls of vulnerability {!r!r}
 E - 2 scrolls of silence {!r}
 G - 12 scrolls of fog
 J - 3 scrolls of summoning
 O - 2 scrolls of enchant weapon
 W - 9 scrolls of fear (quivered)
Potions
 e - 11 potions of brilliance
 j - 28 potions of curing {@q1}
 r - 7 potions of enlightenment
 s - 8 potions of cancellation
 x - 6 potions of mutation {!q}
 I - 4 potions of resistance
 L - a potion of invisibility
 N - 3 potions of haste {@q3}
 P - 3 potions of magic
 T - 6 potions of ambrosia
 U - 7 potions of might
 X - 4 potions of berserk rage {!q}
 Y - 10 potions of heal wounds {@q2}
Miscellaneous
 m - a phantom mirror
   (You found it on level 4 of the Shoals)
 w - a tin of tremorstones (2/2)
   (You found it in a Gauntlet)
 Q - a phial of floods
   (You found it on level 1 of the Lair of Beasts)

Dungeon Overview and Level Annotations

Branches:
Dungeon (15/15)            Temple (1/1) D:6            Lair (5/5) D:8
 Shoals (4/4) Lair:2        Snake (4/4) Lair:3        Slime (5/5) Lair:5
    Orc (2/2) D:10            Elf (3/3) Orc:2        Vaults (5/5) D:13
  Crypt (3/3) Vaults:2       Tomb (1/3) Crypt:3      Depths (4/4) D:15
   Hell (visited)             Dis (1/7) Hell            Geh (1/7) Hell
    Coc (1/7) Hell            Tar (2/7) Hell            Zot (5/5) Depths:4
  Sewer (visited)           IceCv (visited)         Gauntlet (visited)

Altars:
Ashenzari
Cheibriados
Dithmenos
Elyvilon
Fedhas
Gozag
Hepliaklqana
Kikubaaqudgha
Makhleb
Nemelex Xobeh
Okawaru
Qazlal
Ru
Sif Muna
Trog
Uskayaw
Vehumet
Wu Jian
Xom
Yredelemnul
Zin
The Shining One
Jiyva

Shops:
D:3 *   D:7 *   D:14 (   Orc:2 ?*([   Elf:1 *   Shoals:2 *!([   Snake:1 *
Snake:3 [:=   Vaults:3 [   Vaults:4 [*   Vaults:5 ?!!   Depths:2 [
Depths:4 [[[[*

Portals:
Hell: Depths:1 Depths:2 Depths:3 Depths:4
Abyss: Depths:1 Depths:3 Depths:4
Pandemonium: Depths:2 Depths:4

Annotations:
D:7 1 transporter
Shoals:3 Bai Suzhen
Snake:3 FoolsGold's ghost, adept MiBe
Snake:4 Roxanne
Elf:2 3 runed translucent doors
Vaults:1 2 transporters, exclusion: orange crystal statue
Vaults:2 Mara
Zot:4 1 transporter

#.###......⌠.......⌠......#
#...##...................##
##.#####..⌠...⌠.(.⌠...⌠..## #
.......##...............#########
##.#######.⌠....⌠....⌠.###.......
#.####.###...........###..######
#.....#.###..⌠...⌠..###.#.## #
#.##.###..##.......##......#####
#...## ##..##..@..##............
####†###.#.###.>.######...##.###
##.#.##.# #####.# ###.##.###
##.###.# ####.# #...##....
#.###.####.##.# #.########
#...........#.# #.# #
#####.####....# #.# # #.#
#########.########
#.######.............##


There were no monsters in sight!


Message History

Your +9 spectral eveningstar {rare} is engulfed in blazing flames.
Your spectral weapon shares its damage with you! 😕 HP[+1]
You impale Niybuth!!
Your +9 spectral eveningstar {rare} hits Niybuth!
You are engulfed in blazing flames.
You resist.
Your +9 spectral eveningstar {rare} is engulfed in blazing flames.
Niybuth hits you but does no damage. You block Niybuth's attack. 😕 HP[+1]
You impale Niybuth!!
Your +9 spectral eveningstar {rare} hits Niybuth but does no damage.
You are engulfed in blazing flames.
You resist. Niybuth barely misses you.
The hell beast is engulfed in blazing flames.
Your +9 spectral eveningstar {rare} is engulfed in blazing flames.
Your spectral weapon shares its damage with you! 😕 HP[-3]
You take 3 damage, and now have 212/218 hp.
Casting: Plasma Beam (mildly dangerous; 1% risk of failure)
Confirm with . or Enter, or press ? or * to list all spells.
You erupt in a blast of force!
The mystic blast hits Niybuth.
Niybuth is knocked back by the mystic blast.
The mystic blast hits the hell beast!!
The hell beast is knocked back by the mystic blast.
The hell beast slams into the rock wall!
Your +9 spectral eveningstar {rare} disappears.
You are engulfed in blazing flames.
You resist.
Niybuth is engulfed in blazing flames.
The hell beast closely misses you.
You block the hell beast's attack. 😕 HP[+1] MP[-4]
You lost 4 mp, and now have 35/39 mp.
Casting: Iskenderun's Mystic Blast (safe; 1% risk of failure)
Confirm with . or Enter, or press ? or * to list all spells.
You summon a servant imbued with your destructive magic!
Niybuth hits you. You block the hell beast's attack. x2
Niybuth hits you but does no damage. You block the hell beast's attack.
The hell beast tramples you but does no damage. 😕 HP[+2] MP[-6]
You regained 2 hp, and now have 215/218 hp.
You lost 6 mp, and now have 29/39 mp.
Casting: Spellforged Servitor (mildly dangerous; 1% risk of failure)
Confirm with . or Enter, or press ? or * to list all spells.
Aiming: Lehudib's Crystal Spear (dangerous; 3% risk of failure)
Press: ? - help, Shift-Dir - straight line, f - Niybuth
Aim: Niybuth, armed with a flaming touch (heavily wounded, surrounded by flames, 90% to hit)
The crystal spear hits Niybuth!!!
You are engulfed in blazing flames.
You resist. Niybuth closely misses you. You block the hell beast's attack.
The hell beast completely misses you. 😕 HP[+2] MP[-7]
You regained 2 hp, and now have 217/218 hp.
You lost 7 mp, and now have 22/39 mp.
Casting: Lehudib's Crystal Spear (dangerous; 3% risk of failure)
Confirm with . or Enter, or press ? or * to list all spells.
Aiming: Lehudib's Crystal Spear (dangerous; 3% risk of failure)
Press: ? - help, Shift-Dir - straight line, f/p - Niybuth
Aim: Niybuth, armed with a flaming touch (almost dead, surrounded by flames, 90% to hit)
The crystal spear hits Niybuth!!!
You kill Niybuth!
You are engulfed in blazing flames.
You resist. You block the hell beast's attack.
The hell beast tramples you but does no damage.
The hell beast misses you. The hell beast tramples you!
You hold your ground! 😕 HP[-9] MP[-8]
You take 9 damage, and now have 208/218 hp.
You lost 8 mp, and now have 14/39 mp.
The hell beast attacks as it pursues you!
The hell beast closely misses you.
You block the hell beast's attack. 😕 HP[+2] MP[+1]
You regained 2 hp, and now have 210/218 hp.
Your spellforged servitor points at the hell beast and mumbles some strange words.
The crystal spear misses the hell beast.
You block the hell beast's attack.
The hell beast misses you. 😕 HP[+2] MP[+1]
You regained 2 hp, and now have 212/218 hp. 😕 HP[+2]
You regained 2 hp, and now have 214/218 hp.
You impale the hell beast!!
Your +9 spectral eveningstar {rare} hits the hell beast!!
You kill the hell beast! 😕 HP[+2] MP[+1]
You regained 2 hp, and now have 216/218 hp.
Your +9 spectral eveningstar {rare} disappears. 😎 HP[+2]
Your hp is fully restored (218). 😎 MP[+1] 😎 MP[+1] 😎 MP[+1] 😎 MP[+1] 😎 MP[+1]
There is a stone staircase leading up here. 😎 MP[+1]
You fly upwards.
Your summoned ally is left behind.
There is a stone staircase leading down here. 😎 MP[+1]
There is a fountain of clear blue water here.
You see here 7 stones.
There is a dry fountain here.
There is a staircase leading out of the dungeon here. 😎 MP[+15]
Your mp is fully restored (39).
You have escaped!

Skill      XL: |  1  2  3  4  5  6  7  8  9 10 11 12 13 14 15 16 17 18 19 20 21 22 23 24 25 26 27 |
---------------+----------------------------------------------------------------------------------+-----
Conjurations   | 2 3 4 5 6 7 10 12 13 15 16 17 18 19 21 | 21.8
Fighting       | 1 2 3 4 8 13 14 15 16 17 21 | 21.0
Spellcasting   | 3 4 5 8 10 12 13 16 | 16.8
Fire Magic     | 4 5 6 7 8 10 12 14 16 17 18 | 18.0
Summonings     | 1 4 7 8 9 11 13 14 15 | 15.0
Translocations | 1 4 5 |  5.0
Evocations     | 3 |  3.0
Air Magic      | 5 6 9 11 12 13 14 15 | 15.0
Dodging        | 3 5 6 8 12 | 12.9
Shields        | 5 9 12 15 | 15.0
Armour         | 4 6 |  6.0
Staves         | 2 6 |  6.2
Invocations    | 9 13 15 17 21 22 | 22.7
Earth Magic    | 4 5 11 13 21 | 21.9
Stealth        | 3 4 |  4.0
Maces & Flails | 6 15 | 15.5
Short Blades   | |  0.1

Action                     |  1- 3 |  4- 6 |  7- 9 | 10-12 | 13-15 | 16-18 | 19-21 | 22-24 | 25-27 || total
---------------------------+-------+-------+-------+-------+-------+-------+-------+-------+-------++-------
  Melee: Unarmed           |    10 |       |       |       |       |       |       |       |       ||    10
         Short sword       |    15 |    72 |   178 |   571 |   533 |       |       |       |       ||  1369
         Punch             |       |     1 |     2 |    13 |    16 |     3 |       |       |       ||    35
         Dagger            |       |       |       |       |   351 |   431 |   195 |       |       ||   977
         Headbutt          |       |       |       |       |    36 |    20 |       |       |       ||    56
         Staff             |       |       |       |       |       |       |   348 |   893 |   538 ||  1779
         Eveningstar       |       |       |       |       |       |       |       |       |  1969 ||  1969
  Throw: Dart              |       |       |     3 |       |    24 |     5 |       |       |       ||    32
   Cast: Foxfire           |    42 |   106 |    56 |    29 |    27 |       |       |       |       ||   260
         Scorch            |     1 |    12 |   106 |   291 |   349 |   158 |   111 |    25 |     1 ||  1054
         Volatile Blastmot |       |       |       |    13 |    23 |     3 |     2 |       |       ||    41
         Call Imp          |       |       |       |     2 |       |       |       |       |       ||     2
         Swiftness         |       |       |       |       |     5 |       |     1 |       |       ||     6
         Iskenderun's Myst |       |       |       |       |    10 |    34 |    21 |    97 |    57 ||   219
         Starburst         |       |       |       |       |   109 |    81 |   172 |    79 |    39 ||   480
         Plasma Beam       |       |       |       |       |    37 |   222 |   296 |   486 |   516 ||  1557
         Spellforged Servi |       |       |       |       |       |       |       |     5 |   143 ||   148
         Blink             |       |       |       |       |       |       |       |     1 |     1 ||     2
         Orb of Destructio |       |       |       |       |       |       |       |       |    37 ||    37
         Lehudib's Crystal |       |       |       |       |       |       |       |       |    25 ||    25
 Invoke: Recite            |       |       |       |       |       |       |     3 |     1 |     2 ||     6
         Sanctuary         |       |       |       |       |       |       |       |       |     3 ||     3
  Evoke: Wand              |       |       |       |     1 |     5 |     9 |    15 |     1 |     9 ||    40
         Phial of floods   |       |       |       |       |     1 |     1 |       |       |       ||     2
         Tin of tremorston |       |       |       |       |     2 |       |     4 |     2 |       ||     8
         Phantom mirror    |       |       |       |       |       |       |       |       |     1 ||     1
    Use: Scroll            |       |       |     9 |     9 |    20 |     6 |     6 |     6 |    41 ||    97
         Potion            |       |       |     1 |     1 |     4 |     7 |     3 |     1 |    27 ||    44
   Stab: Sleeping          |     3 |     1 |     1 |     2 |     3 |       |       |     3 |       ||    13
         Petrified         |       |       |    14 |       |    44 |       |       |       |       ||    58
         Petrifying        |       |       |     1 |       |       |       |       |       |       ||     1
         Confused          |       |       |       |     1 |       |     1 |     2 |     6 |       ||    10
         Paralysed         |       |       |       |     1 |     7 |     3 |     1 |       |       ||    12
         Invisible         |       |       |       |       |     9 |     1 |     1 |       |     2 ||    13
         Distracted        |       |       |       |       |     7 |     5 |     2 |     1 |    47 ||    62
 Armour: Robe              |    26 |    52 |    85 |       |       |       |       |       |       ||   163
         Steam dragon scal |       |       |    22 |   479 |   839 |       |       |       |       ||  1340
         Troll leather arm |       |       |       |       |   196 |   702 |   644 |   937 |       ||  2479
         Scale mail        |       |       |       |       |       |       |       |    66 |       ||    66
         Acid dragon scale |       |       |       |       |       |       |       |       |  2635 ||  2635
  Dodge: Dodged            |    44 |    79 |   202 |  1142 |  1133 |   568 |   530 |   451 |  1250 ||  5399
  Block: Buckler           |       |       |       |       |       |    84 |       |       |       ||    84
         Kite shield       |       |       |       |       |       |   101 |   674 |   881 |  2167 ||  3823

Levels and vault maps discovered:
D:1:      dpeg_arrival_lava_temple_mockup, layout_loops_ring,
          shapermc_ecumenical_altar_mp_ritualfount
D:2:      layout_loops_ring, basic_altar, minmay_tree_intersection
D:3:      layout_rooms, serial_shops, shop,
          mainiacjoe_sewer_entry_somewhere_in_here_1
D:4:      layout_loops_ring, minmay_fractal_squares_5
D:5:      layout_rooms, overflow_temple_1_default, serial_bayou_ford_a
D:6:      layout_loops_ring, gammafunk_temple_overflow_pools, temple_doors_ab,
          water_maze_lemuel, uniq_grinder
D:7:      gammafunk_beogh_shrine, layout_basic, minmay_shop_damaged,
          kennysheep_small_spiral, kennysheep_generic_room_14
D:8:      layout_rooms, minmay_lair_entry_grove, serial_undead, serial_undead_c,
          serial_undead_e, serial_undead_d, serial_undead_d, uniq_erica,
          uniq_maggie, uniq_prince_ribbit1
D:9:      layout_long_grid, serial_glass, glass_columns_b, glass_columns_b,
          glass_columns_b, glass_columns_a, glass_columns_a, glass_columns_a,
          glass_columns_c, glass_columns_b, due_unseen_surprise,
          item_on_display_a, feat_on_display
D:10:     layout_gridville, pdpol_wu_jian_five_deadly_venoms, david_orc_2,
          uniq_grum
D:11:     fort_yaktaur, layout_irregular_city, uniq_lodul
D:12:     layout_long_grid
D:13:     layout_cave_pools, erik_vaults_2, gauntlet_entry_generic,
          dancing_weapons_uskayaw
D:14:     layout_rooms, serial_shops, shop, kennysheep_cross_room, minivault_28
D:15:     grunt_enter_depths_magical_seal, layout_cave_pods,
          chequers_decorated_corner, nicolae_lava_and_water
Temple:   hc_temple_tempest_star
Lair:1:   layout_gridlike, minmay_hedge_maze, kennysheep_snail_temple
Lair:2:   layout_chaotic_city, minmay_shoals_entry_centaurs
Lair:3:   layout_regular_city, dummy_snake_entry, dreamdust_wasp_nest,
          lemuel_fruit_tree, grunt_megastairs_2
Lair:4:   layout_small_grid, basic_altar, wad_woods_river_01
Lair:5:   evilmike_catoblepas_cave, layout_hall_layers,
          minmay_slime_entry_jelly_boxes, serial_bayou_shore_b
Shoals:1: layout_shoals, uniq_louise
Shoals:2: layout_shoals, serial_shops, shop, shop,
          nicolae_shop_bloodbath_and_beyond, nicolae_shop_clearance
Shoals:3: layout_shoals, uniq_bai_suzhen
Shoals:4: shoals_end_hellmonk_lost_city, serial_shops
Snake:1:  layout_honeycomb, nicolae_take_the_stairs, drop_trap
Snake:2:  layout_gridlike, nicolae_snake_double_loop, uniq_donald
Snake:3:  layout_layer_cave, serial_shops,
          nicolae_shop_competitors_out_of_business, ebering_ghost_inner_flame,
          nicolae_stop_n_shop_2, nicolae_shop_vocational
Snake:4:  snake_pit_salamanders_mu, layout_cave_town, uniq_vashnia,
          uniq_roxanne, uniq_aizul
Slime:1:  layout_caves, nicolae_slime_getting_an_eyeful
Slime:2:  cheibrodos_slime_lost_civilization_9, layout_caves
Slime:3:  layout_caves, uniq_dissolution
Slime:4:  layout_caves, cheibrodos_slime_lost_civilization_7
Slime:5:  slime_pit_nicolae_royal_road_to_ruin
Orc:1:    layout_caves, hellmonk_ghost_happy_afterlife
Orc:2:    grunt_orc_community_town_hall, layout_diamond_mine,
          grunt_orc_community_big_house_2, grunt_orc_community_big_house_2,
          grunt_orc_community_house_1, grunt_orc_community_house_1,
          grunt_orc_community_house_1, grunt_orc_community_house_2
Elf:1:    layout_geoelf_octagon, basic_altar, portal_ice_cave_entry_pillars_1,
          serial_shops, shop, minivault_28, uniq_zenata, uniq_asterion
Elf:2:    elven_hall_of_blades_hangedman_original [mumra_blade_entry_dagger],
          layout_rooms, item_on_display_b
Elf:3:    grunt_elf_hall_spiral, layout_geoelf_octagon
Vaults:1: ontoclasm_vaults_ring_square, ontoclasm_vaults_shuriken,
          gammafunk_sealed_arena, vaults_room_fours,
          nicolae_vaults_network_star, hangedman_vaults_maws, vaults_room_pool,
          hangedman_vaults_restitches, vaults_room_pool,
          nicolae_vaults_tetromino_L_1, nicolae_vaults_apartment_1,
          vaults_dpeg_ring, nicolae_vaults_mini_display_case,
          layout_vaults_chaotic_city, uniq_nikola, uniq_norris
Vaults:2: nicolae_vaults_lopsided_apartments, nicolae_vaults_tetromino_Z_1,
          vaults_mumra_minichess_inversion, nicolae_vaults_arrows,
          minmay_crypt_entry_simple_box, v_rooms_1,
          nicolae_vaults_storage_room_doors, nicolae_vaults_network_barrier,
          nicolae_vaults_surprise_closet, nicolae_vaults_shelves_hall,
          nicolae_vaults_tetromino_T_1, v_rooms_4, layout_vaults_omnibox,
          uniq_mara
Vaults:3: ontoclasm_vaults_chip, ontoclasm_vaults_spin, hangedman_vaults_impose,
          nicolae_vaults_closet_pinwheel_1, nicolae_vaults_network_quincunx
          [nicolae_vaults_network_quincunx_subvault,
          nicolae_vaults_network_quincunx_subvault,
          nicolae_vaults_network_quincunx_subvault,
          nicolae_vaults_network_quincunx_subvault,
          nicolae_vaults_network_quincunx_subvault], v_misc_9,
          nicolae_vaults_wrenched, ontoclasm_vaults_fault, dpeg_vaults_waves,
          v_misc_14, hangedman_vaults_stretched_pinwheel,
          layout_vaults_maze_bifur, serial_shops, shop
Vaults:4: nicolae_vaults_double_plus_3, st_octagons_2,
          nicolae_vaults_tetromino_L_2, nicolae_vaults_sightless_eye, v_misc_15,
          nicolae_vaults_taking_the_gang_shopping, nicolae_vaults_six-pack,
          v_alt_pattern_1, nicolae_vaults_angled_halls, ontoclasm_vaults_chip,
          vaults_room_corners, nicolae_vaults_trapezoid_1,
          nicolae_vaults_trapezoid_lopsided_1, layout_vaults_omnigrid,
          serial_shops, shop_fountains
Vaults:5: serial_shops
Crypt:1:  layout_gridlike, small_chamber_with_monster
Crypt:2:  layout_gridlike, uniq_margery, uniq_boris, uniq_josephina
Crypt:3:  grunt_crypt_end_deaths_head
Tomb:1
Depths:1: layout_forbidden_donut, enter_ziggurat_c, hell_entry,
          minmay_misc_feat_five, abyss_entry, drop_trap,
          minmay_gold_behind_fungi, kennysheep_generic_room_12,
          grunt_megastairs_3
Depths:2: minmay_the_grid_four_pointed_star_mashed
          [minmay_the_grid_triangle_9x9_cache,
          minmay_the_grid_triangle_9x9_flanged_cone,
          minmay_the_grid_triangle_9x9_checkered,
          minmay_the_grid_triangle_9x9_corrupted_corridor,
          minmay_the_grid_prize_four_corners], layout_cave_pools,
          rand_demon_pan_entry_4, serial_shops, bzr_in_the_mist,
          nicolae_shop_rolling_square, xom_teletrap_fun,
          pf_hell_entry_tar_spiral, uniq_enchantress
Depths:3: cross_vault, layout_cave_shapes, abyss_entry, hangedman_ru_absence,
          hell_entry, fountainhead, serial_bayou_shore_b
Depths:4: grunt_zot_entry_tricorne, layout_basic,
          chequers_serial_rivers_micro_e, hell_entry, serial_shops,
          nicolae_shop_hallway_stairs, nicolae_shop_tiny_glass,
          nicolae_square_shop, nicolae_diamond_shop, shop,
          nicolae_abyss_entry_one_way_or_another, pan_entry
Hell
Dis:1:    hangedman_iron_city_apartments
Geh:1:    nicolae_geh_symmetric_flows, layout_gehenna_lava_caves
Coc:1:    layout_ice_bergs, nicolae_hells_seeping_fissure
Tar:1:    layout_grid_maze, nicolae_tar_cuneiform_to_be
Tar:2:    layout_cathedral_of_symmetry
Zot:1:    layout_cathedral_of_symmetry, lemuel_baited_zot_trap
Zot:2:    regret_index_all_hallows'_manor, layout_basic,
          regret_index_zotdec_bone_old
Zot:3:    layout_onion_interference, skrybe_zot_glass_2,
          regret_index_zotdec_twisting_globes, uniq_grunn
Zot:4:    gammafunk_sealed_library, layout_twisted_circle,
          regret_index_zotdec_tunneler
Zot:5:    layout_concentric_octagons

Notes
Turn   | Place    | Note
-------+----------+-------------------------------------------
     0 | D:1      | Skeral the Gargoyle Fire Elementalist began the quest for
                  | the Orb.
     0 | D:1      | Reached XP level 1. HP: 10/10 MP: 3/3
     0 | D:1      | magus.rc [v1.10.3]
   122 | D:1      | Reached XP level 2. HP: 15/15 MP: 0/5
   308 | D:1      | Learned a level 2 spell: Scorch
   477 | D:1      | Found a faded altar of an unknown god.
   531 | D:1      | Reached XP level 3. HP: 19/19 MP: 4/6
   557 | D:1      | Prayed at the altar of an unknown god.
   557 | D:1      | Became a worshipper of Xom of Unknown Intention
   581 | D:1      | You pick up a book of Blood and begin reading...
   581 | D:1      | You add the spells Call Imp and Summon Hydra to your
                  | library.
   785 | D:1      | XOM: divination: detect creatures
   875 | D:1      | XOM: silly message
  1088 | D:2      | Reached skill level 2 in Conjurations
  1105 | D:2      | Reached XP level 4. HP: 23/24 MP: 1/7
  1295 | D:2      | XOM: divination: magic mapping
  1417 | D:2      | Reached skill level 1 in Fighting
  1501 | D:2      | Found a radiant altar of Vehumet.
  1817 | D:3      | XOM: noise
  1896 | D:3      | Reached XP level 5. HP: 29/29 MP: 2/9
  1923 | D:3      | Found Lakeudo's General Store.
  1935 | D:3      | Bought a scroll of fear for 52 gold pieces
  1977 | D:3      | XOM: 1-stop teleportation journey
  1985 | D:3      | XOM: cast spell 'Summon Dragon'
  2075 | D:3      | Found a glowing drain.
  2088 | Sewer    | Entered a sewer
  2131 | Sewer    | Reached skill level 3 in Spellcasting
  2139 | Sewer    | Reached skill level 2 in Fighting
  2139 | Sewer    | Reached skill level 3 in Conjurations
  2142 | Sewer    | Reached skill level 4 in Fire Magic
  2465 | Sewer    | Reached XP level 6. HP: 35/35 MP: 6/10
  2484 | Sewer    | XOM: divination: detect creatures
  2485 | Sewer    | Reached skill level 3 in Fighting
  2488 | Sewer    | You pick up a book of Party Tricks and begin reading...
  2488 | Sewer    | You add the spells Apportation, Jinxbite and Alistair's
                  | Intoxication to your library.
  2624 | D:3      | XOM: scenery: create altars
  2807 | D:4      | XOM: enchant monster (bad)
  2982 | D:4      | Reached skill level 4 in Conjurations
  3473 | D:5      | Entered Level 5 of the Dungeon
  3479 | D:5      | Reached XP level 7. HP: 41/41 MP: 6/11
  3504 | D:5      | XOM: 1-stop teleportation journey
  3509 | D:5      | Found a blossoming altar of Fedhas.
  3526 | D:5      | XOM: summons friendly shadow imp
  3778 | D:5      | Learned a level 2 spell: Call Imp
  3782 | D:5      | Learned a level 3 spell: Volatile Blastmotes
  3906 | D:5      | You pick up a book of Burglary and begin reading...
  3906 | D:5      | You add the spells Ensorcelled Hibernation, Swiftness and
                  | Passwall to your library.
  3947 | D:5      | Reached skill level 5 in Fire Magic
  3967 | D:5      | Reached skill level 1 in Summonings
  3970 | D:5      | Reached skill level 4 in Fighting
  3970 | D:5      | Reached skill level 1 in Translocations
  4169 | D:5      | XOM: chaos upgrade
  4170 | D:5      | XOM: 4-stop teleportation journey
  4317 | D:5      | Reached XP level 8. HP: 41/48 MP: 1/12
  4473 | D:5      | Reached skill level 5 in Conjurations
  4520 | D:5      | XOM: cloud trail
  4585 | D:5      | XOM: enchant monster (bad)
  4591 | D:5      | Reached skill level 2 in Summonings
  4591 | D:5      | Reached skill level 2 in Translocations
  4722 | D:6      | XOM: summons 4 friendly demons
  4734 | D:6      | XOM: polymorph orc -> goblin
  4802 | D:6      | XOM: divination: detect creatures
  4803 | D:6      | Noticed a two-headed ogre
  4811 | D:6      | XOM: scenery: summon butterflies
  4840 | D:6      | Noticed Grinder
  4847 | D:5      | Killed Grinder
  4914 | D:6      | Reached skill level 3 in Summonings
  4914 | D:6      | Reached skill level 3 in Translocations
  4914 | D:6      | Reached skill level 6 in Fire Magic
  5049 | D:6      | XOM: 2-stop teleportation journey
  5070 | D:6      | XOM: butterfly on damage
  5081 | D:6      | XOM: enchant monster (good)
  5115 | D:6      | Reached skill level 4 in Summonings
  5115 | D:6      | Reached skill level 4 in Translocations
  5155 | D:6      | XOM: potion effect (haste)
  5166 | D:6      | Reached XP level 9. HP: 35/52 MP: 3/13
  5326 | D:6      | Found a glowing silver altar of Zin.
  5327 | D:6      | Found an iron altar of Okawaru.
  5633 | D:6      | XOM: 1-stop teleportation journey
  5658 | D:7      | Found Izxewk's Lightly-Used Armoury.
  5675 | D:7      | You pick up a book of Storms and begin reading...
  5675 | D:7      | You add the spells Static Discharge, Airstrike and Summon
                  | Lightning Spire to your library.
  5678 | D:7      | Identified the serpent talisman "Qikh" {rF+ rN+ Str+4
                  | Int+2}
  5791 | D:7      | Learned a level 1 spell: Apportation
  5794 | D:7      | XOM: cloud trail
  5802 | D:7      | Found a transporter.
  5803 | D:7      | Noticed a hornet
  5803 | D:7      | XOM: 6-stop teleportation journey
  5818 | D:7      | Killed a hornet
  5819 | D:7      | Reached skill level 5 in Fighting
  5912 | D:7      | XOM: enchant monster (bad)
  6008 | D:6      | XOM: summons 2 hostile shadow creatures
  6046 | D:7      | Reached skill level 5 in Translocations
  6051 | D:7      | Reached skill level 7 in Fire Magic
  6183 | D:7      | XOM: silly message
  6202 | D:7      | Found a transporter.
  6213 | D:7      | Noticed a troll
  6234 | D:7      | Reached skill level 6 in Fighting
  6349 | D:7      | Reached skill level 7 in Fighting
  6835 | D:7      | You add the spells Tukima's Dance, Passage of Golubria and
                  | Yara's Violent Unravelling to your library.
  6935 | D:3      | Bought a scroll of identify for 26 gold pieces
  6935 | D:3      | Bought a potion of enlightenment for 65 gold pieces
  7123 | D:6      | XOM: cast spell 'Olgreb's Toxic Radiance'
  7128 | D:6      | XOM: give mutations
  7128 | D:6      | Gained mutation: You have hidden genetic potential. [Xom's
                  | grace]
  7128 | D:6      | Gained mutation: You are partially covered in iridescent
                  | scales. (AC +2) [Xom's grace]
  7128 | D:6      | Gained mutation: You are mostly covered in iridescent
                  | scales. (AC +4) [Xom's grace]
  7265 | D:7      | XOM: repel stairs
  7275 | D:7      | Reached skill level 8 in Fighting
  7386 | D:8      | Found a staircase to the Lair.
  7395 | D:7      | XOM: noise
  7464 | D:7      | Reached XP level 10. HP: 44/65 MP: 5/14
  7467 | D:7      | Reached skill level 9 in Fighting
  7515 | D:7      | XOM: give mutations
  7515 | D:7      | Lost mutation: You have hidden genetic potential. [Xom's
                  | mischief]
  7515 | D:7      | Lost mutation: You are mostly covered in iridescent scales.
                  | (AC +4) [Xom's mischief]
  7515 | D:7      | Gained mutation: You are occasionally teleported next to
                  | monsters. [Xom's mischief]
  7613 | D:8      | Noticed Maggie
  7657 | D:7      | Reached skill level 10 in Fighting
  7745 | D:8      | XOM: repel stairs
  7754 | D:8      | XOM: summons 1 hostile shadow creature
  7759 | D:8      | XOM: 1-stop teleportation journey
  7790 | D:8      | XOM: give mutations
  7790 | D:8      | Gained mutation: You are frail. (-10% HP) [Xom's mischief]
  7790 | D:8      | Gained mutation: Your flesh is heat resistant. (rF+) [Xom's
                  | mischief]
  7790 | D:8      | Gained mutation: You sometimes lose your temper in combat.
                  | [Xom's mischief]
  7808 | D:8      | XOM: 1-stop teleportation journey
  7815 | D:8      | XOM: 1-stop teleportation journey
  7827 | D:8      | XOM: confuse monster(s)
  7885 | D:8      | Reached skill level 11 in Fighting
  7887 | D:8      | Killed an unseen horror
  7976 | D:7      | XOM: blink monster(s)
  8086 | D:8      | XOM: chaos upgrade
  8087 | D:8      | XOM: confuse monster(s)
  8099 | D:8      | Reached skill level 12 in Fighting
  8104 | D:8      | XOM: cleaving
  8120 | D:8      | Killed Maggie
  8224 | D:8      | XOM: summons 2 friendly demons
  8491 | D:8      | Noticed Prince Ribbit
  8497 | D:8      | XOM: cleaving
  8527 | D:8      | Killed Prince Ribbit
  8528 | D:8      | Reached skill level 13 in Fighting
  8528 | D:8      | Reached XP level 11. HP: 70/70 MP: 3/15
  8655 | D:8      | XOM: silly message
  8660 | D:8      | Noticed Erica
  8825 | D:7      | XOM: enchant monster (good)
  8833 | D:7      | XOM: enchant monster (bad)
  8847 | D:7      | XOM: scenery: create altars
  8984 | D:8      | Erica changed into Erica the hornet
  8984 | D:8      | Noticed Erica
  8984 | D:8      | XOM: polymorph Erica -> Erica the hornet
  8993 | D:7      | Killed Erica the hornet
  9392 | D:8      | Reached skill level 14 in Fighting
  9396 | D:8      | XOM: god gift: potion of curing
  9662 | D:9      | XOM: silly message
 10168 | D:9      | Noticed a two-headed ogre
 10169 | D:9      | XOM: cast spell 'Fugue of the Fallen'
 10170 | D:9      | XOM: snakes to sticks
 10186 | D:9      | Killed a two-headed ogre
 10249 | D:9      | XOM: god gift: 2 atropa-tipped darts
 10256 | D:10     | Entered Level 10 of the Dungeon
 10265 | D:10     | Reached skill level 1 in Evocations
 10274 | D:10     | Noticed a two-headed ogre
 10338 | D:9      | XOM: scenery: summon butterflies
 10455 | D:10     | Reached skill level 2 in Evocations
 10455 | D:10     | Noticed a soul eater
 10461 | D:10     | Noticed a sixfirhy
 10464 | D:10     | XOM: fog
 10472 | D:10     | Found a staircase to the Orcish Mines.
 10483 | D:10     | XOM: divination: magic mapping
 10565 | D:10     | Noticed Grum
 10689 | D:10     | XOM: scenery: 2 doors close
 10749 | D:10     | XOM: give mutations
 10749 | D:10     | Gained mutation: You are mostly covered in iridescent
                  | scales. (AC +4) [Xom's grace]
 10749 | D:10     | Gained mutation: You are agile. (Dex +4, Str/Int -1) [Xom's
                  | grace]
 10749 | D:10     | Gained mutation: You are very agile. (Dex +8, Str/Int -2)
                  | [Xom's grace]
 10749 | D:10     | Gained mutation: Your flesh is cold resistant. (rC+) [Xom's
                  | grace]
 10765 | D:10     | XOM: cleaving
 10782 | D:10     | XOM: confuse monster(s)
 10784 | D:10     | Killed a two-headed ogre
 10785 | D:10     | Reached skill level 4 in Spellcasting
 10785 | D:10     | Reached skill level 6 in Conjurations
 10792 | D:10     | XOM: summons 9 friendly demons
 10852 | D:10     | XOM: polymorph ice devil -> rust devil
 10857 | D:10     | XOM: enchant monster (bad)
 10888 | D:9      | XOM: polymorph wolf -> bat
 10992 | D:9      | magus.rc [v1.10.3]
 11071 | D:10     | XOM: 1-stop teleportation journey
 11113 | D:10     | Noticed a sixfirhy
 11131 | D:10     | Reached skill level 3 in Evocations
 11173 | D:10     | Killed Grum
 11345 | D:10     | Found an ornate altar of the Wu Jian Council.
 11468 | D:10     | XOM: give mutations
 11468 | D:10     | Lost mutation: You sometimes lose your temper in combat.
                  | [Xom's mischief]
 11468 | D:10     | Gained mutation: You are dopey. (Int -2) [Xom's mischief]
 11598 | D:10     | You pick up a book of Fire and begin reading...
 11598 | D:10     | You add the spells Plasma Beam and Starburst to your
                  | library.
 11716 | D:11     | Noticed Lodul
 11718 | D:11     | XOM: divination: detect creatures
 11724 | D:10     | Reached skill level 8 in Fire Magic
 11758 | Lair:1   | Entered Level 1 of the Lair of Beasts
 11764 | Lair:1   | Reached XP level 12. HP: 77/77 MP: 11/18
 11816 | Lair:1   | XOM: enchant monster (good)
 11824 | Lair:1   | XOM: enchant monster (good)
 11839 | Lair:1   | Reached skill level 1 in Air Magic
 11842 | Lair:1   | XOM: enchant monster (bad)
 11973 | Lair:1   | Reached skill level 5 in Spellcasting
 11973 | Lair:1   | Reached skill level 7 in Conjurations
 11979 | Lair:1   | XOM: give mutation
 11979 | Lair:1   | Lost mutation: You are frail. (-10% HP) [Xom's mischief]
 12082 | Lair:1   | XOM: potion effect (attraction)
 12095 | Lair:1   | Reached skill level 2 in Air Magic
 12288 | Lair:1   | Reached skill level 3 in Air Magic
 12314 | Lair:1   | Reached skill level 9 in Fire Magic
 12402 | Lair:1   | XOM: 2-stop teleportation journey
 12701 | Lair:1   | XOM: potion effect (brilliance)
 12702 | Lair:1   | XOM: noise
 12826 | Lair:1   | XOM: noise
 12863 | Lair:1   | XOM: swap monsters
 12899 | Lair:1   | Found a snail-covered altar of Cheibriados.
 13158 | Lair:2   | Learned a level 6 spell: Starburst
 13199 | Lair:2   | Found a staircase to the Shoals.
 13202 | Lair:2   | XOM: swap monsters
 13211 | Lair:2   | Reached skill level 4 in Air Magic
 13222 | Lair:2   | XOM: scenery: create altars
 13223 | Lair:2   | XOM: summons 12 friendly demons
 13241 | Lair:1   | XOM: cloud trail
 13457 | Lair:2   | Identified the +7 dagger "Ydua" {spect, rF+}
 13472 | Lair:2   | XOM: scenery: summon butterflies
 13479 | Lair:2   | XOM: fog
 13482 | Lair:2   | XOM: summons 2 friendly demons
 13488 | Lair:2   | XOM: fog
 13556 | Lair:2   | XOM: 3-stop teleportation journey
 13636 | Lair:2   | XOM: give mutations
 13636 | Lair:2   | Lost mutation: Your flesh is heat resistant. (rF+) [Xom's
                  | mischief]
 13636 | Lair:2   | Lost mutation: You are mostly covered in iridescent scales.
                  | (AC +4) [Xom's mischief]
 13636 | Lair:2   | Gained mutation: You have large cloven feet. [Xom's
                  | mischief]
 13721 | Lair:2   | You pick up a book of Spatial Translocations and begin
                  | reading...
 13721 | Lair:2   | You add the spells Blink, Momentum Strike and Lesser
                  | Beckoning to your library.
 13738 | Lair:2   | Learned a level 2 spell: Blink
 13758 | Lair:3   | Found a staircase to the Snake Pit.
 13800 | Lair:3   | Reached skill level 10 in Fire Magic
 13821 | Lair:3   | XOM: divination: detect items
 13832 | Lair:3   | XOM: divination: magic mapping
 13844 | Lair:3   | Reached skill level 5 in Air Magic
 13869 | Lair:3   | XOM: give mutations
 13869 | Lair:3   | Lost mutation: You are very agile. (Dex +8, Str/Int -2)
                  | [Xom's mischief]
 13869 | Lair:3   | Gained mutation: Armour fits poorly on your strangely
                  | shaped body. [Xom's mischief]
 13869 | Lair:3   | Lost mutation: You have large cloven feet. [Xom's mischief]
 14076 | Lair:3   | XOM: 2-stop teleportation journey
 14135 | Lair:3   | XOM: summons 1 hostile demon
 14137 | Lair:3   | XOM: 7-stop teleportation journey
 14147 | Lair:3   | XOM: polymorph hornet -> yaktaur
 14236 | Lair:3   | XOM: divination: detect items
 14280 | Lair:3   | XOM: summons 4 hostile demons
 14293 | Lair:3   | XOM: divine lightning
 14310 | Lair:3   | HP: 16/86 [yak (13)]
 14311 | Lair:3   | HP: 5/86 [rust devil[Xom] (12)]
 14578 | Lair:4   | Found a blossoming altar of Fedhas.
 14597 | Lair:4   | Reached XP level 13. HP: 86/91 MP: 5/20
 14741 | Lair:4   | XOM: give mutation
 14741 | Lair:4   | Gained mutation: You have hidden genetic potential. [Xom's
                  | grace]
 14821 | Lair:4   | Learned a level 3 spell: Swiftness
 14866 | Lair:4   | Reached skill level 6 in Air Magic
 15014 | Lair:4   | XOM: summons 4 friendly demons
 15017 | Lair:4   | XOM: enchant monster (good)
 15020 | Lair:4   | Reached skill level 11 in Fire Magic
 15039 | Lair:4   | You pick up a book of Vapours and begin reading...
 15039 | Lair:4   | You add the spells Mercury Vapours, Mephitic Cloud and
                  | Freezing Cloud to your library.
 15099 | Lair:4   | XOM: enchant monster (good)
 15103 | Lair:4   | XOM: summons 3 friendly demons
 15107 | Lair:4   | XOM: polymorph iron imp -> quasit
 15129 | Lair:4   | XOM: blink monster(s)
 15133 | Lair:4   | XOM: summons 5 friendly demons
 15135 | Lair:3   | XOM: blink monster(s)
 15142 | Lair:3   | XOM: enchant monster (good)
 15226 | Lair:4   | Reached skill level 8 in Conjurations
 15388 | Lair:4   | XOM: 1-stop teleportation journey
 15454 | Lair:4   | XOM: 2-stop teleportation journey
 15495 | Lair:4   | XOM: polymorph elephant -> glowing shapeshifter
 15528 | Lair:4   | XOM: enchant monster (good)
 15754 | Lair:4   | XOM: confusion (+ monsters)
 15769 | Lair:4   | HP: 22/91 [yak (6)]
 16214 | Lair:5   | Entered Level 5 of the Lair of Beasts
 16257 | Lair:5   | You pick up a book of Blasting and begin reading...
 16257 | Lair:5   | You add the spells Fulminant Prism and Iskenderun's Mystic
                  | Blast to your library.
 16272 | Lair:5   | You pick up a book of Death and begin reading...
 16272 | Lair:5   | You add the spells Animate Dead, Haunt and Infestation to
                  | your library.
 16283 | Lair:5   | XOM: scenery: create altars
 16292 | Lair:5   | Learned a level 4 spell: Iskenderun's Mystic Blast
 16322 | Lair:5   | Reached skill level 9 in Conjurations
 16330 | Lair:5   | XOM: 1-stop teleportation journey
 16365 | Lair:5   | XOM: cleaving
 16366 | Lair:5   | XOM: confusion
 16396 | Lair:5   | XOM: enchant monster (bad)
 16400 | Lair:5   | HP: 19/91 [death yak (14)]
 16401 | Lair:5   | HP: 4/91 [death yak (9)]
 16405 | Lair:5   | Found a staircase to the Slime Pits.
 16501 | Lair:5   | XOM: enchant monster (bad)
 16646 | Lair:5   | XOM: divination: magic mapping
 16647 | Lair:5   | XOM: potion effect (invisibility)
 16653 | Lair:5   | XOM: potion effect (brilliance)
 16659 | Lair:5   | XOM: silly message
 16697 | Lair:5   | Found a viscous altar of Jiyva.
 16754 | Lair:5   | Reached skill level 12 in Fire Magic
 16937 | Lair:5   | XOM: divination: magic mapping
 16946 | Lair:5   | XOM: cast spell 'Fugue of the Fallen'
 16983 | Lair:5   | XOM: confuse monster(s)
 17027 | Lair:5   | XOM: cloud trail
 17078 | Lair:5   | XOM: noise
 17114 | Lair:5   | XOM: enchant monster (good)
 17117 | Lair:5   | XOM: cast spell 'Olgreb's Toxic Radiance'
 17118 | Lair:5   | XOM: divination: magic mapping
 17135 | Lair:4   | HP: 19/91 [death yak (14)]
 17140 | Lair:4   | XOM: divination: detect items
 17156 | Lair:4   | XOM: silly message
 17181 | Lair:4   | XOM: silly message
 17192 | Lair:4   | XOM: potion effect (curing)
 17194 | Lair:4   | XOM: silly message
 17197 | Lair:4   | XOM: potion effect (invisibility)
 17198 | Lair:4   | XOM: potion effect (haste)
 17200 | Lair:4   | XOM: potion effect (haste)
 17419 | Lair:5   | XOM: silly message
 17472 | Lair:5   | XOM: silly message
 17479 | Lair:5   | You pick up a book of the Hunter and begin reading...
 17479 | Lair:5   | You add the spells Sigil of Binding, Call Canine Familiar
                  | and Dimensional Bullseye to your library.
 17497 | Lair:5   | XOM: chaos cloud
 17502 | Lair:5   | a five-headed hydra changed into a great orb of eyes
 17502 | Lair:5   | Noticed a great orb of eyes
 17502 | Lair:5   | XOM: polymorph five-headed hydra -> great orb of eyes
 17524 | Lair:5   | Killed a great orb of eyes
 17536 | Lair:5   | XOM: give mutation
 17536 | Lair:5   | Lost mutation: You are occasionally teleported next to
                  | monsters. [Xom's mischief]
 17546 | Lair:5   | XOM: confuse monster(s)
 17553 | Lair:5   | XOM: cast spell 'Cause Fear'
 17568 | Lair:5   | XOM: divination: detect creatures
 17585 | Lair:5   | XOM: potion effect (attraction)
 17603 | Lair:5   | Reached skill level 10 in Conjurations
 17608 | Lair:5   | XOM: enchant monster (bad)
 17634 | Lair:5   | XOM: 3-stop teleportation journey
 17655 | Lair:5   | XOM: summons 4 friendly demons
 17663 | Lair:5   | XOM: divination: magic mapping
 17858 | Lair:5   | XOM: destruction
 17862 | Lair:5   | XOM: god gift: scroll of fear
 17864 | Lair:5   | XOM: confuse monster(s)
 17938 | Lair:5   | XOM: summons friendly quasit
 17939 | Lair:5   | XOM: summons 3 friendly demons
 17969 | Lair:5   | XOM: summons friendly shadow imp
 18057 | Lair:5   | XOM: scenery: summon butterflies
 18063 | Lair:5   | XOM: cast spell 'Monstrous Menagerie'
 18080 | Lair:5   | Gained mutation: Your large and strong wings let you fly.
                  | [Gargoyle growth]
 18080 | Lair:5   | Reached XP level 14. HP: 69/96 MP: 6/22
 18097 | Lair:5   | Gained mutation: You have an increased reservoir of magic.
                  | (+10% MP) [hidden potential]
 18104 | Lair:5   | XOM: silly message
 18223 | Lair:5   | XOM: summons friendly ufetubus
 18225 | Lair:5   | XOM: swap monsters
 18229 | Lair:5   | Reached skill level 6 in Spellcasting
 18256 | Lair:5   | XOM: summons 7 friendly demons
 18265 | Lair:5   | XOM: scenery: create altars
 18267 | Lair:5   | XOM: cast spell 'Summon Cactus Giant'
 18272 | Lair:5   | XOM: confuse monster(s)
 18305 | Lair:5   | XOM: scenery: summon butterflies
 18513 | Lair:5   | XOM: summons 8 hostile demons
 18517 | Lair:5   | XOM: silly message
 18526 | Lair:5   | XOM: confusion
 18527 | Lair:5   | HP: 20/96 [death yak (15)]
 18529 | Lair:5   | Reached skill level 13 in Fire Magic
 18530 | Lair:5   | HP: 1/96 [catoblepas (18)]
 18541 | Lair:5   | XOM: summons 14 friendly demons
 18734 | Lair:5   | XOM: silly message
 18875 | Orc:1    | Entered Level 1 of the Orcish Mines
 19012 | Orc:1    | Reached skill level 11 in Conjurations
 19099 | Orc:1    | XOM: 1-stop teleportation journey
 19101 | Orc:1    | XOM: summons 1 hostile shadow creature
 19208 | Orc:1    | Found a runed translucent door.
 19212 | Orc:1    | Noticed Keeluq's ghost (journeyman GrEE)
 19233 | Orc:1    | XOM: polymorph orc wizard -> rime drake
 19545 | Orc:2    | Entered Level 2 of the Orcish Mines
 19549 | Orc:2    | XOM: give mutations
 19549 | Orc:2    | Gained mutation: You have great hidden genetic potential.
                  | [Xom's mischief]
 19549 | Orc:2    | Lost mutation: Your flesh is cold resistant. (rC+) [Xom's
                  | mischief]
 19549 | Orc:2    | Gained mutation: You are vulnerable to cold. (rC-) [Xom's
                  | mischief]
 19549 | Orc:2    | Lost mutation: You have an increased reservoir of magic.
                  | (+10% MP) [Xom's mischief]
 19639 | Orc:2    | XOM: god gift: 36 gold pieces
 19744 | Orc:2    | XOM: enchant monster (good)
 19757 | Orc:2    | Found Lyops's Assorted Antiques.
 19777 | Orc:2    | XOM: noise
 19980 | Orc:2    | Noticed an orc warlord
 19982 | Orc:2    | XOM: summons friendly shadow imp
 19986 | Orc:2    | XOM: chaos upgrade
 20065 | Orc:1    | Upgraded the game from 0.31.0-9-g3a7656b989 to
                  | 0.31.0-10-gcf4a605ca0
 20065 | Orc:1    | magus.rc [v1.10.3]
 20072 | Orc:2    | Reached skill level 7 in Spellcasting
 20128 | Orc:2    | Found Zeahuloj's Magic Scroll Shoppe.
 20134 | Orc:2    | Bought a scroll of teleportation for 54 gold pieces
 20134 | Orc:2    | Bought a scroll of identify for 36 gold pieces
 20134 | Orc:2    | Bought a scroll of blinking for 135 gold pieces
 20198 | Orc:2    | Bought a scroll of identify for 36 gold pieces
 20198 | Orc:2    | Bought a scroll of identify for 36 gold pieces
 20242 | Orc:2    | Found a staircase to the Elven Halls.
 20279 | Orc:2    | XOM: butterfly on damage
 20314 | Orc:1    | XOM: god gift: 21 gold pieces
 20383 | Orc:2    | XOM: 1-stop teleportation journey
 20486 | Orc:1    | XOM: cloud trail
 20533 | Orc:2    | XOM: scenery: summon butterflies
 20687 | Orc:2    | XOM: scenery: 1 doors close
 21128 | Orc:2    | Found Petockena's Antique Armour Boutique.
 21132 | Orc:2    | Found Galur's Antique Weapon Shop.
 21138 | Orc:2    | Bought a pair of embroidered boots for 157 gold pieces
 21337 | D:10     | XOM: scenery: summon butterflies
 21343 | D:10     | XOM: summons 3 hostile shadow creatures
 21383 | D:10     | XOM: god gift: robe {god gift}
 21573 | D:11     | XOM: enchant monster (good)
 21606 | D:11     | Lodul changed into something unseen
 21606 | D:11     | XOM: polymorph Lodul -> something unseen
 21812 | D:11     | Killed Lodul the unseen horror
 21824 | D:11     | XOM: divination: magic mapping
 21831 | D:11     | XOM: polymorph yak -> centaur
 21899 | D:11     | You pick up a book of Sloth and begin reading...
 21899 | D:11     | You add the spells Frozen Ramparts, Leda's Liquefaction,
                  | Petrify and Metabolic Englaciation to your library.
 21902 | D:11     | XOM: 3-stop teleportation journey
 22114 | D:11     | XOM: give mutations
 22114 | D:11     | Gained mutation: You possess an exceptional clarity of
                  | mind. [Xom's mischief]
 22114 | D:11     | Gained mutation: Your magical capacity is low. (-10% MP)
                  | [Xom's mischief]
 22114 | D:11     | Gained mutation: You are mostly covered in iridescent
                  | scales. (AC +4) [Xom's mischief]
 22114 | D:11     | Lost mutation: You are vulnerable to cold. (rC-) [Xom's
                  | mischief]
 22496 | D:11     | XOM: summons 4 hostile shadow creatures
 22497 | D:11     | XOM: potion effect (brilliance)
 22504 | D:11     | XOM: cast spell 'Dispersal'
 22552 | D:11     | magus.rc [v1.10.3]
 22672 | D:11     | XOM: scenery: summon butterflies
 22735 | D:11     | XOM: summons friendly iron imp
 22758 | D:11     | Reached skill level 8 in Spellcasting
 22826 | D:11     | Reached skill level 12 in Conjurations
 22933 | D:11     | Reached skill level 14 in Fire Magic
 22955 | D:11     | XOM: summons friendly white imp
 22962 | D:11     | XOM: silly message
 22978 | D:11     | XOM: divination: detect items
 23117 | D:11     | Upgraded the game from 0.31.0-10-gcf4a605ca0 to
                  | 0.31.0-11-ge490571c62
 23117 | D:11     | magus.rc [v1.10.3]
 23168 | D:11     | XOM: enchant monster (bad)
 23170 | D:11     | HP: 24/96 [minotaur/silver javelin (11)]
 23263 | D:12     | XOM: potion effect (haste)
 23346 | D:12     | XOM: smoke on damage
 23669 | D:12     | You are sucked into a shaft and drop 1 floor!
 23670 | D:13     | Found a gate to the Vaults.
 23674 | D:13     | XOM: cast spell 'Alistair's Intoxication'
 23682 | D:13     | XOM: silly message
 23687 | D:13     | XOM: cast spell 'Summon Ice Beast'
 23706 | D:12     | Reached XP level 15. HP: 101/101 MP: 4/24
 23713 | D:12     | Learned a level 6 spell: Plasma Beam
 23766 | D:12     | You pick up a book of Sloth and begin reading...
 23766 | D:12     | Gained mutation: You have a pair of small horns on your
                  | head. [hidden potential]
 23766 | D:12     | Lost mutation: You have great hidden genetic potential.
                  | [hidden potential expressed]
 23780 | D:13     | Found a gate leading to a gauntlet.
 23803 | Gauntlet | Entered a Gauntlet
 23803 | Gauntlet | Found a transporter.
 23803 | Gauntlet | Found a transporter.
 23804 | Gauntlet | Found a transporter.
 23817 | Gauntlet | Found a transporter.
 23817 | Gauntlet | Found a transporter.
 23825 | Gauntlet | Found a transporter.
 23828 | Gauntlet | Found a transporter.
 23836 | Gauntlet | Found a transporter.
 23854 | Gauntlet | Found a transporter.
 23859 | Gauntlet | Found a transporter.
 23862 | Gauntlet | Found a transporter.
 23923 | Gauntlet | Found a transporter.
 24000 | Gauntlet | XOM: silly message
 24144 | Gauntlet | Identified the +3 hat "Liwom" {rC+ Str+5}
 24147 | Gauntlet | XOM: silly message
 24253 | Gauntlet | XOM: cast spell 'Fugue of the Fallen'
 24268 | Gauntlet | Identified the ring "Kawnant" {rF+ Slay+3 SInv}
 24316 | Gauntlet | Reached skill level 15 in Fire Magic
 24394 | Gauntlet | Identified the +0 plate armour "Masirphai" {+Inv Will+
                  | Dex+2}
 24394 | Gauntlet | Identified the staff "Azxith" {rC+ rN+ Will- Summ Necro}
 24422 | D:13     | XOM: divination: detect creatures
 24607 | D:12     | Reached skill level 7 in Air Magic
 25077 | D:13     | XOM: divination: detect creatures
 25345 | D:13     | XOM: potion effect (might)
 25442 | D:13     | Found a hide-covered altar of Uskayaw.
 25626 | D:13     | XOM: potion effect (heal wounds)
 25627 | D:13     | XOM: smoke on damage
 25735 | D:14     | XOM: potion effect (invisibility)
 25745 | D:14     | Found Vam Guf's Antique Weapon Shoppe.
 25884 | D:14     | Reached skill level 8 in Air Magic
 26364 | D:14     | XOM: silly message
 26395 | D:15     | Entered Level 15 of the Dungeon
 26591 | D:15     | XOM: silly message
 26662 | D:15     | XOM: god gift: scroll of amnesia
 26681 | D:15     | Reached skill level 16 in Fire Magic
 26697 | D:15     | You pick up a book of Minor Magic and begin reading...
 26761 | D:15     | XOM: silly message
 26763 | D:15     | XOM: divination: magic mapping
 26808 | D:15     | XOM: destruction
 26924 | D:15     | XOM: fog
 27028 | D:15     | XOM: god gift: 49 gold pieces
 27066 | D:15     | Reached skill level 13 in Conjurations
 27094 | D:15     | XOM: give mutations
 27094 | D:15     | Gained mutation: You are completely covered in iridescent
                  | scales. (AC +6) [Xom's grace]
 27094 | D:15     | Gained mutation: You passively map a small area around you.
                  | [Xom's grace]
 27201 | D:15     | Reached skill level 9 in Air Magic
 27236 | D:15     | Reached XP level 16. HP: 107/107 MP: 25/25
 27242 | D:15     | You pick up a book of Displacement and begin reading...
 27242 | D:15     | You add the spells Gell's Gravitas and Teleport Other to
                  | your library.
 27350 | D:15     | Found a staircase to the Depths.
 27526 | D:15     | Lost mutation: You are dopey. (Int -2) [hidden potential]
 27698 | Snake:1  | Entered Level 1 of the Snake Pit
 27712 | Snake:1  | XOM: give mutation
 27712 | Snake:1  | Gained mutation: You expend magic power (3 MP) to
                  | strengthen your wands. [Xom's grace]
 28084 | Snake:1  | Found Seluoq's Assorted Antiques.
 28316 | Snake:1  | XOM: noise
 28492 | Snake:2  | Identified the +1 kite shield of Privacy {Harm Fly rF++
                  | Str-3}
 28492 | Snake:2  | Noticed Donald
 28627 | Snake:1  | Bought a potion of curing for 96 gold pieces
 28643 | Snake:2  | XOM: cloud trail
 28699 | Snake:2  | You pick up a book of Power and begin reading...
 28699 | Snake:2  | You add the spells Iskenderun's Battlesphere, Bombard and
                  | Spellforged Servitor to your library.
 28720 | Snake:2  | XOM: scenery: summon butterflies
 28726 | Snake:2  | XOM: potion effect (haste)
 28775 | Snake:1  | XOM: summons 3 hostile shadow creatures
 28893 | Shoals:1 | Entered Level 1 of the Shoals
 28925 | Shoals:1 | Reached skill level 10 in Air Magic
 28951 | Shoals:1 | XOM: noise
 29074 | Shoals:1 | Noticed Louise
 29106 | Lair:2   | magus.rc [v1.10.3]
 29115 | Lair:2   | Killed Louise
 29240 | Shoals:1 | XOM: swap monsters
 29249 | Shoals:1 | Reached skill level 5 in Summonings
 29390 | Shoals:1 | XOM: swap monsters
 29449 | Shoals:2 | Found Ditun's CLEARANCE SALE!.
 29459 | Shoals:1 | XOM: enchant monster (bad)
 29463 | Shoals:1 | XOM: enchant monster (good)
 29628 | Shoals:2 | HP: 26/107 [barbs]
 29701 | Shoals:2 | Reached skill level 6 in Summonings
 29763 | Shoals:1 | magus.rc [v1.10.3]
 29773 | Shoals:2 | Bought a scroll of fear for 16 gold pieces
 29854 | Shoals:2 | Reached skill level 2 in Dodging
 29879 | Shoals:2 | You pick up a book of Dreams and begin reading...
 29879 | Shoals:2 | You add the spells Fugue of the Fallen and Anguish to your
                  | library.
 29885 | Shoals:2 | XOM: summons friendly iron imp
 29898 | Shoals:2 | HP: 24/107 [merfolk javelineer/silver javelin (7)]
 29996 | Shoals:2 | XOM: silly message
 30000 | Shoals:2 | XOM: 1-stop teleportation journey
 30088 | Shoals:2 | Reached skill level 11 in Air Magic
 30093 | Shoals:2 | Found Raum's Distillery.
 30106 | Shoals:2 | Bought a potion of ambrosia for 104 gold pieces
 30106 | Shoals:2 | Bought a potion of heal wounds for 65 gold pieces
 30106 | Shoals:2 | Bought 2 potions of brilliance for 104 gold pieces
 30106 | Shoals:2 | Bought a potion of brilliance for 52 gold pieces
 30277 | Shoals:2 | XOM: noise
 30288 | Shoals:2 | Found Faeck's Weapon Emporium.
 30289 | Shoals:2 | Found Dyxas's Armour Emporium.
 30418 | Shoals:2 | XOM: give mutations
 30418 | Shoals:2 | Gained mutation: Your flesh is heat resistant. (rF+) [Xom's
                  | grace]
 30418 | Shoals:2 | Gained mutation: Your muscles are strong. (Str +4, Int/Dex
                  | -1) [Xom's grace]
 30418 | Shoals:2 | Gained mutation: You are very agile. (Dex +8, Str/Int -2)
                  | [Xom's grace]
 30418 | Shoals:2 | Gained mutation: You are robust. (+10% HP) [Xom's grace]
 30432 | Shoals:3 | Noticed Bai Suzhen
 30442 | Shoals:3 | XOM: 1-stop teleportation journey
 30450 | Shoals:3 | XOM: give mutations
 30450 | Shoals:3 | Lost mutation: You are very agile. (Dex +8, Str/Int -2)
                  | [Xom's mischief]
 30450 | Shoals:3 | Lost mutation: You are completely covered in iridescent
                  | scales. (AC +6) [Xom's mischief]
 30450 | Shoals:3 | Lost mutation: You are agile. (Dex +4, Str/Int -1) [Xom's
                  | mischief]
 30453 | Shoals:3 | XOM: chaos cloud
 30459 | Shoals:3 | XOM: give mutation
 30459 | Shoals:3 | Lost mutation: You have a pair of small horns on your head.
                  | [Xom's mischief]
 30461 | Shoals:3 | XOM: swap monsters
 30466 | Shoals:3 | Reached skill level 3 in Dodging
 30501 | Shoals:3 | XOM: silly message
 30514 | Shoals:3 | XOM: 1-stop teleportation journey
 30664 | Shoals:4 | Entered Level 4 of the Shoals
 30671 | Shoals:4 | Reached skill level 7 in Summonings
 30849 | Shoals:3 | Reached XP level 17. HP: 92/123 MP: 1/26
 30913 | Shoals:2 | Gained mutation: Your muscles are very strong. (Str +8,
                  | Int/Dex -2) [hidden potential]
 30913 | Shoals:2 | Lost mutation: You have hidden genetic potential. [hidden
                  | potential expressed]
 30982 | Shoals:3 | XOM: draining
 31014 | Shoals:3 | XOM: summons 9 hostile demons
 31033 | Shoals:3 | XOM: 1-stop teleportation journey
 31106 | Shoals:3 | Reached skill level 4 in Dodging
 31266 | Shoals:3 | XOM: noise
 31270 | Shoals:3 | XOM: summons 1 hostile demon
 31284 | Shoals:3 | XOM: smoke on damage
 31407 | Shoals:4 | HP: 23/123 [satyr/arrow (26)]
 31624 | Snake:2  | XOM: divination: detect items
 31699 | Snake:2  | Reached skill level 9 in Spellcasting
 31784 | Snake:2  | XOM: scenery: summon butterflies
 31921 | Snake:2  | XOM: cast spell 'Summon Hydra'
 32080 | Snake:3  | XOM: polymorph black mamba -> spriggan
 32128 | Snake:3  | Reached skill level 1 in Shields
 32220 | Snake:3  | Found Raloat's Vocational Training.
 32272 | Snake:3  | XOM: give mutations
 32272 | Snake:3  | Gained mutation: Your flesh is very heat resistant. (rF++)
                  | [Xom's grace]
 32272 | Snake:3  | Gained mutation: You are completely covered in iridescent
                  | scales. (AC +6) [Xom's grace]
 32272 | Snake:3  | Gained mutation: Your natural rate of healing is unusually
                  | fast. [Xom's grace]
 32363 | Snake:2  | Killed Donald
 32434 | Snake:3  | XOM: give mutations
 32434 | Snake:3  | Gained mutation: Your spells are a little harder to cast,
                  | but a little more powerful. [Xom's grace]
 32434 | Snake:3  | Gained mutation: You heal very quickly. [Xom's grace]
 32434 | Snake:3  | Gained mutation: Your mind is acute. (Int +4, Str/Dex -1)
                  | [Xom's grace]
 32441 | Snake:3  | XOM: cleaving
 32457 | Snake:3  | Found Liasieri's Antique Armour Boutique.
 32467 | Snake:3  | Reached skill level 2 in Shields
 32513 | Snake:3  | XOM: give mutations
 32513 | Snake:3  | Gained mutation: You are agile. (Dex +4, Str/Int -1) [Xom's
                  | grace]
 32513 | Snake:3  | Gained mutation: You have sharp fingernails. [Xom's grace]
 32513 | Snake:3  | Gained mutation: You have hidden genetic potential. [Xom's
                  | grace]
 32531 | Snake:3  | Bought a pair of distressingly furry boots for 389 gold
                  | pieces
 32531 | Snake:3  | Identified the +2 pair of boots of Understanding {-Tele
                  | rPois rCorr Str+4} (You bought it in a shop on level 3 of
                  | the Snake Pit)
 32570 | Snake:3  | Found a runed translucent door.
 32570 | Snake:3  | Noticed FoolsGold's ghost (adept MiBe)
 32584 | Snake:3  | Found Poang's Jewellery Shop.
 32733 | Snake:3  | XOM: confuse monster(s)
 32749 | Snake:3  | XOM: confuse monster(s)
 32753 | Snake:3  | Reached skill level 8 in Summonings
 32905 | Snake:3  | XOM: divination: detect items
 32919 | Snake:3  | XOM: silly message
 33344 | Snake:4  | Entered Level 4 of the Snake Pit
 33420 | Snake:4  | Reached skill level 3 in Shields
 33507 | Snake:4  | Reached skill level 5 in Dodging
 33846 | Snake:4  | Noticed Vashnia
 33846 | Snake:4  | XOM: enchant monster (bad)
 33930 | Snake:4  | XOM: scenery: summon butterflies
 34049 | Snake:4  | XOM: divination: detect items
 34052 | Snake:4  | XOM: scenery: summon butterflies
 34056 | Snake:4  | Reached skill level 4 in Shields
 34063 | Snake:4  | Killed Vashnia
 34067 | Snake:4  | Reached skill level 12 in Air Magic
 34072 | Snake:4  | XOM: smoke on damage
 34118 | Snake:4  | XOM: swap monsters
 34194 | Snake:4  | Identified the serpent talisman of Beogh's Castigation
                  | {rElec rC+ Int+3}
 34194 | Snake:4  | Noticed Aizul
 34209 | Snake:4  | Killed Aizul
 34272 | Snake:4  | XOM: scenery: summon butterflies
 34277 | Snake:4  | Reached skill level 10 in Spellcasting
 34322 | Snake:4  | Reached skill level 5 in Shields
 34332 | Snake:4  | XOM: 2-stop teleportation journey
 34411 | Snake:4  | Noticed Roxanne
 34427 | Snake:4  | XOM: smoke on damage
 34429 | Snake:4  | XOM: fog
 34612 | Snake:4  | Learned a level 7 spell: Spellforged Servitor
 34683 | Snake:4  | XOM: 1-stop teleportation journey
 34688 | Snake:4  | XOM: swap monsters
 34694 | Snake:4  | Reached XP level 18. HP: 122/128 MP: 8/28
 34721 | Snake:4  | XOM: enchant monster (bad)
 34723 | Snake:4  | Reached skill level 6 in Shields
 34781 | Snake:4  | XOM: polymorph naga mage -> iguana
 34873 | Snake:4  | Reached skill level 7 in Shields
 34963 | Snake:4  | Gained mutation: Your mind is very acute. (Int +8, Str/Dex
                  | -2) [hidden potential]
 34964 | Snake:4  | XOM: give mutations
 34964 | Snake:4  | Lost mutation: Your flesh is very heat resistant. (rF++)
                  | [Xom's mischief]
 34964 | Snake:4  | Lost mutation: You passively map a small area around you.
                  | [Xom's mischief]
 35040 | Snake:4  | Got a serpentine rune of Zot
 35115 | Snake:4  | XOM: polymorph salamander -> salamander
 35116 | Snake:4  | XOM: summons friendly iron imp
 35117 | Snake:4  | XOM: summons friendly crimson imp
 35149 | Snake:4  | Reached skill level 14 in Conjurations
 35176 | Snake:4  | Reached skill level 8 in Shields
 35314 | Snake:4  | XOM: potion effect (attraction)
 35603 | Snake:3  | XOM: cleaving
 35619 | Snake:3  | XOM: fog
 35619 | Snake:3  | XOM: smoke on damage
 35835 | Lair:3   | magus.rc [v1.10.3]
 35842 | Lair:3   | XOM: give mutation
 35842 | Lair:3   | Gained mutation: You have sharp toenails. [Xom's grace]
 36087 | Depths:1 | Entered Level 1 of the Depths
 36096 | Depths:1 | Noticed a dread lich
 36113 | D:15     | XOM: god gift: book of Spatial Translocations
 36114 | D:15     | You pick up a book of Spatial Translocations and begin
                  | reading...
 36198 | Vaults:1 | Entered Level 1 of the Vaults
 36202 | Vaults:1 | XOM: enchant monster (good)
 36203 | Vaults:1 | XOM: divination: detect creatures
 36206 | Vaults:1 | XOM: silly message
 36208 | Vaults:1 | XOM: potion effect (attraction)
 36250 | D:13     | magus.rc [v1.10.3]
 36254 | Vaults:1 | XOM: potion effect (might)
 36258 | D:13     | Reached skill level 9 in Shields
 36276 | D:13     | XOM: divination: detect creatures
 36388 | Vaults:1 | XOM: potion effect (invisibility)
 36402 | Vaults:1 | XOM: potion effect (invisibility)
 36484 | Vaults:1 | Identified the +6 hand axe of Defence {freeze, rElec rPois}
 36545 | Vaults:1 | XOM: potion effect (haste)
 36553 | Vaults:1 | Reached skill level 15 in Conjurations
 36553 | Vaults:1 | Reached XP level 19. HP: 134/134 MP: 13/29
 36573 | Vaults:1 | XOM: silly message
 36602 | Vaults:1 | Reached skill level 10 in Shields
 36630 | Vaults:1 | XOM: silly message
 36716 | Vaults:1 | XOM: divination: magic mapping
 36738 | Vaults:1 | XOM: silly message
 36747 | Vaults:1 | XOM: silly message
 36840 | Vaults:1 | XOM: potion effect (brilliance)
 36855 | Vaults:1 | Noticed Norris
 36866 | Vaults:1 | Killed Norris
 36867 | Vaults:1 | Reached skill level 17 in Fire Magic
 36867 | Vaults:1 | Reached skill level 13 in Air Magic
 36906 | Vaults:1 | XOM: potion effect (magic)
 36909 | Vaults:1 | Reached skill level 11 in Shields
 36923 | Vaults:1 | Noticed Nikola
 36935 | Vaults:1 | Killed Nikola
 37211 | Vaults:1 | Found a transporter.
 37219 | Vaults:1 | Noticed a tentacled monstrosity
 37222 | Vaults:1 | Found a transporter.
 37223 | Vaults:1 | XOM: silly message
 37273 | Vaults:1 | XOM: silly message
 37288 | Vaults:1 | Gained mutation: You are very robust. (+20% HP) [hidden
                  | potential]
 37288 | Vaults:1 | Lost mutation: You have hidden genetic potential. [hidden
                  | potential expressed]
 37485 | Vaults:1 | XOM: enchant monster (good)
 37614 | Vaults:1 | XOM: cloud trail
 37630 | Vaults:1 | Reached skill level 12 in Shields
 37850 | Vaults:2 | Reached skill level 1 in Armour
 37880 | Vaults:2 | Reached skill level 2 in Armour
 37926 | Vaults:2 | XOM: silly message
 37956 | Vaults:2 | XOM: noise
 37966 | Vaults:2 | Reached skill level 3 in Armour
 38219 | Vaults:2 | XOM: divination: detect items
 38249 | Vaults:2 | Found a staircase to the Crypt.
 38389 | Vaults:2 | Reached skill level 4 in Armour
 38499 | Vaults:1 | XOM: silly message
 38714 | D:6      | Fell from the grace of Xom
 38714 | D:6      | Became a worshipper of Zin the Law-Giver
 38714 | D:6      | Reached * piety under Zin
 38714 | D:6      | Reached ** piety under Zin
 38845 | D:6      | Found a staircase to the Ecumenical Temple.
 38851 | Temple   | Entered the Ecumenical Temple
 39099 | Crypt:1  | Entered Level 1 of the Crypt
 39109 | Crypt:1  | Reached skill level 15 in Fighting
 39210 | Crypt:1  | Reached *** piety under Zin
 39350 | Crypt:1  | Identified the staff of Wafequir {Fly rPois rN+ Fire Earth}
 39616 | Crypt:1  | Reached **** piety under Zin
 39778 | Crypt:2  | Reached skill level 1 in Staves
 39899 | Crypt:2  | Reached ***** piety under Zin
 39942 | Crypt:2  | Reached skill level 2 in Staves
 39942 | Crypt:2  | Reached XP level 20. HP: 148/153 MP: 9/30
 40082 | Crypt:1  | Paralysed by a vampire knight for 2 turns
 40087 | Crypt:1  | Paralysed by a vampire knight for 2 turns
 40096 | Crypt:1  | Paralysed by a vampire knight for 2 turns
 40101 | Crypt:1  | Paralysed by a vampire knight for 3 turns
 40393 | D:13     | XOM: summons 14 hostile demons
 40525 | Snake:1  | XOM: give mutation
 40560 | Snake:3  | Bought a manual of Invocations for 1360 gold pieces
 40773 | Shoals:4 | Reached skill level 1 in Invocations
 40792 | Shoals:3 | XOM: noise
 40911 | Shoals:4 | Reached skill level 3 in Staves
 40958 | Shoals:4 | Reached skill level 2 in Invocations
 41082 | Shoals:4 | Reached skill level 3 in Invocations
 41170 | Shoals:4 | XOM: noise
 41257 | Shoals:4 | Reached skill level 4 in Invocations
 41266 | Shoals:4 | magus.rc [v1.10.3]
 41388 | Shoals:4 | Reached skill level 4 in Staves
 41647 | Shoals:4 | Reached skill level 5 in Invocations
 41701 | Shoals:4 | Got a barnacled rune of Zot
 42169 | Crypt:1  | magus.rc [v1.10.3]
 42275 | Crypt:2  | Identified the ring "Qagiafo" {Ice SInv}
 42275 | Crypt:2  | Noticed Josephina
 42279 | Crypt:2  | Reached skill level 6 in Invocations
 42296 | Crypt:2  | Killed Josephina
 42297 | Crypt:2  | Reached skill level 16 in Fighting
 42444 | Crypt:2  | Reached skill level 5 in Staves
 42444 | Crypt:2  | Reached skill level 18 in Fire Magic
 42458 | Crypt:2  | XOM: cloud trail
 42626 | Crypt:2  | Reached skill level 14 in Air Magic
 42664 | Crypt:2  | Reached skill level 7 in Invocations
 42829 | Crypt:2  | Noticed Boris
 42834 | Crypt:2  | Killed Boris
 42975 | Crypt:3  | Entered Level 3 of the Crypt
 42981 | Crypt:3  | Reached ****** piety under Zin
 43123 | Crypt:3  | Reached skill level 8 in Invocations
 43261 | Crypt:3  | Reached skill level 6 in Staves
 43489 | Crypt:3  | Found a basalt altar of Yredelemnul.
 43493 | Crypt:3  | Reached skill level 9 in Invocations
 43526 | Crypt:3  | Reached XP level 21. HP: 155/163 MP: 4/31
 43591 | Crypt:3  | Paralysed by a vampire knight for 5 turns
 43741 | Crypt:3  | Reached skill level 10 in Invocations
 43946 | Crypt:3  | Reached skill level 11 in Invocations
 43968 | Crypt:3  | Noticed a profane servitor
 43991 | Crypt:3  | Killed a profane servitor
 44079 | Crypt:3  | Reached skill level 12 in Invocations
 44130 | Crypt:3  | Identified the ring of Laliasm {rCorr Str+2 Dex+5}
 44181 | Crypt:3  | Noticed a curse skull
 44217 | Crypt:3  | XOM: enchant monster (bad)
 44243 | Crypt:3  | XOM: draining
 44257 | Crypt:3  | XOM: noise
 44714 | Crypt:3  | Found a staircase to the Tomb.
 44732 | Crypt:3  | Identified the staff "Qeckiun" {+Blink rN+ Necro}
 44740 | Crypt:3  | You add the spells Brom's Barrelling Boulder and Lee's
                  | Rapid Deconstruction to your library.
 44740 | Crypt:3  | Got the Omnibus of Metallic Exhalation
 44763 | Tomb:1   | Entered Level 1 of the Tomb of the Ancients
 44764 | Tomb:1   | XOM: summons 3 hostile shadow creatures
 44917 | Crypt:3  | XOM: summons 9 hostile demons
 45150 | Vaults:3 | Reached skill level 1 in Earth Magic
 45299 | Vaults:3 | Reached skill level 9 in Summonings
 45355 | Vaults:3 | XOM: 1-stop teleportation journey
 45368 | Vaults:3 | XOM: 3-stop teleportation journey
 45377 | Vaults:3 | Reached skill level 2 in Earth Magic
 45378 | Vaults:3 | Reached skill level 13 in Invocations
 45488 | Vaults:3 | Reached skill level 3 in Earth Magic
 45795 | Vaults:3 | Identified the +7 long sword "Undertaker" {heavy, rElec rN+
                  | Int-5 Dex+7}
 45934 | Vaults:3 | XOM: summons 4 hostile shadow creatures
 45938 | Vaults:3 | Found Baolodell's Antique Armour Shop.
 46085 | Vaults:3 | Reached skill level 4 in Earth Magic
 46302 | Vaults:3 | You pick up a book of Debilitation and begin reading...
 46302 | Vaults:3 | You add the spells Slow, Vampiric Draining and Confusing
                  | Touch to your library.
 46574 | Vaults:2 | Noticed Mara
 46664 | Vaults:2 | XOM: stat loss: -2 Int (28/30)
 46900 | Vaults:2 | Reached XP level 22. HP: 159/170 MP: 26/33
 46901 | Vaults:2 | Reached skill level 16 in Conjurations
 46902 | Vaults:2 | Reached skill level 11 in Spellcasting
 46902 | Vaults:2 | Reached skill level 10 in Summonings
 47098 | Vaults:2 | Reached skill level 14 in Invocations
 47976 | Vaults:4 | Found Komaithy's Armour Shoppe.
 48227 | Vaults:4 | You pick up a book of Flames and begin reading...
 48296 | Vaults:4 | XOM: chaos upgrade
 48394 | Vaults:4 | Found Jeacec's Assorted Antiques.
 48498 | Vaults:4 | Bought a twitching brass ring for 185 gold pieces
 48498 | Vaults:4 | Identified the ring "Lojoir" {Will+ Str+6 Stlth+} (You
                  | bought it in a shop on level 4 of the Vaults)
 48502 | Vaults:4 | Bought a scroll labelled JES ATOSHRAMN for 37 gold pieces
 48503 | Vaults:4 | Acquired the Atlas of Energy
 48504 | Vaults:4 | You add the spells Shock, Arcjolt, Orb of Destruction and
                  | Lehudib's Crystal Spear to your library.
 48567 | Vaults:4 | Reached skill level 11 in Summonings
 48690 | Vaults:4 | You add the spells Vhi's Electric Charge and Maxwell's
                  | Capacitive Coupling to your library.
 48929 | Vaults:4 | Reached skill level 12 in Spellcasting
 49155 | Vaults:4 | XOM: summons 1 hostile demon
 49191 | Vaults:4 | XOM: stat loss: -1 Int (29/30)
 49517 | Slime:1  | Entered Level 1 of the Pits of Slime
 49583 | Slime:1  | Reached skill level 15 in Invocations
 49794 | Slime:1  | You are sucked into a shaft and drop 1 floor!
 49984 | Slime:2  | XOM: swap monsters
 49984 | Slime:2  | Was forgiven by Xom
 50262 | Slime:3  | Noticed Dissolution
 50265 | Slime:3  | Killed Dissolution
 50278 | Slime:3  | Reached skill level 6 in Dodging
 50817 | Slime:5  | Entered Level 5 of the Pits of Slime
 50844 | Slime:5  | Reached XP level 23. HP: 176/176 MP: 5/35
 51387 | Slime:5  | magus.rc [v1.10.3]
 51466 | Slime:5  | Reached skill level 12 in Summonings
 51552 | Slime:5  | Noticed the Royal Jelly
 51559 | Slime:5  | Was placed under penance by Zin
 51561 | Slime:5  | Killed the Royal Jelly
 51562 | Slime:5  | Reached skill level 7 in Dodging
 51562 | Slime:5  | Reached skill level 17 in Conjurations
 51886 | Slime:3  | Reached skill level 16 in Invocations
 52929 | Slime:5  | You pick up a book of Winter and begin reading...
 52929 | Slime:5  | You add the spells Ozocubu's Armour and Sculpt Simulacrum
                  | to your library.
 52948 | Slime:5  | Identified the +8 great mace of the Stopping Gods {spect,
                  | rElec rF- Int+2}
 52961 | Slime:5  | Was forgiven by Zin
 52962 | Slime:5  | Identified the +4 shortbow of Checks and Balances {heavy,
                  | *Slow Str+5 Dex+4}
 52980 | Slime:5  | You pick up a book of the Hunter and begin reading...
 52984 | Slime:5  | You pick up a book of Spatial Translocations and begin
                  | reading...
 52986 | Slime:5  | Identified the +0 robe of Ecuorr {rF- Regen+ Slay+3}
 53009 | Slime:5  | You pick up a book of Hexes and begin reading...
 53009 | Slime:5  | You add the spells Cause Fear and Enfeeble to your library.
 53011 | Slime:5  | Got Sijus's Treatise on Evil and Movement
 53026 | Slime:5  | You pick up a book of Spontaneous Combustion and begin
                  | reading...
 53026 | Slime:5  | You add the spells Irradiate and Ignition to your library.
 53039 | Slime:5  | Got a slimy rune of Zot
 53043 | Slime:5  | You pick up a book of Blasting and begin reading...
 53330 | Elf:1    | Entered Level 1 of the Elven Halls
 53330 | Elf:1    | Found Guguzub's Assorted Antiques.
 53342 | Elf:1    | Bought a potion of brilliance for 128 gold pieces
 53342 | Elf:1    | Bought a smoking helmet for 304 gold pieces
 53342 | Elf:1    | Identified the +1 helmet of Yvviy {rC+ rN+} (You bought it
                  | in a shop on level 1 of the Elven Halls)
 53378 | Elf:1    | Reached skill level 8 in Dodging
 53447 | Elf:1    | Paralysed by an air elemental for 1 turns
 53457 | Elf:1    | Paralysed by an air elemental for 1 turns
 53462 | Elf:1    | Paralysed by an air elemental for 1 turns
 53514 | Elf:1    | Found a glacial archway.
 53538 | IceCv    | Entered an ice cave
 53635 | IceCv    | Reached skill level 13 in Summonings
 53801 | IceCv    | Reached skill level 17 in Invocations
 54359 | Elf:1    | Noticed Asterion
 54361 | Elf:1    | Killed Asterion
 54390 | Elf:1    | You pick up a book of Hexes and begin reading...
 54430 | Elf:1    | Found a radiant altar of Vehumet.
 54527 | Elf:1    | Noticed Zenata
 54545 | Elf:1    | Killed Zenata
 54614 | Elf:1    | a +3 executioner's axe {rare}; a +1 ring mail of poison
                  | resistance; the human corpse of Zenata
 54957 | Elf:2    | Reached XP level 24. HP: 182/182 MP: 19/35
 55077 | Elf:2    | Found a runed translucent gate.
 55288 | Elf:2    | Found a runed translucent gate.
 55290 | Elf:2    | Found a runed translucent gate.
 55401 | Elf:3    | Entered Level 3 of the Elven Halls
 55465 | Elf:3    | You pick up a book of Minor Magic and begin reading...
 55747 | Elf:3    | Reached skill level 14 in Summonings
 55824 | Elf:3    | Reached skill level 18 in Invocations
 56088 | Elf:3    | Identified the +8 flail of Kismet {flame, rF++ Will+ Str-5
                  | SInv}
 56255 | Elf:3    | a deep elf archer comes into view. It is wielding the +8
                  | storm bow {elec, penet}.
 56279 | Elf:3    | Identified the +7 trident "Jimutom" {elec, rC+ Str-3 Int+2
                  | Stlth+}
 56304 | Elf:3    | Reached skill level 19 in Invocations
 56425 | Elf:3    | You pick up a book of the Warp and begin reading...
 56425 | Elf:3    | You add the spells Manifold Assault, Dispersal and
                  | Disjunction to your library.
 56452 | Elf:3    | You add the spells Olgreb's Toxic Radiance, Ozocubu's
                  | Refrigeration and Discord to your library.
 56456 | Elf:3    | You pick up a book of Dreams and begin reading...
 56460 | Elf:3    | You pick up a book of the Hunter and begin reading...
 56468 | Elf:3    | You add the spells Sandblast, Freeze and Hailstorm to your
                  | library.
 56468 | Elf:3    | Got the Discursus on the Mesa and the Iceberg
 56474 | Elf:3    | Got the Octavo of Frore Ignition
 56477 | Elf:3    | Got the Teachings on the Hexing Jaunt
 56486 | Elf:3    | Got the Atlas of Dark Shifting
 56496 | Elf:3    | Got Kodgheq's Discourse on Moving Black Words
 56544 | Elf:3    | Identified the +0 ring mail of Ceck {-Tele rElec rPois}
 56546 | Elf:3    | Identified the +6 scale mail of Space {rElec rF+ rC-}
 56549 | Elf:3    | You pick up a book of Spatial Translocations and begin
                  | reading...
 56551 | Elf:3    | Acquired the +3 pair of seven-league boots {Rampage+∞}
 56551 | Elf:3    | Found the +3 pair of seven-league boots {Rampage+∞}
 56956 | D:15     | Paralysed by something for 4 turns
 56962 | D:15     | Killed a dread lich
 57011 | Depths:1 | Noticed a dread lich
 57065 | D:15     | magus.rc [v1.10.3]
 57080 | Depths:1 | Paralysed by a dread lich for 5 turns
 57099 | D:15     | Killed a dread lich
 57160 | Depths:1 | Found a one-way gateway to a ziggurat.
 57278 | Depths:1 | Found a gateway to Hell.
 57283 | Depths:1 | Reached skill level 20 in Invocations
 57336 | Depths:1 | +0 storm dragon scales {rare}; a storm dragon corpse
 57522 | Depths:1 | Found a one-way gate to the infinite horrors of the Abyss.
 58262 | Depths:2 | Reached skill level 21 in Invocations
 58328 | Depths:2 | Found a shimmering altar of Xom.
 58402 | Depths:2 | Found a one-way gate leading to the halls of Pandemonium.
 58450 | Depths:2 | Found a flickering gateway to a bazaar.
 58534 | Bazaar   | Entered a bazaar
 58556 | Bazaar   | Found Nisos's Antique Weapon Boutique.
 58570 | Bazaar   | Found Zoekurph's General Store.
 58578 | Bazaar   | Bought a potion of cancellation for 112 gold pieces
 58598 | Bazaar   | Found Tuqe's Armour Shop.
 58612 | Bazaar   | Found Kolef's Book Boutique.
 58685 | Bazaar   | Bought the +5 scale mail "Jecveute" {Rampage Will+} for 457
                  | gold pieces
 58713 | Bazaar   | Bought a potion of curing for 42 gold pieces
 58891 | Depths:2 | Identified the +2 ring mail of the Forsaken Leylines {rPois
                  | Regen+}
 58965 | Depths:2 | the Enchantress comes into view. She is wielding a +1 demon
                  | whip of draining, wearing the +6 faerie dragon scales
                  | {rPois rC+ rCorr Stlth+} and wearing a +1 buckler of
                  | resistance.
 58965 | Depths:2 | Noticed the Enchantress
 58973 | Depths:2 | Reached skill level 5 in Earth Magic
 58976 | Depths:2 | Here: the Enchantress, wielding a +1 demon whip of
                  | draining, wearing the +6 faerie dragon scales {rPois rC+
                  | rCorr Stlth+} and wearing a +1 buckler of resistance
                  | (moderately wounded, repelling missiles)
 58976 | Depths:2 | Here: the Enchantress, wielding a +1 demon whip of
                  | draining, wearing the +6 faerie dragon scales {rPois rC+
                  | rCorr Stlth+} and wearing a +1 buckler of resistance
                  | (moderately wounded, repelling missiles)
 58998 | Depths:1 | Here: the Enchantress, wielding a +1 demon whip of
                  | draining, wearing the +6 faerie dragon scales {rPois rC+
                  | rCorr Stlth+} and wearing a +1 buckler of resistance
                  | (moderately wounded, fast, repelling missiles, more
                  | vulnerable to fire)
 58998 | Depths:1 | Here: the Enchantress, wielding a +1 demon whip of
                  | draining, wearing the +6 faerie dragon scales {rPois rC+
                  | rCorr Stlth+} and wearing a +1 buckler of resistance
                  | (moderately wounded, fast, repelling missiles, more
                  | vulnerable to fire)
 59022 | Depths:1 | Killed the Enchantress
 59023 | Depths:1 | Reached XP level 25. HP: 188/188 MP: 2/35
 59324 | Depths:2 | Found Nenit's Antique Armour Shoppe.
 59600 | Depths:2 | Reached skill level 5 in Armour
 59755 | Depths:2 | Reached skill level 6 in Earth Magic
 59832 | Depths:2 | You pick up a book of Party Tricks and begin reading...
 60036 | Depths:3 | Reached skill level 6 in Armour
 60637 | Depths:3 | Found a sacrificial altar of Ru.
 60843 | Depths:3 | Reached skill level 7 in Earth Magic
 60844 | Depths:3 | quicksilver dragon scales {rare}; a quicksilver dragon
                  | corpse
 60863 | Depths:3 | Noticed a caustic shrike
 60870 | Depths:3 | Killed a caustic shrike
 60962 | Depths:3 | +0 storm dragon scales {rare}; a storm dragon corpse
 60980 | Depths:3 | Got the Parchment of Terrain
 60982 | Depths:3 | You pick up a book of the Spheres and begin reading...
 60982 | Depths:3 | You add the spells Fireball and Conjure Ball Lightning to
                  | your library.
 61160 | Depths:4 | Entered Level 4 of the Depths
 61164 | Depths:4 | Noticed a caustic shrike
 61164 | Depths:4 | Noticed a caustic shrike
 61164 | Depths:4 | Noticed a caustic shrike
 61169 | Depths:4 | Noticed a caustic shrike
 61175 | Depths:3 | Killed a caustic shrike
 61176 | Depths:3 | Killed a caustic shrike
 61213 | Depths:4 | Found Itwemm's Antique Armour Boutique.
 61332 | Depths:4 | Reached skill level 8 in Earth Magic
 61350 | Depths:4 | Reached skill level 18 in Conjurations
 61431 | Depths:4 | Killed a caustic shrike
 61578 | Depths:4 | Reached skill level 15 in Summonings
 61582 | Depths:4 | Found a gate to the Realm of Zot.
 61589 | Depths:4 | Killed a caustic shrike
 61590 | Depths:4 | Reached skill level 9 in Earth Magic
 61667 | Depths:4 | Found Xefes's Armour Boutique.
 61673 | Depths:4 | Found Zerog's General Store.
 61696 | Depths:4 | Reached skill level 10 in Earth Magic
 61705 | Depths:4 | Learned a level 8 spell: Lehudib's Crystal Spear
 61713 | Depths:4 | Learned a level 7 spell: Orb of Destruction
 61724 | Depths:4 | Bought a scroll of teleportation for 66 gold pieces
 62037 | Depths:4 | +0 shadow dragon scales {rare}; a shadow dragon corpse
 62040 | Depths:4 | +0 shadow dragon scales {rare}; a shadow dragon corpse
 62124 | Depths:4 | +0 shadow dragon scales {rare}; a shadow dragon corpse
 62236 | Depths:4 | You pick up a book of Power and begin reading...
 62334 | Depths:4 | Found Ywkop's Armour Emporium.
 62368 | Depths:4 | Found Abeuh's Armour Shop.
 62585 | Depths:4 | Voluntarily entered the Abyss.
 62605 | Abyss:1  | magus.rc [v1.10.3]
 62627 | Abyss:2  | Found a corrupted altar of Lugonu.
 62786 | Abyss:2  | Reached skill level 3 in Stealth
 62880 | Abyss:3  | Found a corrupted altar of Lugonu.
 62914 | Abyss:3  | Reached skill level 11 in Earth Magic
 62918 | Abyss:3  | Reached XP level 26. HP: 196/196 MP: 10/35
 62932 | Abyss:3  | Paralysed by accursed screaming for 1 turns
 62938 | Abyss:3  | Paralysed by accursed screaming for 1 turns
 62978 | Depths:4 | You pass through the gate.
 62978 | Depths:4 | Escaped the Abyss
 63309 | D:7      | Bought a -1 eveningstar for 120 gold pieces
 63309 | D:7      | d - a -1 eveningstar {rare}
 63309 | D:7      | your -1 eveningstar {rare} drips with poison.
 63309 | D:7      | d - a -1 eveningstar of venom {rare}
 63310 | D:7      | your -1 eveningstar of venom {rare} projects an invisible
                  | shield of force!
 63310 | D:7      | d - a -1 eveningstar of protection {rare}
 63311 | D:7      | your -1 eveningstar of protection {rare} glows red for a
                  | moment.
 63312 | D:7      | your +0 eveningstar of protection {rare} glows red for a
                  | moment.
 63313 | D:7      | your +1 eveningstar of protection {rare} glows red for a
                  | moment.
 63314 | D:7      | your +2 eveningstar of protection {rare} glows red for a
                  | moment.
 63406 | Orc:1    | Killed Keeluq's ghost
 63417 | Orc:1    | your +3 eveningstar of protection {rare} glows red for a
                  | moment.
 63418 | Orc:1    | d - a +4 eveningstar of protection {rare}
 63418 | Orc:1    | b - a +4 eveningstar of protection {rare}
 63602 | Snake:2  | your +4 eveningstar of protection {rare} glows red for a
                  | moment.
 63788 | D:13     | your +5 eveningstar of protection {rare} acquires a faint
                  | afterimage.
 63788 | D:13     | b - a +5 spectral eveningstar {rare}
 63794 | D:13     | your +5 spectral eveningstar {rare} glows red for a moment.
 63795 | D:13     | your +6 spectral eveningstar {rare} glows red for a moment.
 63964 | Vaults:5 | Entered Level 5 of the Vaults
 63967 | Vaults:5 | Reached skill level 1 in Maces & Flails
 63967 | Vaults:5 | Reached skill level 4 in Stealth
 63970 | Vaults:5 | Reached skill level 2 in Maces & Flails
 64040 | Vaults:5 | Reached skill level 3 in Maces & Flails
 64057 | Vaults:5 | Reached skill level 17 in Fighting
 64057 | Vaults:5 | Reached skill level 13 in Spellcasting
 64063 | Vaults:5 | Reached skill level 12 in Earth Magic
 64082 | Vaults:5 | You feel a bond with your +7 spectral eveningstar {rare}.
 64082 | Vaults:5 | b - a +7 spectral eveningstar (weapon) {rare}
 64083 | Vaults:5 | the tengu reaver blocks your +7 spectral eveningstar
                  | {rare}'s attack.
 64084 | Vaults:5 | the tengu reaver blocks your +7 spectral eveningstar
                  | {rare}'s attack.
 64084 | Vaults:5 | The bolt of cold hits your +7 spectral eveningstar {rare}!
 64084 | Vaults:5 | your +7 spectral eveningstar {rare} resists.
 64085 | Vaults:5 | your +7 spectral eveningstar {rare} hits the tengu reaver!!
 64086 | Vaults:5 | the tengu reaver blocks your +7 spectral eveningstar
                  | {rare}'s attack.
 64087 | Vaults:5 | your +7 spectral eveningstar {rare} hits the tengu reaver!!
 64088 | Vaults:5 | Reached skill level 4 in Maces & Flails
 64088 | Vaults:5 | your +7 spectral eveningstar {rare} hits the tengu reaver!
 64089 | Vaults:5 | your +7 spectral eveningstar {rare} hits the tengu
                  | reaver!!!
 64089 | Vaults:5 | the tengu reaver misses your +7 spectral eveningstar
                  | {rare}.
 64089 | Vaults:5 | the tengu reaver barely misses your +7 spectral eveningstar
                  | {rare}.
 64089 | Vaults:5 | the tengu reaver claws your +7 spectral eveningstar {rare}
                  | but does no damage.
 64089 | Vaults:5 | the tengu reaver misses your +7 spectral eveningstar
                  | {rare}.
 64089 | Vaults:5 | the tengu reaver misses your +7 spectral eveningstar
                  | {rare}.
 64089 | Vaults:5 | the tengu reaver claws your +7 spectral eveningstar {rare}!
 64090 | Vaults:5 | your +7 spectral eveningstar {rare} hits the tengu reaver!!
 64091 | Vaults:5 | your +7 spectral eveningstar {rare} hits the steelbarb
                  | worm!
 64091 | Vaults:5 | the steelbarb worm hits your +7 spectral eveningstar
                  | {rare}!!
 64091 | Vaults:5 | your +7 spectral eveningstar {rare} disappears.
 64092 | Vaults:5 | your +7 spectral eveningstar {rare} closely misses the
                  | steelbarb worm.
 64093 | Vaults:5 | your +7 spectral eveningstar {rare} disappears.
 64140 | Vaults:5 | your +7 spectral eveningstar {rare} hits the tentacled
                  | monstrosity!!
 64141 | Vaults:5 | your +7 spectral eveningstar {rare} hits the tentacled
                  | monstrosity!
 64141 | Vaults:5 | the tentacled monstrosity tentacle-slaps your +7 spectral
                  | eveningstar {rare}!
 64141 | Vaults:5 | the tentacled monstrosity closely misses your +7 spectral
                  | eveningstar {rare}.
 64141 | Vaults:5 | the tentacled monstrosity closely misses your +7 spectral
                  | eveningstar {rare}.
 64141 | Vaults:5 | the tentacled monstrosity tentacle-slaps your +7 spectral
                  | eveningstar {rare}!
 64141 | Vaults:5 | the tentacled monstrosity tentacle-slaps your +7 spectral
                  | eveningstar {rare}!
 64141 | Vaults:5 | your +7 spectral eveningstar {rare} disappears.
 64142 | Vaults:5 | your +7 spectral eveningstar {rare} hits the tentacled
                  | monstrosity!!!
 64143 | Vaults:5 | your +7 spectral eveningstar {rare} disappears.
 64144 | Vaults:5 | your +7 spectral eveningstar {rare} closely misses the deep
                  | elf high priest.
 64145 | Vaults:5 | your +7 spectral eveningstar {rare} hits the deep elf high
                  | priest!
 64146 | Vaults:5 | your +7 spectral eveningstar {rare} hits the deep elf high
                  | priest!
 64147 | Vaults:5 | your +7 spectral eveningstar {rare} hits the deep elf high
                  | priest!!!
 64148 | Vaults:5 | your +7 spectral eveningstar {rare} disappears.
 64152 | Vaults:5 | your +7 spectral eveningstar {rare} hits the iron dragon.
 64153 | Vaults:5 | your +7 spectral eveningstar {rare} completely misses the
                  | iron dragon.
 64154 | Vaults:5 | your +7 spectral eveningstar {rare} hits the iron dragon!!
 64154 | Vaults:5 | the iron dragon breathes metal splinters at your +7
                  | spectral eveningstar {rare}.
 64154 | Vaults:5 | The spray of metal splinters hits your +7 spectral
                  | eveningstar {rare}!!
 64155 | Vaults:5 | your +7 spectral eveningstar {rare} hits the iron dragon!
 64156 | Vaults:5 | your +7 spectral eveningstar {rare} barely misses the iron
                  | dragon.
 64157 | Vaults:5 | your +7 spectral eveningstar {rare} disappears.
 64167 | Vaults:5 | Your damage rating with your +7 spectral eveningstar {rare}
                  | is about 44 (Base 15 x 160% (Str) x 142% (Skill) + 10 (Ench
                  | + Slay)).
 64176 | Vaults:5 | Found Vinnu's Distillery.
 64183 | Vaults:5 | Bought a potion of haste for 170 gold pieces
 64183 | Vaults:5 | Bought a potion of haste for 170 gold pieces
 64183 | Vaults:5 | Bought a potion of curing for 51 gold pieces
 64183 | Vaults:5 | Bought a potion of brilliance for 68 gold pieces
 64225 | Vaults:5 | Got a silver rune of Zot
 64285 | Vaults:5 | Reached skill level 19 in Conjurations
 64338 | Vaults:5 | You feel a bond with your +7 spectral eveningstar {rare}.
 64338 | Vaults:5 | b - a +7 spectral eveningstar (weapon) {rare}
 64339 | Vaults:5 | your +7 spectral eveningstar {rare} hits the shadow
                  | dragon!!
 64340 | Vaults:5 | your +7 spectral eveningstar {rare} hits the shadow dragon!
 64341 | Vaults:5 | your +7 spectral eveningstar {rare} hits the shadow
                  | dragon!!
 64342 | Vaults:5 | your +7 spectral eveningstar {rare} hits the shadow dragon
                  | but does no damage.
 64343 | Vaults:5 | your +7 spectral eveningstar {rare} hits the shadow
                  | dragon!!
 64344 | Vaults:5 | your +7 spectral eveningstar {rare} disappears.
 64345 | Vaults:5 | your +7 spectral eveningstar {rare} barely misses the orc
                  | knight.
 64346 | Vaults:5 | your +7 spectral eveningstar {rare} closely misses the orc
                  | knight.
 64347 | Vaults:5 | your +7 spectral eveningstar {rare} hits the orc knight!
 64348 | Vaults:5 | your +7 spectral eveningstar {rare} hits the orc knight!!
 64349 | Vaults:5 | your +7 spectral eveningstar {rare} disappears.
 64397 | Vaults:5 | your +7 spectral eveningstar {rare} hits the sphinx!!!
 64398 | Vaults:5 | your +7 spectral eveningstar {rare} disappears.
 64407 | Vaults:5 | your +7 spectral eveningstar {rare} hits the vault warden.
 64407 | Vaults:5 | the vault warden misses your +7 spectral eveningstar
                  | {rare}.
 64407 | Vaults:5 | the vault warden barely misses your +7 spectral eveningstar
                  | {rare}.
 64408 | Vaults:5 | your +7 spectral eveningstar {rare} hits the vault warden!!
 64408 | Vaults:5 | the vault warden hits your +7 spectral eveningstar {rare}
                  | with a +0 war axe!!
 64408 | Vaults:5 | your +7 spectral eveningstar {rare} disappears.
 64409 | Vaults:5 | your +7 spectral eveningstar {rare} hits the vault warden!!
 64409 | Vaults:5 | the vault warden hits your +7 spectral eveningstar {rare}
                  | with a +0 war axe!!
 64410 | Vaults:5 | your +7 spectral eveningstar {rare} hits the vault warden
                  | but does no damage.
 64410 | Vaults:5 | the vault warden hits your +7 spectral eveningstar {rare}
                  | with a +0 war axe.
 64411 | Vaults:5 | your +7 spectral eveningstar {rare} disappears.
 64449 | Vaults:5 | your +7 spectral eveningstar {rare} hits the shadow dragon!
 64450 | Vaults:5 | your +7 spectral eveningstar {rare} hits the shadow dragon!
 64451 | Vaults:5 | your +7 spectral eveningstar {rare} hits the shadow dragon!
 64452 | Vaults:5 | your +7 spectral eveningstar {rare} misses the shadow
                  | dragon.
 64453 | Vaults:5 | your +7 spectral eveningstar {rare} hits the shadow
                  | dragon!!
 64454 | Vaults:5 | your +7 spectral eveningstar {rare} hits the shadow dragon.
 64454 | Vaults:5 | the shadow dragon closely misses your +7 spectral
                  | eveningstar {rare}.
 64454 | Vaults:5 | the shadow dragon misses your +7 spectral eveningstar
                  | {rare}.
 64454 | Vaults:5 | the shadow dragon claws your +7 spectral eveningstar {rare}
                  | but does no damage.
 64455 | Vaults:5 | your +7 spectral eveningstar {rare} barely misses the
                  | shadow dragon.
 64456 | Vaults:5 | your +7 spectral eveningstar {rare} disappears.
 64479 | Vaults:5 | your +7 spectral eveningstar {rare} hits the red very ugly
                  | thing!!
 64480 | Vaults:5 | your +7 spectral eveningstar {rare} hits the red very ugly
                  | thing!!
 64481 | Vaults:5 | your +7 spectral eveningstar {rare} barely misses the red
                  | very ugly thing.
 64482 | Vaults:5 | your +7 spectral eveningstar {rare} disappears.
 64485 | Vaults:5 | your +7 spectral eveningstar {rare} barely misses the
                  | yaktaur captain.
 64486 | Vaults:5 | your +7 spectral eveningstar {rare} barely misses the
                  | yaktaur captain.
 64487 | Vaults:5 | your +7 spectral eveningstar {rare} hits the yaktaur
                  | captain!
 64488 | Vaults:5 | your +7 spectral eveningstar {rare} hits the yaktaur
                  | captain!!
 64489 | Vaults:5 | your +7 spectral eveningstar {rare} hits the yaktaur
                  | captain!!
 64490 | Vaults:5 | your +7 spectral eveningstar {rare} disappears.
 64529 | Vaults:5 | your +7 spectral eveningstar {rare} barely misses the deep
                  | elf high priest.
 64530 | Vaults:5 | your +7 spectral eveningstar {rare} hits the deep elf high
                  | priest!
 64531 | Vaults:5 | your +7 spectral eveningstar {rare} barely misses the deep
                  | elf high priest.
 64532 | Vaults:5 | your +7 spectral eveningstar {rare} barely misses the deep
                  | elf death mage.
 64533 | Vaults:5 | your +7 spectral eveningstar {rare} misses the deep elf
                  | death mage.
 64533 | Vaults:5 | the deep elf death mage hits your +7 spectral eveningstar
                  | {rare} with a +0 rapier!
 64534 | Vaults:5 | your +7 spectral eveningstar {rare} hits the deep elf death
                  | mage.
 64535 | Vaults:5 | your +7 spectral eveningstar {rare} disappears.
 64537 | Vaults:5 | your +7 spectral eveningstar {rare} hits the ghostly deep
                  | elf death mage!
 64538 | Vaults:5 | your +7 spectral eveningstar {rare} hits the ghostly deep
                  | elf death mage.
 64539 | Vaults:5 | your +7 spectral eveningstar {rare} misses the ghostly deep
                  | elf death mage.
 64540 | Vaults:5 | your +7 spectral eveningstar {rare} barely misses the
                  | ghostly deep elf death mage.
 64541 | Vaults:5 | your +7 spectral eveningstar {rare} hits the ghostly deep
                  | elf death mage!
 64542 | Vaults:5 | your +7 spectral eveningstar {rare} disappears.
 64547 | Vaults:5 | your +7 spectral eveningstar {rare} hits the tentacled
                  | monstrosity!
 64548 | Vaults:5 | your +7 spectral eveningstar {rare} disappears.
 64635 | Vaults:5 | your +7 spectral eveningstar {rare} hits the stone giant
                  | but does no damage.
 64636 | Vaults:5 | your +7 spectral eveningstar {rare} hits the stone giant.
 64636 | Vaults:5 | the stone giant closely misses your +7 spectral eveningstar
                  | {rare}.
 64636 | Vaults:5 | the stone giant misses your +7 spectral eveningstar {rare}.
 64637 | Vaults:5 | your +7 spectral eveningstar {rare} hits the stone giant!!
 64638 | Vaults:5 | your +7 spectral eveningstar {rare} disappears.
 64644 | Vaults:5 | You pick up a book of Battle and begin reading...
 64649 | Vaults:5 | your +7 spectral eveningstar {rare} barely misses the sea
                  | snake.
 64650 | Vaults:5 | your +7 spectral eveningstar {rare} closely misses the sea
                  | snake.
 64651 | Vaults:5 | your +7 spectral eveningstar {rare} hits the sea snake!!
 64652 | Vaults:5 | your +7 spectral eveningstar {rare} disappears.
 64685 | Vaults:5 | your +7 spectral eveningstar {rare} hits the sphinx!!
 64685 | Vaults:5 | the sphinx closely misses your +7 spectral eveningstar
                  | {rare}.
 64685 | Vaults:5 | the sphinx hits your +7 spectral eveningstar {rare}!
 64685 | Vaults:5 | the sphinx hits your +7 spectral eveningstar {rare}.
 64686 | Vaults:5 | your +7 spectral eveningstar {rare} hits the titan!
 64686 | Vaults:5 | the sphinx hits your +7 spectral eveningstar {rare}!
 64686 | Vaults:5 | the sphinx hits your +7 spectral eveningstar {rare}.
 64686 | Vaults:5 | the sphinx hits your +7 spectral eveningstar {rare}!
 64686 | Vaults:5 | your +7 spectral eveningstar {rare} disappears.
 64687 | Vaults:5 | your +7 spectral eveningstar {rare} hits the titan but does
                  | no damage.
 64688 | Vaults:5 | your +7 spectral eveningstar {rare} hits the titan!
 64689 | Vaults:5 | your +7 spectral eveningstar {rare} disappears.
 64690 | Vaults:5 | your +7 spectral eveningstar {rare} hits the titan!
 64690 | Vaults:5 | The air twists around and strikes your +7 spectral
                  | eveningstar {rare}!
 64691 | Vaults:5 | your +7 spectral eveningstar {rare} disappears.
 64692 | Vaults:5 | Reached skill level 5 in Maces & Flails
 64692 | Vaults:5 | your +7 spectral eveningstar {rare} barely misses the
                  | sphinx.
 64693 | Vaults:5 | your +7 spectral eveningstar {rare} hits the sphinx!!
 64694 | Vaults:5 | your +7 spectral eveningstar {rare} disappears.
 64698 | Vaults:5 | your +7 spectral eveningstar {rare} hits the vault
                  | sentinel!
 64698 | Vaults:5 | The iceblast engulfs your +7 spectral eveningstar {rare}!
 64698 | Vaults:5 | your +7 spectral eveningstar {rare} partially resists.
 64699 | Vaults:5 | your +7 spectral eveningstar {rare} disappears.
 64707 | Vaults:5 | your +7 spectral eveningstar {rare} hits the ogre mage!!!
 64708 | Vaults:5 | your +7 spectral eveningstar {rare} disappears.
 64714 | Vaults:5 | your +7 spectral eveningstar {rare} hits the vault
                  | sentinel.
 64714 | Vaults:5 | the vault sentinel hits your +7 spectral eveningstar {rare}
                  | with a +0 morningstar!
 64715 | Vaults:5 | your +7 spectral eveningstar {rare} closely misses the
                  | vault sentinel.
 64716 | Vaults:5 | your +7 spectral eveningstar {rare} hits the frost giant!!!
 64717 | Vaults:5 | your +7 spectral eveningstar {rare} hits the frost giant!!!
 64717 | Vaults:5 | the frost giant barely misses your +7 spectral eveningstar
                  | {rare}.
 64718 | Vaults:5 | your +7 spectral eveningstar {rare} disappears.
 64729 | Vaults:5 | your +7 spectral eveningstar {rare} hits the tentacled
                  | monstrosity!
 64730 | Vaults:5 | your +7 spectral eveningstar {rare} hits the tentacled
                  | monstrosity!!
 64731 | Vaults:5 | your +7 spectral eveningstar {rare} disappears.
 64732 | Vaults:5 | your +7 spectral eveningstar {rare} hits the tentacled
                  | monstrosity!
 64733 | Vaults:5 | your +7 spectral eveningstar {rare} disappears.
 64734 | Vaults:5 | your +7 spectral eveningstar {rare} hits the ettin!!
 64734 | Vaults:5 | Identified the +1 robe of Fautzuekit {Str+2 Int+4 Archmagi}
 64735 | Vaults:5 | your +7 spectral eveningstar {rare} disappears.
 64737 | Vaults:5 | your +7 spectral eveningstar {rare} hits the shadow dragon.
 64738 | Vaults:5 | your +7 spectral eveningstar {rare} hits the shadow
                  | dragon!!
 64739 | Vaults:5 | your +7 spectral eveningstar {rare} barely misses the
                  | shadow dragon.
 64740 | Vaults:5 | your +7 spectral eveningstar {rare} hits the shadow
                  | dragon!!
 64740 | Vaults:5 | The bolt of lightning hits your +7 spectral eveningstar
                  | {rare}!
 64740 | Vaults:5 | your +7 spectral eveningstar {rare} resists.
 64741 | Vaults:5 | your +7 spectral eveningstar {rare} disappears.
 64747 | Vaults:5 | your +7 spectral eveningstar {rare} hits the tengu reaver.
 64747 | Vaults:5 | the tengu reaver closely misses your +7 spectral
                  | eveningstar {rare}.
 64748 | Vaults:5 | your +7 spectral eveningstar {rare} closely misses the
                  | tengu reaver.
 64748 | Vaults:5 | The splash of acid hits your +7 spectral eveningstar
                  | {rare}!
 64749 | Vaults:5 | your +7 spectral eveningstar {rare} closely misses the
                  | tengu reaver.
 64750 | Vaults:5 | your +7 spectral eveningstar {rare} disappears.
 64787 | Vaults:5 | Identified the +2 chain mail of the Heavens {Will++ Regen+}
 64908 | Vaults:5 | your +7 spectral eveningstar {rare} glows red for a moment.
 64909 | Vaults:5 | your +8 spectral eveningstar {rare} glows red for a while.
 64912 | Vaults:5 | your +9 spectral eveningstar {rare} hits the vault
                  | sentinel!
 64913 | Vaults:5 | your +9 spectral eveningstar {rare} hits the vault
                  | sentinel!
 64914 | Vaults:5 | your +9 spectral eveningstar {rare} hits the vault
                  | sentinel!!
 64915 | Vaults:5 | your +9 spectral eveningstar {rare} disappears.
 64919 | Vaults:5 | Identified the +0 plate armour of Pride {Will++}
 65015 | Vaults:5 | your +9 spectral eveningstar {rare} hits the chaos spawn!!
 65016 | Vaults:5 | your +9 spectral eveningstar {rare} hits the deep elf
                  | demonologist!
 65016 | Vaults:5 | your +9 spectral eveningstar {rare} is engulfed in seething
                  | chaos.
 65017 | Vaults:5 | your +9 spectral eveningstar {rare} disappears.
 65118 | Vaults:5 | Found Foka's Distillery.
 65122 | Vaults:5 | Bought a potion of haste for 170 gold pieces
 65129 | Vaults:5 | Found Nishros's Magic Scroll Shop.
 65133 | Vaults:5 | Bought a scroll of teleportation for 60 gold pieces
 65133 | Vaults:5 | Bought a scroll of acquirement for 1040 gold pieces
 65133 | Vaults:5 | Bought a scroll of blinking for 150 gold pieces
 65136 | Vaults:5 | Acquired 1023 gold pieces
 65234 | Vaults:5 | your +9 spectral eveningstar {rare} hits the phantasmal
                  | warrior!!
 65235 | Vaults:5 | your +9 spectral eveningstar {rare} hits the phantasmal
                  | warrior but does no damage.
 65236 | Vaults:5 | your +9 spectral eveningstar {rare} hits the phantasmal
                  | warrior!!
 65237 | Vaults:5 | your +9 spectral eveningstar {rare} disappears.
 65320 | Vaults:5 | Identified the staff "Umoroyrgh" {rF++ SInv Conj}
 65349 | Vaults:5 | Got the Collected Works on Clay and Cryomancy
 65350 | Vaults:5 | Identified the ring "Sualuva" {rC- rN+ Will+ Str+6 Int+4}
 65547 | Vaults:5 | You pick up a book of Decay {forbidden} and begin
                  | reading...
 65547 | Vaults:5 | You add the spells Dispel Undead, Martyr's Knell and Death
                  | Channel to your library.
 65607 | Vaults:5 | your +9 spectral eveningstar {rare} hits the vault
                  | warden!!!
 65607 | Vaults:5 | the vault warden hits your +9 spectral eveningstar {rare}
                  | with a +5 heavy war axe!
 65608 | Vaults:5 | your +9 spectral eveningstar {rare} hits the vault warden!!
 65609 | Vaults:5 | your +9 spectral eveningstar {rare} disappears.
 65647 | Vaults:5 | Bought a potion of resistance for 170 gold pieces
 65959 | Hell     | Entered the Vestibule of Hell
 65960 | Hell     | your +9 spectral eveningstar {rare} hits the soul eater but
                  | does no damage.
 65960 | Hell     | Noticed Geryon
 65961 | Hell     | your +9 spectral eveningstar {rare} disappears.
 65962 | Hell     | your +9 spectral eveningstar {rare} barely misses the soul
                  | eater.
 65963 | Hell     | your +9 spectral eveningstar {rare} disappears.
 66030 | Depths:1 | your +9 spectral eveningstar {rare} hits the molten
                  | gargoyle!
 66031 | Depths:1 | your +9 spectral eveningstar {rare} hits the smoke demon!
 66032 | Depths:1 | your +9 spectral eveningstar {rare} disappears.
 66053 | Hell     | Noticed Murray
 66062 | Depths:1 | your +9 spectral eveningstar {rare} hits the soul eater.
 66062 | Depths:1 | the soul eater hits your +9 spectral eveningstar {rare}!!
 66062 | Depths:1 | your +9 spectral eveningstar {rare} looks weaker.
 66063 | Depths:1 | your +9 spectral eveningstar {rare} hits the soul eater!!!
 66064 | Depths:1 | Reached skill level 13 in Earth Magic
 66064 | Depths:1 | your +9 spectral eveningstar {rare} misses the cacodemon.
 66065 | Depths:1 | your +9 spectral eveningstar {rare} hits the cacodemon but
                  | does no damage.
 66065 | Depths:1 | the cacodemon gestures at your +9 spectral eveningstar
                  | {rare}.
 66065 | Depths:1 | The bolt of devastation hits your +9 spectral eveningstar
                  | {rare}!!
 66065 | Depths:1 | your +9 spectral eveningstar {rare} disappears.
 66067 | Depths:1 | your +9 spectral eveningstar {rare} completely misses the
                  | sun demon.
 66068 | Depths:1 | your +9 spectral eveningstar {rare} barely misses the sun
                  | demon.
 66069 | Depths:1 | your +9 spectral eveningstar {rare} disappears.
 66247 | Depths:1 | Voluntarily entered the Abyss.
 66248 | Abyss:3  | Found a corrupted altar of Lugonu.
 66249 | Abyss:3  | Found a candlelit altar of Ignis.
 66338 | Abyss:3  | You feel a bond with your +9 spectral eveningstar {rare}.
 66338 | Abyss:3  | b - a +9 spectral eveningstar (weapon) {rare}
 66339 | Abyss:3  | b - a +9 spectral eveningstar (weapon) {rare}
 66339 | Abyss:3  | a - a +9 spectral eveningstar (weapon) {rare}
 66339 | Abyss:3  | your +9 spectral eveningstar {rare} hits the bone dragon!
 66340 | Abyss:3  | your +9 spectral eveningstar {rare} hits the bone dragon
                  | but does no damage.
 66341 | Abyss:3  | your +9 spectral eveningstar {rare} hits the large
                  | abomination!
 66342 | Abyss:3  | your +9 spectral eveningstar {rare} hits the large
                  | abomination!!
 66342 | Abyss:3  | the large abomination hits your +9 spectral eveningstar
                  | {rare}.
 66343 | Abyss:3  | your +9 spectral eveningstar {rare} disappears.
 66344 | Abyss:3  | your +9 spectral eveningstar {rare} hits the bone dragon!!
 66345 | Abyss:3  | your +9 spectral eveningstar {rare} disappears.
 66360 | Abyss:3  | your +9 spectral eveningstar {rare} hits the naga!!
 66360 | Abyss:3  | the lich misses your +9 spectral eveningstar {rare}.
 66361 | Abyss:3  | your +9 spectral eveningstar {rare} disappears.
 66362 | Abyss:3  | your +9 spectral eveningstar {rare} closely misses the
                  | lich.
 66363 | Abyss:3  | your +9 spectral eveningstar {rare} hits the lich!!
 66364 | Abyss:3  | your +9 spectral eveningstar {rare} disappears.
 66365 | Abyss:3  | your +9 spectral eveningstar {rare} barely misses the mana
                  | viper.
 66366 | Abyss:3  | your +9 spectral eveningstar {rare} hits the mana viper!
 66367 | Abyss:3  | your +9 spectral eveningstar {rare} disappears.
 66370 | Abyss:3  | your +9 spectral eveningstar {rare} hits the lorocyproca.
 66371 | Abyss:3  | your +9 spectral eveningstar {rare} closely misses the
                  | lorocyproca.
 66380 | Abyss:3  | Found a corrupted altar of Lugonu.
 66402 | Abyss:3  | your +9 spectral eveningstar {rare} hits the tentacled
                  | starspawn!!
 66402 | Abyss:3  | the tentacled starspawn bites your +9 spectral eveningstar
                  | {rare}!
 66402 | Abyss:3  | the tentacled starspawn tentacle-slaps your +9 spectral
                  | eveningstar {rare} but does no damage.
 66403 | Abyss:3  | your +9 spectral eveningstar {rare} hits the tentacled
                  | starspawn!!
 66404 | Abyss:3  | your +9 spectral eveningstar {rare} disappears.
 66405 | Abyss:3  | Reached skill level 6 in Maces & Flails
 66407 | Abyss:3  | your +9 spectral eveningstar {rare} hits the large
                  | abomination!!
 66407 | Abyss:3  | the large abomination misses your +9 spectral eveningstar
                  | {rare}.
 66408 | Abyss:3  | your +9 spectral eveningstar {rare} disappears.
 66415 | Abyss:3  | your +9 spectral eveningstar {rare} barely misses the bone
                  | dragon.
 66416 | Abyss:3  | your +9 spectral eveningstar {rare} hits the bone dragon!
 66417 | Abyss:3  | your +9 spectral eveningstar {rare} hits the bone dragon!
 66417 | Abyss:3  | the bone dragon bites your +9 spectral eveningstar {rare}
                  | but does no damage.
 66417 | Abyss:3  | the bone dragon claws your +9 spectral eveningstar {rare}!!
 66417 | Abyss:3  | the bone dragon tramples your +9 spectral eveningstar
                  | {rare}.
 66417 | Abyss:3  | your +9 spectral eveningstar {rare} holds its ground!
 66418 | Abyss:3  | your +9 spectral eveningstar {rare} hits the bone dragon!!
 66418 | Abyss:3  | the bone dragon bites your +9 spectral eveningstar {rare}!!
 66418 | Abyss:3  | the bone dragon claws your +9 spectral eveningstar {rare}
                  | but does no damage.
 66418 | Abyss:3  | the bone dragon tramples your +9 spectral eveningstar
                  | {rare}!
 66418 | Abyss:3  | your +9 spectral eveningstar {rare} holds its ground!
 66418 | Abyss:3  | your +9 spectral eveningstar {rare} disappears.
 66419 | Abyss:3  | your +9 spectral eveningstar {rare} hits the bone dragon.
 66419 | Abyss:3  | the bone dragon bites your +9 spectral eveningstar {rare}
                  | but does no damage.
 66419 | Abyss:3  | the bone dragon claws your +9 spectral eveningstar {rare}
                  | but does no damage.
 66419 | Abyss:3  | the bone dragon barely misses your +9 spectral eveningstar
                  | {rare}.
 66420 | Abyss:3  | your +9 spectral eveningstar {rare} disappears.
 66423 | Abyss:3  | your +9 spectral eveningstar {rare} hits the bone dragon!!
 66424 | Abyss:3  | your +9 spectral eveningstar {rare} disappears.
 66431 | Abyss:3  | your +9 spectral eveningstar {rare} hits the worldbinder.
 66432 | Abyss:3  | your +9 spectral eveningstar {rare} hits the worldbinder!!
 66433 | Abyss:3  | your +9 spectral eveningstar {rare} disappears.
 66442 | Abyss:3  | your +9 spectral eveningstar {rare} hits the spriggan
                  | defender zombie!!
 66443 | Abyss:3  | your +9 spectral eveningstar {rare} closely misses the
                  | spriggan defender zombie.
 66444 | Abyss:3  | your +9 spectral eveningstar {rare} misses the spriggan
                  | defender zombie.
 66445 | Abyss:3  | your +9 spectral eveningstar {rare} barely misses the
                  | spriggan defender zombie.
 66446 | Abyss:3  | your +9 spectral eveningstar {rare} closely misses the
                  | spriggan defender zombie.
 66447 | Abyss:3  | your +9 spectral eveningstar {rare} disappears.
 66453 | Abyss:3  | your +9 spectral eveningstar {rare} hits the starcursed
                  | mass.
 66454 | Abyss:3  | your +9 spectral eveningstar {rare} disappears.
 66456 | Abyss:3  | Reached XP level 27. HP: 198/206 MP: 16/36
 66494 | Abyss:3  | your +9 spectral eveningstar {rare} hits the green very
                  | ugly thing!!
 66495 | Abyss:3  | your +9 spectral eveningstar {rare} misses the meliai.
 66495 | Abyss:3  | the meliai misses your +9 spectral eveningstar {rare}.
 66495 | Abyss:3  | the meliai closely misses your +9 spectral eveningstar
                  | {rare}.
 66495 | Abyss:3  | the meliai closely misses your +9 spectral eveningstar
                  | {rare}.
 66496 | Abyss:3  | your +9 spectral eveningstar {rare} disappears.
 66499 | Abyss:3  | your +9 spectral eveningstar {rare} barely misses the
                  | wretched star.
 66500 | Abyss:3  | your +9 spectral eveningstar {rare} barely misses the
                  | wretched star.
 66501 | Abyss:3  | your +9 spectral eveningstar {rare} hits the wretched
                  | star!!
 66502 | Abyss:3  | your +9 spectral eveningstar {rare} hits the wretched star
                  | but does no damage.
 66503 | Abyss:3  | your +9 spectral eveningstar {rare} barely misses the
                  | wretched star.
 66504 | Abyss:3  | your +9 spectral eveningstar {rare} disappears.
 66506 | Abyss:3  | your +9 spectral eveningstar {rare} closely misses the
                  | meliai.
 66506 | Abyss:3  | the meliai hits your +9 spectral eveningstar {rare} with a
                  | +0 war axe.
 66506 | Abyss:3  | the meliai closely misses your +9 spectral eveningstar
                  | {rare}.
 66506 | Abyss:3  | the meliai hits your +9 spectral eveningstar {rare} with a
                  | +0 war axe.
 66507 | Abyss:3  | your +9 spectral eveningstar {rare} disappears.
 66509 | Abyss:3  | your +9 spectral eveningstar {rare} hits the queen bee!!!
 66510 | Abyss:3  | your +9 spectral eveningstar {rare} disappears.
 66525 | Abyss:3  | Got an abyssal rune of Zot
 66528 | Abyss:3  | your +9 spectral eveningstar {rare} hits the neqoxec!
 66529 | Abyss:3  | your +9 spectral eveningstar {rare} hits the neqoxec!
 66530 | Abyss:3  | your +9 spectral eveningstar {rare} disappears.
 66541 | Abyss:3  | your +9 spectral eveningstar {rare} barely misses the large
                  | abomination.
 66542 | Abyss:3  | your +9 spectral eveningstar {rare} hits the large
                  | abomination!!
 66543 | Abyss:3  | your +9 spectral eveningstar {rare} disappears.
 66544 | Abyss:3  | your +9 spectral eveningstar {rare} hits the tentacled
                  | starspawn!!!
 66545 | Abyss:3  | your +9 spectral eveningstar {rare} hits the tentacled
                  | starspawn!!
 66546 | Abyss:3  | your +9 spectral eveningstar {rare} disappears.
 66549 | Abyss:3  | your +9 spectral eveningstar {rare} hits the wretched star!
 66550 | Abyss:3  | your +9 spectral eveningstar {rare} hits the wretched star.
 66551 | Abyss:3  | your +9 spectral eveningstar {rare} hits the wretched star.
 66552 | Abyss:3  | your +9 spectral eveningstar {rare} disappears.
 66555 | Abyss:3  | your +9 spectral eveningstar {rare} hits the starcursed
                  | mass!!!
 66555 | Abyss:3  | the small abomination hits your +9 spectral eveningstar
                  | {rare}!!
 66557 | Abyss:3  | your +9 spectral eveningstar {rare} closely misses the
                  | small abomination.
 66558 | Abyss:3  | your +9 spectral eveningstar {rare} hits the starcursed
                  | mass.
 66559 | Abyss:3  | your +9 spectral eveningstar {rare} disappears.
 66584 | Abyss:3  | your +9 spectral eveningstar {rare} hits the large
                  | abomination!!
 66585 | Abyss:3  | your +9 spectral eveningstar {rare} disappears.
 66586 | Abyss:3  | your +9 spectral eveningstar {rare} hits the orange demon!!
 66586 | Abyss:3  | the white ugly thing bites your +9 spectral eveningstar
                  | {rare} but does no damage.
 66587 | Abyss:3  | your +9 spectral eveningstar {rare} hits the orange demon!!
 66588 | Abyss:3  | your +9 spectral eveningstar {rare} hits the white ugly
                  | thing!
 66589 | Abyss:3  | your +9 spectral eveningstar {rare} hits the white ugly
                  | thing!!!
 66590 | Abyss:3  | your +9 spectral eveningstar {rare} disappears.
 66592 | Abyss:3  | your +9 spectral eveningstar {rare} hits the starspawn
                  | tentacle!!
 66593 | Abyss:3  | your +9 spectral eveningstar {rare} disappears.
 66595 | Abyss:3  | your +9 spectral eveningstar {rare} barely misses the
                  | tentacled starspawn.
 66596 | Abyss:3  | your +9 spectral eveningstar {rare} disappears.
 66600 | Abyss:3  | your +9 spectral eveningstar {rare} hits the lorocyproca!
 66600 | Abyss:3  | the lorocyproca hits your +9 spectral eveningstar {rare}!!
 66601 | Abyss:3  | your +9 spectral eveningstar {rare} barely misses the
                  | lorocyproca.
 66602 | Abyss:3  | your +9 spectral eveningstar {rare} hits the lorocyproca.
 66603 | Abyss:3  | your +9 spectral eveningstar {rare} closely misses the
                  | lorocyproca.
 66603 | Abyss:3  | The living lightning hits your +9 spectral eveningstar
                  | {rare}.
 66603 | Abyss:3  | your +9 spectral eveningstar {rare} resists.
 66604 | Abyss:3  | your +9 spectral eveningstar {rare} hits the lorocyproca.
 66604 | Abyss:3  | the chaos spawn touches your +9 spectral eveningstar {rare}
                  | but does no damage.
 66605 | Abyss:3  | your +9 spectral eveningstar {rare} hits the chaos spawn!!
 66606 | Abyss:3  | your +9 spectral eveningstar {rare} disappears.
 66611 | Depths:1 | You pass through the gate.
 66611 | Depths:1 | Escaped the Abyss
 66685 | Depths:1 | your +9 spectral eveningstar {rare} barely misses Murray.
 66686 | Depths:1 | your +9 spectral eveningstar {rare} hits Murray but does no
                  | damage.
 66687 | Depths:1 | your +9 spectral eveningstar {rare} hits Murray.
 66688 | Depths:1 | your +9 spectral eveningstar {rare} hits Murray!!
 66689 | Depths:1 | your +9 spectral eveningstar {rare} hits Murray!!
 66689 | Depths:1 | Murray bites your +9 spectral eveningstar {rare} but does
                  | no damage.
 66689 | Depths:1 | Murray barely misses your +9 spectral eveningstar {rare}.
 66690 | Depths:1 | Killed Murray
 66690 | Depths:1 | your +9 spectral eveningstar {rare} disappears.
 66691 | Depths:1 | your +9 spectral eveningstar {rare} closely misses the soul
                  | eater.
 66692 | Depths:1 | your +9 spectral eveningstar {rare} barely misses the soul
                  | eater.
 66693 | Depths:1 | your +9 spectral eveningstar {rare} hits the soul eater!
 66694 | Depths:1 | your +9 spectral eveningstar {rare} hits the crystal
                  | guardian!
 66695 | Depths:1 | your +9 spectral eveningstar {rare} disappears.
 66750 | Depths:1 | your +9 spectral eveningstar {rare} hits the hell beast!!
 66751 | Depths:1 | your +9 spectral eveningstar {rare} hits the iron golem!!
 66752 | Depths:1 | your +9 spectral eveningstar {rare} hits the iron golem!
 66753 | Depths:1 | your +9 spectral eveningstar {rare} hits the iron golem but
                  | does no damage.
 66754 | Depths:1 | your +9 spectral eveningstar {rare} hits the iron golem but
                  | does no damage.
 66754 | Depths:1 | the iron golem completely misses your +9 spectral
                  | eveningstar {rare}.
 66754 | Depths:1 | the iron golem hits your +9 spectral eveningstar {rare}!
 66754 | Depths:1 | the iron golem hits your +9 spectral eveningstar {rare}!!!
 66754 | Depths:1 | your +9 spectral eveningstar {rare} disappears.
 66755 | Depths:1 | your +9 spectral eveningstar {rare} hits the iron golem!!
 66755 | Depths:1 | the iron golem barely misses your +9 spectral eveningstar
                  | {rare}.
 66755 | Depths:1 | the iron golem barely misses your +9 spectral eveningstar
                  | {rare}.
 66756 | Depths:1 | your +9 spectral eveningstar {rare} hits the iron golem!!
 66757 | Depths:1 | your +9 spectral eveningstar {rare} hits the iron golem but
                  | does no damage.
 66757 | Depths:1 | the iron golem barely misses your +9 spectral eveningstar
                  | {rare}.
 66757 | Depths:1 | the iron golem hits your +9 spectral eveningstar {rare}!!
 66757 | Depths:1 | your +9 spectral eveningstar {rare} disappears.
 66758 | Depths:1 | your +9 spectral eveningstar {rare} barely misses the iron
                  | golem.
 66759 | Depths:1 | your +9 spectral eveningstar {rare} hits the iron golem but
                  | does no damage.
 66760 | Depths:1 | your +9 spectral eveningstar {rare} hits the iron golem!
 66761 | Depths:1 | your +9 spectral eveningstar {rare} hits the iron golem!
 66762 | Depths:1 | your +9 spectral eveningstar {rare} hits the iron golem.
 66763 | Depths:1 | your +9 spectral eveningstar {rare} barely misses the iron
                  | golem.
 66764 | Depths:1 | your +9 spectral eveningstar {rare} hits the iron golem but
                  | does no damage.
 66765 | Depths:1 | your +9 spectral eveningstar {rare} disappears.
 66789 | Depths:1 | your +9 spectral eveningstar {rare} hits the sun demon!!
 66789 | Depths:1 | The crystal bolt burns your +9 spectral eveningstar
                  | {rare}!!
 66789 | Depths:1 | your +9 spectral eveningstar {rare} resists.
 66790 | Depths:1 | your +9 spectral eveningstar {rare} hits the iron troll!!
 66791 | Depths:1 | your +9 spectral eveningstar {rare} hits the iron troll.
 66791 | Depths:1 | the iron troll closely misses your +9 spectral eveningstar
                  | {rare}.
 66791 | Depths:1 | the iron troll claws your +9 spectral eveningstar {rare}!
 66791 | Depths:1 | your +9 spectral eveningstar {rare} disappears.
 66793 | Depths:1 | your +9 spectral eveningstar {rare} hits the iron golem!
 66794 | Depths:1 | your +9 spectral eveningstar {rare} hits the iron golem!
 66795 | Depths:1 | your +9 spectral eveningstar {rare} hits the iron golem!
 66796 | Depths:1 | your +9 spectral eveningstar {rare} closely misses the iron
                  | golem.
 66797 | Depths:1 | your +9 spectral eveningstar {rare} hits the iron golem!
 66798 | Depths:1 | your +9 spectral eveningstar {rare} disappears.
 66814 | Depths:1 | Was placed under penance by Zin
 66814 | Depths:1 | your +9 spectral eveningstar {rare} misses the crystal
                  | echidna.
 66815 | Depths:1 | your +9 spectral eveningstar {rare} hits the crystal
                  | echidna but does no damage.
 66816 | Depths:1 | your +9 spectral eveningstar {rare} hits the crystal
                  | echidna!
 66817 | Depths:1 | your +9 spectral eveningstar {rare} hits the crystal
                  | echidna!!
 66817 | Depths:1 | the crystal echidna bites your +9 spectral eveningstar
                  | {rare}.
 66818 | Depths:1 | your +9 spectral eveningstar {rare} hits the crystal
                  | echidna!!
 66819 | Depths:1 | your +9 spectral eveningstar {rare} hits the iron golem but
                  | does no damage.
 66820 | Depths:1 | your +9 spectral eveningstar {rare} hits the iron golem!
 66821 | Depths:1 | your +9 spectral eveningstar {rare} hits the iron golem!
 66822 | Depths:1 | your +9 spectral eveningstar {rare} hits the iron golem but
                  | does no damage.
 66823 | Depths:1 | your +9 spectral eveningstar {rare} barely misses the iron
                  | golem.
 66824 | Depths:1 | your +9 spectral eveningstar {rare} hits the iron golem but
                  | does no damage.
 66825 | Depths:1 | your +9 spectral eveningstar {rare} hits the iron golem!
 66826 | Depths:1 | your +9 spectral eveningstar {rare} barely misses the iron
                  | golem.
 66827 | Depths:1 | your +9 spectral eveningstar {rare} hits the iron golem!!
 66828 | Depths:1 | your +9 spectral eveningstar {rare} hits the iron golem.
 66828 | Depths:1 | the iron golem hits your +9 spectral eveningstar {rare}!!
 66828 | Depths:1 | your +9 spectral eveningstar {rare} disappears.
 66829 | Depths:1 | your +9 spectral eveningstar {rare} hits the iron golem!!
 66829 | Depths:1 | the iron golem hits your +9 spectral eveningstar {rare}.
 66829 | Depths:1 | the iron golem hits your +9 spectral eveningstar {rare}!!
 66829 | Depths:1 | your +9 spectral eveningstar {rare} disappears.
 66830 | Depths:1 | your +9 spectral eveningstar {rare} completely misses the
                  | iron golem.
 66830 | Depths:1 | HP: 45/207 [iron golem (16)]
 66831 | Depths:1 | your +9 spectral eveningstar {rare} disappears.
 66832 | Depths:1 | your +9 spectral eveningstar {rare} hits the iron golem!!
 66833 | Depths:1 | Reached skill level 14 in Spellcasting
 66833 | Depths:1 | your +9 spectral eveningstar {rare} disappears.
 66912 | Depths:1 | your +9 spectral eveningstar {rare} hits the hell hog!
 66912 | Depths:1 | The fireball engulfs your +9 spectral eveningstar {rare}!
 66912 | Depths:1 | your +9 spectral eveningstar {rare} resists.
 66913 | Depths:1 | your +9 spectral eveningstar {rare} hits the hell hog!
 66913 | Depths:1 | the hell hog completely misses your +9 spectral eveningstar
                  | {rare}.
 66913 | Depths:1 | the hell hog misses your +9 spectral eveningstar {rare}.
 66914 | Depths:1 | your +9 spectral eveningstar {rare} disappears.
 66925 | Hell     | your +9 spectral eveningstar {rare} hits the smoke demon!!!
 66926 | Hell     | your +9 spectral eveningstar {rare} closely misses the hell
                  | beast.
 66927 | Hell     | your +9 spectral eveningstar {rare} hits the hell beast!!
 66928 | Hell     | your +9 spectral eveningstar {rare} hits the hell beast!
 66929 | Hell     | your +9 spectral eveningstar {rare} disappears.
 66933 | Hell     | Reached skill level 18 in Fighting
 66937 | Hell     | your +9 spectral eveningstar {rare} hits the hell beast!
 66937 | Hell     | the hell beast barely misses your +9 spectral eveningstar
                  | {rare}.
 66937 | Hell     | the hell beast tramples your +9 spectral eveningstar
                  | {rare}!
 66937 | Hell     | your +9 spectral eveningstar {rare} holds its ground!
 66938 | Hell     | your +9 spectral eveningstar {rare} hits the hell beast!
 66938 | Hell     | the hell hog bites your +9 spectral eveningstar {rare}!
 66938 | Hell     | your +9 spectral eveningstar {rare} disappears.
 66941 | Hell     | your +9 spectral eveningstar {rare} hits the hell beast.
 66941 | Hell     | the hell hog bites your +9 spectral eveningstar {rare}.
 66941 | Hell     | the hell beast closely misses your +9 spectral eveningstar
                  | {rare}.
 66941 | Hell     | the hell beast barely misses your +9 spectral eveningstar
                  | {rare}.
 66941 | Hell     | the hell beast bites your +9 spectral eveningstar {rare}.
 66941 | Hell     | the hell beast tramples your +9 spectral eveningstar {rare}
                  | but does no damage.
 66941 | Hell     | the hell hog closely misses your +9 spectral eveningstar
                  | {rare}.
 66942 | Hell     | your +9 spectral eveningstar {rare} disappears.
 67083 | Pan      | Entered Pandemonium
 67091 | Pan      | your +9 spectral eveningstar {rare} hits the green death!
 67092 | Pan      | your +9 spectral eveningstar {rare} hits the green death!!!
 67093 | Pan      | your +9 spectral eveningstar {rare} disappears.
 67117 | Pan      | your +9 spectral eveningstar {rare} closely misses the ice
                  | devil.
 67118 | Pan      | your +9 spectral eveningstar {rare} disappears.
 67132 | Pan      | your +9 spectral eveningstar {rare} hits the soul eater!!
 67133 | Pan      | your +9 spectral eveningstar {rare} disappears.
 67134 | Pan      | your +9 spectral eveningstar {rare} hits the ice devil.
 67134 | Pan      | the ice devil closely misses your +9 spectral eveningstar
                  | {rare}.
 67134 | Pan      | the ice devil completely misses your +9 spectral
                  | eveningstar {rare}.
 67135 | Pan      | your +9 spectral eveningstar {rare} hits the ice devil!!
 67136 | Pan      | Reached skill level 7 in Maces & Flails
 67136 | Pan      | your +9 spectral eveningstar {rare} hits the demonspawn
                  | black sun but does no damage.
 67136 | Pan      | the demonspawn black sun hits your +9 spectral eveningstar
                  | {rare} with a +1 demon blade of venom.
 67136 | Pan      | your +9 spectral eveningstar {rare} looks weaker.
 67137 | Pan      | your +9 spectral eveningstar {rare} closely misses the
                  | demonspawn black sun.
 67138 | Pan      | your +9 spectral eveningstar {rare} hits the demonspawn
                  | black sun!!
 67139 | Pan      | your +9 spectral eveningstar {rare} hits the demonspawn
                  | black sun!
 67140 | Pan      | Was forgiven by Zin
 67140 | Pan      | your +9 spectral eveningstar {rare} disappears.
 67141 | Pan      | your +9 spectral eveningstar {rare} hits the demonspawn
                  | black sun!
 67142 | Pan      | your +9 spectral eveningstar {rare} disappears.
 67143 | Pan      | your +9 spectral eveningstar {rare} hits the orange
                  | demon!!!
 67144 | Pan      | your +9 spectral eveningstar {rare} hits the Executioner
                  | simulacrum!
 67144 | Pan      | the Executioner simulacrum barely misses your +9 spectral
                  | eveningstar {rare}.
 67144 | Pan      | the Executioner simulacrum closely misses your +9 spectral
                  | eveningstar {rare}.
 67144 | Pan      | the Executioner simulacrum hits your +9 spectral
                  | eveningstar {rare}.
 67144 | Pan      | the Executioner simulacrum freezes your +9 spectral
                  | eveningstar {rare}!
 67144 | Pan      | your +9 spectral eveningstar {rare} resists.
 67144 | Pan      | your +9 spectral eveningstar {rare} looks weaker.
 67144 | Pan      | the Executioner simulacrum hits your +9 spectral
                  | eveningstar {rare}.
 67144 | Pan      | the Executioner simulacrum freezes your +9 spectral
                  | eveningstar {rare}!
 67144 | Pan      | your +9 spectral eveningstar {rare} resists.
 67144 | Pan      | your +9 spectral eveningstar {rare} disappears.
 67145 | Pan      | your +9 spectral eveningstar {rare} hits the Executioner
                  | simulacrum!!
 67146 | Pan      | your +9 spectral eveningstar {rare} hits the demonspawn
                  | black sun but does no damage.
 67147 | Pan      | your +9 spectral eveningstar {rare} hits the demonspawn
                  | black sun!!
 67148 | Pan      | the demonspawn black sun blocks your +9 spectral
                  | eveningstar {rare}'s attack.
 67149 | Pan      | your +9 spectral eveningstar {rare} hits the demonspawn
                  | black sun!!
 67150 | Pan      | your +9 spectral eveningstar {rare} disappears.
 67212 | Pan      | your +9 spectral eveningstar {rare} hits the ice devil!!
 67213 | Pan      | your +9 spectral eveningstar {rare} disappears.
 67214 | Pan      | your +9 spectral eveningstar {rare} hits the ice devil!
 67215 | Pan      | your +9 spectral eveningstar {rare} hits the ice devil.
 67216 | Pan      | your +9 spectral eveningstar {rare} hits the Executioner!
 67217 | Pan      | your +9 spectral eveningstar {rare} hits the Executioner.
 67218 | Pan      | your +9 spectral eveningstar {rare} hits the Executioner!
 67219 | Pan      | your +9 spectral eveningstar {rare} disappears.
 67221 | Pan      | your +9 spectral eveningstar {rare} hits the Executioner
                  | simulacrum!!
 67221 | Pan      | the Executioner simulacrum hits your +9 spectral
                  | eveningstar {rare}.
 67221 | Pan      | the Executioner simulacrum freezes your +9 spectral
                  | eveningstar {rare}!
 67221 | Pan      | your +9 spectral eveningstar {rare} resists.
 67221 | Pan      | the Executioner simulacrum hits your +9 spectral
                  | eveningstar {rare}.
 67221 | Pan      | the Executioner simulacrum freezes your +9 spectral
                  | eveningstar {rare}!
 67221 | Pan      | your +9 spectral eveningstar {rare} resists.
 67221 | Pan      | your +9 spectral eveningstar {rare} disappears.
 67222 | Pan      | your +9 spectral eveningstar {rare} hits the Executioner
                  | simulacrum!!!
 67223 | Pan      | your +9 spectral eveningstar {rare} hits the demonspawn
                  | corrupter!
 67224 | Pan      | your +9 spectral eveningstar {rare} disappears.
 67228 | Pan      | your +9 spectral eveningstar {rare} hits the deep elf
                  | blademaster!!
 67229 | Pan      | your +9 spectral eveningstar {rare} barely misses the
                  | demonspawn corrupter.
 67230 | Pan      | your +9 spectral eveningstar {rare} hits the demonspawn
                  | corrupter!!!
 67231 | Pan      | your +9 spectral eveningstar {rare} disappears.
 67232 | Pan      | your +9 spectral eveningstar {rare} misses the Executioner.
 67233 | Pan      | your +9 spectral eveningstar {rare} hits the green death!
 67234 | Pan      | your +9 spectral eveningstar {rare} hits the green death.
 67235 | Pan      | your +9 spectral eveningstar {rare} hits the green death!!!
 67236 | Pan      | your +9 spectral eveningstar {rare} disappears.
 67237 | Pan      | your +9 spectral eveningstar {rare} hits the large
                  | abomination but does no damage.
 67238 | Pan      | your +9 spectral eveningstar {rare} hits the large
                  | abomination!
 67239 | Pan      | your +9 spectral eveningstar {rare} disappears.
 67240 | Pan      | Reached skill level 14 in Earth Magic
 67243 | Pan      | your +9 spectral eveningstar {rare} hits the lorocyproca!
 67335 | Pan      | your +9 spectral eveningstar {rare} hits the chaos spawn!
 67335 | Pan      | the chaos spawn gores your +9 spectral eveningstar {rare}.
 67335 | Pan      | your +9 spectral eveningstar {rare} appears confused.
 67336 | Pan      | your +9 spectral eveningstar {rare} hits the chaos spawn!!
 67337 | Pan      | your +9 spectral eveningstar {rare} disappears.
 67349 | Pan      | your +9 spectral eveningstar {rare} hits the large
                  | abomination!!
 67350 | Pan      | your +9 spectral eveningstar {rare} barely misses the large
                  | abomination.
 67351 | Pan      | your +9 spectral eveningstar {rare} hits the large
                  | abomination!
 67351 | Pan      | the large abomination hits your +9 spectral eveningstar
                  | {rare}!!
 67351 | Pan      | your +9 spectral eveningstar {rare} disappears.
 67352 | Pan      | your +9 spectral eveningstar {rare} hits the large
                  | abomination!!
 67353 | Pan      | your +9 spectral eveningstar {rare} disappears.
 67418 | Pan      | your +9 spectral eveningstar {rare} hits the large
                  | abomination!
 67418 | Pan      | the large abomination closely misses your +9 spectral
                  | eveningstar {rare}.
 67419 | Pan      | your +9 spectral eveningstar {rare} disappears.
 67444 | Pan      | your +9 spectral eveningstar {rare} barely misses the rust
                  | devil.
 67445 | Pan      | your +9 spectral eveningstar {rare} hits the rust devil!!
 67446 | Pan      | your +9 spectral eveningstar {rare} hits the rust devil.
 67446 | Pan      | the rust devil hits your +9 spectral eveningstar {rare}.
 67447 | Pan      | your +9 spectral eveningstar {rare} hits the rust devil!!
 67448 | Pan      | your +9 spectral eveningstar {rare} disappears.
 67450 | Pan      | your +9 spectral eveningstar {rare} hits the large
                  | abomination!
 67451 | Pan      | your +9 spectral eveningstar {rare} hits the large
                  | abomination!!
 67452 | Pan      | your +9 spectral eveningstar {rare} disappears.
 67487 | Pan      | Noticed Leopsu the pandemonium lord
 67542 | Pan      | your +9 spectral eveningstar {rare} hits the smoke demon!!
 67543 | Pan      | your +9 spectral eveningstar {rare} disappears.
 67552 | Pan      | your +9 spectral eveningstar {rare} hits the blizzard
                  | demon!!
 67553 | Pan      | your +9 spectral eveningstar {rare} hits the blizzard
                  | demon!!
 67554 | Pan      | your +9 spectral eveningstar {rare} hits the blizzard
                  | demon!!
 67555 | Pan      | your +9 spectral eveningstar {rare} disappears.
 67556 | Pan      | your +9 spectral eveningstar {rare} hits the blizzard
                  | demon!
 67557 | Pan      | your +9 spectral eveningstar {rare} hits the blizzard
                  | demon!!
 67558 | Pan      | your +9 spectral eveningstar {rare} hits the blizzard
                  | demon!
 67559 | Pan      | your +9 spectral eveningstar {rare} disappears.
 67563 | Pan      | your +9 spectral eveningstar {rare} hits the walking
                  | frostbound tome!!!
 67564 | Pan      | your +9 spectral eveningstar {rare} disappears.
 67565 | Pan      | your +9 spectral eveningstar {rare} hits the blizzard
                  | demon!!
 67566 | Pan      | your +9 spectral eveningstar {rare} disappears.
 67579 | Pan      | your +9 spectral eveningstar {rare} hits the blizzard
                  | demon!
 67580 | Pan      | your +9 spectral eveningstar {rare} disappears.
 67589 | Pan      | your +9 spectral eveningstar {rare} hits the blizzard
                  | demon!
 67590 | Pan      | your +9 spectral eveningstar {rare} hits the blizzard
                  | demon!
 67590 | Pan      | the blizzard demon hits your +9 spectral eveningstar {rare}
                  | but does no damage.
 67590 | Pan      | the blizzard demon barely misses your +9 spectral
                  | eveningstar {rare}.
 67590 | Pan      | The bolt of lightning hits your +9 spectral eveningstar
                  | {rare}.
 67590 | Pan      | your +9 spectral eveningstar {rare} resists.
 67590 | Pan      | the red devil hits your +9 spectral eveningstar {rare} from
                  | afar with a +0 trident!
 67590 | Pan      | your +9 spectral eveningstar {rare} disappears.
 67591 | Pan      | your +9 spectral eveningstar {rare} hits the blizzard
                  | demon!
 67592 | Pan      | your +9 spectral eveningstar {rare} disappears.
 67594 | Pan      | Reached skill level 20 in Conjurations
 67594 | Pan      | your +9 spectral eveningstar {rare} barely misses the
                  | blizzard demon.
 67595 | Pan      | your +9 spectral eveningstar {rare} hits the blizzard
                  | demon!!
 67596 | Pan      | your +9 spectral eveningstar {rare} hits the demonic
                  | crawler!!
 67596 | Pan      | the demonic crawler misses your +9 spectral eveningstar
                  | {rare}.
 67596 | Pan      | the demonic crawler closely misses your +9 spectral
                  | eveningstar {rare}.
 67596 | Pan      | the demonic crawler hits your +9 spectral eveningstar
                  | {rare}.
 67596 | Pan      | the demonic crawler hits your +9 spectral eveningstar
                  | {rare}!
 67596 | Pan      | the demonic crawler hits your +9 spectral eveningstar
                  | {rare}!
 67596 | Pan      | your +9 spectral eveningstar {rare} disappears.
 67597 | Pan      | your +9 spectral eveningstar {rare} hits the blizzard
                  | demon!!
 67597 | Pan      | The bolt of lightning misses your +9 spectral eveningstar
                  | {rare}.
 67598 | Pan      | your +9 spectral eveningstar {rare} hits the demonic
                  | crawler.
 67599 | Pan      | your +9 spectral eveningstar {rare} disappears.
 67602 | Pan      | your +9 spectral eveningstar {rare} hits the blizzard
                  | demon.
 67603 | Pan      | your +9 spectral eveningstar {rare} hits the blizzard
                  | demon!!
 67604 | Pan      | your +9 spectral eveningstar {rare} disappears.
 67611 | Pan      | your +9 spectral eveningstar {rare} completely misses the
                  | walking frostbound tome.
 67612 | Pan      | your +9 spectral eveningstar {rare} barely misses the
                  | walking frostbound tome.
 67613 | Pan      | your +9 spectral eveningstar {rare} hits the walking
                  | frostbound tome!!
 67613 | Pan      | the walking frostbound tome closely misses your +9 spectral
                  | eveningstar {rare}.
 67614 | Pan      | your +9 spectral eveningstar {rare} closely misses the
                  | walking frostbound tome.
 67615 | Pan      | your +9 spectral eveningstar {rare} hits the walking
                  | frostbound tome.
 67615 | Pan      | the lorocyproca misses your +9 spectral eveningstar {rare}.
 67616 | Pan      | your +9 spectral eveningstar {rare} disappears.
 67618 | Pan      | your +9 spectral eveningstar {rare} hits the lorocyproca!
 67619 | Pan      | your +9 spectral eveningstar {rare} misses the lorocyproca.
 67620 | Pan      | Hit: a) +9 eveningstar (spect) {rare}
 67620 | Pan      | Hit: a) +9 eveningstar (spect) {rare}
 67620 | Pan      | Hit: a) +9 eveningstar (spect) {rare}
 67620 | Pan      | Press: ? - help, Dir - move target, f - +9 spectral
                  | eveningstar {rare}
 67620 | Pan      | Aim: a +9 spectral eveningstar {rare} (durably summoned,
                  | friendly, about 35% to evade your +9 spectral eveningstar)
 67620 | Pan      | Hit: a) +9 eveningstar (spect) {rare}
 67620 | Pan      | Hit: a) +9 eveningstar (spect) {rare}
 67620 | Pan      | your +9 spectral eveningstar {rare} disappears.
 67631 | Pan      | your +9 spectral eveningstar {rare} hits the lorocyproca!!
 67632 | Pan      | your +9 spectral eveningstar {rare} barely misses Leopsu.
 67632 | Pan      | the lorocyproca completely misses your +9 spectral
                  | eveningstar {rare}.
 67633 | Pan      | your +9 spectral eveningstar {rare} hits Leopsu!!
 67633 | Pan      | Leopsu trunk-slaps your +9 spectral eveningstar {rare}!
 67633 | Pan      | your +9 spectral eveningstar {rare} looks weaker.
 67633 | Pan      | your +9 spectral eveningstar {rare} looks even weaker.
 67633 | Pan      | the lorocyproca barely misses your +9 spectral eveningstar
                  | {rare}.
 67634 | Pan      | Killed Leopsu the pandemonium lord
 67634 | Pan      | your +9 spectral eveningstar {rare} disappears.
 67635 | Pan      | Reached skill level 8 in Maces & Flails
 67636 | Pan      | your +9 spectral eveningstar {rare} completely misses the
                  | lorocyproca.
 67637 | Pan      | your +9 spectral eveningstar {rare} hits the lorocyproca
                  | but does no damage.
 67638 | Pan      | your +9 spectral eveningstar {rare} disappears.
 67639 | Pan      | your +9 spectral eveningstar {rare} hits the demonspawn
                  | black sun!!!
 67640 | Pan      | your +9 spectral eveningstar {rare} hits the demonspawn
                  | black sun!
 67640 | Pan      | the demonspawn black sun barely misses your +9 spectral
                  | eveningstar {rare}.
 67641 | Pan      | your +9 spectral eveningstar {rare} hits the demonspawn
                  | black sun!!
 67642 | Pan      | your +9 spectral eveningstar {rare} disappears.
 67662 | Pan      | your +9 spectral eveningstar {rare} hits the ice statue!!
 67663 | Pan      | your +9 spectral eveningstar {rare} disappears.
 67667 | Pan      | You pick up a book of Scorching and begin reading...
 67670 | Pan      | Got a demonic rune of Zot
 67682 | Pan      | your +9 spectral eveningstar {rare} barely misses the
                  | lorocyproca.
 67683 | Pan      | your +9 spectral eveningstar {rare} hits the lorocyproca!!
 67684 | Pan      | your +9 spectral eveningstar {rare} disappears.
 67755 | Pan      | Found an exit through the horrors of the Abyss.
 67813 | Pan      | Found a huge runed translucent gate.
 67826 | Pan      | Found a huge runed translucent gate.
 67827 | Pan      | Found a huge runed translucent gate.
 67828 | Pan      | Found a huge runed translucent gate.
 67828 | Pan      | Found a huge runed translucent gate.
 67895 | Pan      | your +9 spectral eveningstar {rare} hits the lorocyproca!!
 67896 | Pan      | your +9 spectral eveningstar {rare} hits the demonspawn
                  | black sun!
 67896 | Pan      | the demonspawn black sun closely misses your +9 spectral
                  | eveningstar {rare}.
 67897 | Pan      | your +9 spectral eveningstar {rare} barely misses the
                  | demonspawn black sun.
 67898 | Pan      | your +9 spectral eveningstar {rare} barely misses the
                  | demonspawn black sun.
 67899 | Pan      | your +9 spectral eveningstar {rare} disappears.
 67902 | Pan      | your +9 spectral eveningstar {rare} hits the Tzitzimitl!!
 67903 | Pan      | your +9 spectral eveningstar {rare} hits the Tzitzimitl!!
 67904 | Pan      | your +9 spectral eveningstar {rare} hits the Tzitzimitl!
 67905 | Pan      | your +9 spectral eveningstar {rare} disappears.
 67908 | Pan      | the demonspawn black sun blocks your +9 spectral
                  | eveningstar {rare}'s attack.
 67909 | Pan      | your +9 spectral eveningstar {rare} hits the demonspawn
                  | black sun!
 67910 | Pan      | your +9 spectral eveningstar {rare} hits the demonic
                  | crawler!!!
 67911 | Pan      | your +9 spectral eveningstar {rare} disappears.
 67912 | Pan      | your +9 spectral eveningstar {rare} barely misses the
                  | lorocyproca.
 67913 | Pan      | your +9 spectral eveningstar {rare} hits the lorocyproca
                  | but does no damage.
 67913 | Pan      | the lorocyproca hits your +9 spectral eveningstar {rare}!!
 67913 | Pan      | your +9 spectral eveningstar {rare} disappears.
 67915 | Pan      | the demonspawn black sun blocks your +9 spectral
                  | eveningstar {rare}'s attack.
 67915 | Pan      | the demonspawn black sun hits your +9 spectral eveningstar
                  | {rare} with a +2 demon blade of flaming!!
 67915 | Pan      | the demonspawn black sun burns your +9 spectral eveningstar
                  | {rare}.
 67915 | Pan      | your +9 spectral eveningstar {rare} disappears.
 67916 | Pan      | your +9 spectral eveningstar {rare} hits the demonspawn
                  | black sun!!!
 67917 | Pan      | your +9 spectral eveningstar {rare} disappears.
 67919 | Pan      | your +9 spectral eveningstar {rare} hits the sixfirhy!!
 67920 | Pan      | your +9 spectral eveningstar {rare} disappears.
 67992 | Pan      | your +9 spectral eveningstar {rare} hits the Tzitzimitl!
 67993 | Pan      | your +9 spectral eveningstar {rare} disappears.
 68037 | Pan      | your +9 spectral eveningstar {rare} barely misses the sun
                  | demon.
 68038 | Pan      | your +9 spectral eveningstar {rare} hits the sun demon!!
 68039 | Pan      | your +9 spectral eveningstar {rare} disappears.
 68045 | Pan      | Noticed Seschacie the pandemonium lord
 68046 | Pan      | your +9 spectral eveningstar {rare} hits the sun demon.
 68047 | Pan      | your +9 spectral eveningstar {rare} disappears.
 68049 | Pan      | your +9 spectral eveningstar {rare} barely misses the sun
                  | demon.
 68050 | Pan      | your +9 spectral eveningstar {rare} disappears.
 68053 | Pan      | your +9 spectral eveningstar {rare} hits the sun demon.
 68054 | Pan      | your +9 spectral eveningstar {rare} hits the sun demon!
 68055 | Pan      | your +9 spectral eveningstar {rare} disappears.
 68057 | Pan      | your +9 spectral eveningstar {rare} closely misses
                  | Seschacie.
 68058 | Pan      | your +9 spectral eveningstar {rare} barely misses
                  | Seschacie.
 68059 | Pan      | your +9 spectral eveningstar {rare} misses Seschacie.
 68060 | Pan      | your +9 spectral eveningstar {rare} misses Seschacie.
 68061 | Pan      | your +9 spectral eveningstar {rare} hits Seschacie!!
 68062 | Pan      | your +9 spectral eveningstar {rare} hits Seschacie!!!
 68062 | Pan      | Seschacie gestures at your +9 spectral eveningstar {rare}.
 68062 | Pan      | The bolt of fire hits your +9 spectral eveningstar {rare}!!
 68062 | Pan      | your +9 spectral eveningstar {rare} resists.
 68063 | Pan      | Killed Seschacie the pandemonium lord
 68063 | Pan      | your +9 spectral eveningstar {rare} disappears.
 68147 | Pan      | Reached skill level 15 in Earth Magic
 68202 | Pan      | your +9 spectral eveningstar {rare} hits the smoke demon!!
 68203 | Pan      | your +9 spectral eveningstar {rare} disappears.
 68204 | Pan      | your +9 spectral eveningstar {rare} hits the Executioner!
 68205 | Pan      | your +9 spectral eveningstar {rare} misses the Executioner.
 68206 | Pan      | your +9 spectral eveningstar {rare} hits the hellwing!!
 68207 | Pan      | your +9 spectral eveningstar {rare} hits the Executioner.
 68207 | Pan      | the smoke demon misses your +9 spectral eveningstar {rare}.
 68207 | Pan      | the smoke demon hits your +9 spectral eveningstar {rare}.
 68207 | Pan      | the smoke demon misses your +9 spectral eveningstar {rare}.
 68208 | Pan      | your +9 spectral eveningstar {rare} disappears.
 68209 | Pan      | your +9 spectral eveningstar {rare} barely misses the smoke
                  | demon.
 68210 | Pan      | your +9 spectral eveningstar {rare} disappears.
 68224 | Pan      | your +9 spectral eveningstar {rare} hits the demonspawn
                  | blood saint!!
 68225 | Pan      | your +9 spectral eveningstar {rare} hits the demonspawn
                  | blood saint!!
 68225 | Pan      | the demonspawn blood saint hits your +9 spectral
                  | eveningstar {rare} with a +0 quarterstaff.
 68225 | Pan      | your +9 spectral eveningstar {rare} is engulfed in flames!
 68225 | Pan      | your +9 spectral eveningstar {rare} resists.
 68226 | Pan      | your +9 spectral eveningstar {rare} hits the demonspawn
                  | blood saint!!!
 68227 | Pan      | your +9 spectral eveningstar {rare} disappears.
 68255 | Pan      | your +9 spectral eveningstar {rare} hits the sun demon!
 68256 | Pan      | your +9 spectral eveningstar {rare} disappears.
 68258 | Pan      | your +9 spectral eveningstar {rare} hits the smoke demon!!!
 68259 | Pan      | your +9 spectral eveningstar {rare} disappears.
 68263 | Pan      | Reached skill level 9 in Maces & Flails
 68264 | Pan      | your +9 spectral eveningstar {rare} hits the soul eater!!
 68264 | Pan      | Noticed Eschizuj the pandemonium lord
 68265 | Pan      | your +9 spectral eveningstar {rare} disappears.
 68266 | Pan      | your +9 spectral eveningstar {rare} hits the soul eater!!
 68267 | Pan      | magus.rc [v1.10.3]
 68267 | Pan      | your +9 spectral eveningstar {rare} hits the soul eater!
 68268 | Pan      | your +9 spectral eveningstar {rare} disappears.
 68270 | Pan      | your +9 spectral eveningstar {rare} hits the ice devil!!
 68271 | Pan      | your +9 spectral eveningstar {rare} hits the soul eater but
                  | does no damage.
 68272 | Pan      | your +9 spectral eveningstar {rare} hits the soul eater!
 68273 | Pan      | your +9 spectral eveningstar {rare} disappears.
 68274 | Pan      | your +9 spectral eveningstar {rare} hits Eschizuj!!
 68274 | Pan      | the soul eater misses your +9 spectral eveningstar {rare}.
 68275 | Pan      | your +9 spectral eveningstar {rare} hits Eschizuj!
 68275 | Pan      | the soul eater hits your +9 spectral eveningstar {rare} but
                  | does no damage.
 68276 | Pan      | your +9 spectral eveningstar {rare} completely misses
                  | Eschizuj.
 68276 | Pan      | the hellwing barely misses your +9 spectral eveningstar
                  | {rare}.
 68276 | Pan      | the hellwing closely misses your +9 spectral eveningstar
                  | {rare}.
 68276 | Pan      | the soul eater hits your +9 spectral eveningstar {rare} but
                  | does no damage.
 68277 | Pan      | your +9 spectral eveningstar {rare} closely misses
                  | Eschizuj.
 68277 | Pan      | the hellwing closely misses your +9 spectral eveningstar
                  | {rare}.
 68277 | Pan      | the hellwing hits your +9 spectral eveningstar {rare} but
                  | does no damage.
 68277 | Pan      | the soul eater hits your +9 spectral eveningstar {rare}!
 68278 | Pan      | your +9 spectral eveningstar {rare} hits Eschizuj.
 68278 | Pan      | the hellwing hits your +9 spectral eveningstar {rare} but
                  | does no damage.
 68278 | Pan      | the hellwing hits your +9 spectral eveningstar {rare}.
 68278 | Pan      | the soul eater hits your +9 spectral eveningstar {rare}!!
 68278 | Pan      | your +9 spectral eveningstar {rare} disappears.
 68279 | Pan      | your +9 spectral eveningstar {rare} completely misses
                  | Eschizuj.
 68279 | Pan      | the hellwing misses your +9 spectral eveningstar {rare}.
 68279 | Pan      | the hellwing hits your +9 spectral eveningstar {rare} but
                  | does no damage.
 68279 | Pan      | the soul eater barely misses your +9 spectral eveningstar
                  | {rare}.
 68280 | Pan      | your +9 spectral eveningstar {rare} completely misses
                  | Eschizuj.
 68280 | Pan      | the soul eater closely misses your +9 spectral eveningstar
                  | {rare}.
 68280 | Pan      | the hellwing hits your +9 spectral eveningstar {rare}.
 68280 | Pan      | the hellwing completely misses your +9 spectral eveningstar
                  | {rare}.
 68281 | Pan      | your +9 spectral eveningstar {rare} disappears.
 68287 | Pan      | Killed Eschizuj the pandemonium lord
 68292 | Pan      | your +9 spectral eveningstar {rare} hits the hellwing!!
 68293 | Pan      | your +9 spectral eveningstar {rare} disappears.
 68313 | Pan      | Reached skill level 19 in Fighting
 68414 | Pan      | your +9 spectral eveningstar {rare} hits the sun demon!
 68415 | Pan      | your +9 spectral eveningstar {rare} misses the sun demon.
 68416 | Pan      | your +9 spectral eveningstar {rare} hits the lorocyproca!!
 68417 | Pan      | your +9 spectral eveningstar {rare} hits the lorocyproca!!
 68418 | Pan      | your +9 spectral eveningstar {rare} disappears.
 68419 | Pan      | your +9 spectral eveningstar {rare} hits the sun demon!!
 68420 | Pan      | your +9 spectral eveningstar {rare} barely misses the sun
                  | demon.
 68421 | Pan      | your +9 spectral eveningstar {rare} hits the sun demon!!!
 68422 | Pan      | your +9 spectral eveningstar {rare} disappears.
 68442 | Pan      | your +9 spectral eveningstar {rare} hits the soul eater!!
 68442 | Pan      | the soul eater hits your +9 spectral eveningstar {rare}!
 68443 | Pan      | your +9 spectral eveningstar {rare} hits the soul eater!!
 68444 | Pan      | your +9 spectral eveningstar {rare} disappears.
 68564 | Pan      | Entered the realm of Lom Lobon.
 68565 | Pan      | your +9 spectral eveningstar {rare} hits the blizzard
                  | demon!!
 68566 | Pan      | your +9 spectral eveningstar {rare} disappears.
 68568 | Pan      | your +9 spectral eveningstar {rare} hits the green death!
 68569 | Pan      | your +9 spectral eveningstar {rare} hits the green death.
 68569 | Pan      | the hellwing misses your +9 spectral eveningstar {rare}.
 68569 | Pan      | the hellwing completely misses your +9 spectral eveningstar
                  | {rare}.
 68570 | Pan      | your +9 spectral eveningstar {rare} disappears.
 68571 | Pan      | your +9 spectral eveningstar {rare} hits the hellwing!!
 68572 | Pan      | your +9 spectral eveningstar {rare} disappears.
 68599 | Pan      | your +9 spectral eveningstar {rare} hits the blizzard
                  | demon!!
 68600 | Pan      | your +9 spectral eveningstar {rare} disappears.
 68621 | Pan      | your +9 spectral eveningstar {rare} hits the smoke demon.
 68622 | Pan      | your +9 spectral eveningstar {rare} disappears.
 68634 | Pan      | your +9 spectral eveningstar {rare} hits the hellwing!
 68635 | Pan      | your +9 spectral eveningstar {rare} hits the hellwing.
 68636 | Pan      | your +9 spectral eveningstar {rare} disappears.
 68670 | Pan      | your +9 spectral eveningstar {rare} hits the hellwing but
                  | does no damage.
 68671 | Pan      | your +9 spectral eveningstar {rare} hits the hellwing!
 68671 | Pan      | the hellwing hits your +9 spectral eveningstar {rare} but
                  | does no damage.
 68671 | Pan      | the hellwing hits your +9 spectral eveningstar {rare} but
                  | does no damage.
 68672 | Pan      | your +9 spectral eveningstar {rare} hits the hellwing.
 68672 | Pan      | the hellwing barely misses your +9 spectral eveningstar
                  | {rare}.
 68672 | Pan      | the hellwing completely misses your +9 spectral eveningstar
                  | {rare}.
 68673 | Pan      | your +9 spectral eveningstar {rare} hits the hellwing!!
 68674 | Pan      | your +9 spectral eveningstar {rare} disappears.
 68675 | Pan      | your +9 spectral eveningstar {rare} hits the hellwing but
                  | does no damage.
 68676 | Pan      | your +9 spectral eveningstar {rare} closely misses the
                  | hellwing.
 68677 | Pan      | your +9 spectral eveningstar {rare} barely misses the
                  | hellwing.
 68678 | Pan      | your +9 spectral eveningstar {rare} hits the hellwing!
 68679 | Pan      | your +9 spectral eveningstar {rare} disappears.
 68680 | Pan      | your +9 spectral eveningstar {rare} hits the hellwing!!!
 68681 | Pan      | your +9 spectral eveningstar {rare} disappears.
 68800 | Pan      | your +9 spectral eveningstar {rare} hits the rakshasa!!!
 68801 | Pan      | your +9 spectral eveningstar {rare} hits the blizzard
                  | demon!!
 68802 | Pan      | your +9 spectral eveningstar {rare} disappears.
 68874 | Pan      | your +9 spectral eveningstar {rare} hits the blizzard
                  | demon!!
 68875 | Pan      | your +9 spectral eveningstar {rare} disappears.
 68899 | Pan      | your +9 spectral eveningstar {rare} hits the green death!
 68900 | Pan      | your +9 spectral eveningstar {rare} hits the green death!
 68900 | Pan      | the green death misses your +9 spectral eveningstar {rare}.
 68901 | Pan      | your +9 spectral eveningstar {rare} disappears.
 68996 | Pan      | your +9 spectral eveningstar {rare} hits the smoke demon!!
 68997 | Pan      | your +9 spectral eveningstar {rare} disappears.
 69024 | Pan      | your +9 spectral eveningstar {rare} hits the green death!!
 69025 | Pan      | your +9 spectral eveningstar {rare} disappears.
 69038 | Pan      | your +9 spectral eveningstar {rare} hits the blizzard
                  | demon!!
 69039 | Pan      | your +9 spectral eveningstar {rare} barely misses the
                  | blizzard demon.
 69040 | Pan      | your +9 spectral eveningstar {rare} hits the blizzard
                  | demon!
 69040 | Pan      | The air twists around and strikes your +9 spectral
                  | eveningstar {rare}!!
 69041 | Pan      | your +9 spectral eveningstar {rare} disappears.
 69051 | Pan      | your +9 spectral eveningstar {rare} hits the hellwing!!
 69052 | Pan      | your +9 spectral eveningstar {rare} disappears.
 69053 | Pan      | your +9 spectral eveningstar {rare} hits the hellwing!
 69054 | Pan      | your +9 spectral eveningstar {rare} disappears.
 69059 | Pan      | your +9 spectral eveningstar {rare} hits the green death!!
 69060 | Pan      | your +9 spectral eveningstar {rare} barely misses the
                  | hellwing.
 69061 | Pan      | your +9 spectral eveningstar {rare} disappears.
 69069 | Pan      | your +9 spectral eveningstar {rare} hits the hellwing!!!
 69070 | Pan      | your +9 spectral eveningstar {rare} disappears.
 69161 | Pan      | your +9 spectral eveningstar {rare} closely misses the
                  | storm dragon.
 69162 | Pan      | your +9 spectral eveningstar {rare} barely misses the storm
                  | dragon.
 69163 | Pan      | your +9 spectral eveningstar {rare} hits the storm dragon
                  | but does no damage.
 69164 | Pan      | your +9 spectral eveningstar {rare} hits the storm dragon!
 69165 | Pan      | your +9 spectral eveningstar {rare} hits the storm dragon!
 69166 | Pan      | your +9 spectral eveningstar {rare} hits the storm dragon!!
 69167 | Pan      | your +9 spectral eveningstar {rare} disappears.
 69209 | Pan      | your +9 spectral eveningstar {rare} hits the storm dragon!
 69210 | Pan      | your +9 spectral eveningstar {rare} hits the storm dragon!!
 69211 | Pan      | your +9 spectral eveningstar {rare} hits the storm
                  | dragon!!!
 69212 | Pan      | your +9 spectral eveningstar {rare} disappears.
 69213 | Pan      | +0 storm dragon scales {rare}; a storm dragon corpse
 69235 | Pan      | your +9 spectral eveningstar {rare} completely misses the
                  | blizzard demon.
 69235 | Pan      | The ghostly fireball engulfs your +9 spectral eveningstar
                  | {rare}.
 69235 | Pan      | your +9 spectral eveningstar {rare} completely resists.
 69235 | Pan      | The iceblast engulfs your +9 spectral eveningstar {rare}!!
 69235 | Pan      | your +9 spectral eveningstar {rare} partially resists.
 69235 | Pan      | your +9 spectral eveningstar {rare} disappears.
 69245 | Pan      | your +9 spectral eveningstar {rare} hits the titan!
 69246 | Pan      | your +9 spectral eveningstar {rare} hits the titan.
 69247 | Pan      | your +9 spectral eveningstar {rare} hits the titan!
 69248 | Pan      | your +9 spectral eveningstar {rare} hits the titan!
 69249 | Pan      | your +9 spectral eveningstar {rare} hits the titan!!
 69250 | Pan      | your +9 spectral eveningstar {rare} disappears.
 69429 | Pan      | your +9 spectral eveningstar {rare} hits the yellow
                  | draconian annihilator!!!
 69430 | Pan      | your +9 spectral eveningstar {rare} disappears.
 69477 | Pan      | Noticed Lom Lobon
 69479 | Pan      | your +9 spectral eveningstar {rare} hits the green death!!
 69480 | Pan      | your +9 spectral eveningstar {rare} hits the green death!
 69489 | Pan      | your +9 spectral eveningstar {rare} hits Lom Lobon!!!
 69489 | Pan      | HP: 47/210 [Lom Lobon/great icy blast (45)]
 69490 | Pan      | your +9 spectral eveningstar {rare} disappears.
 69569 | Pan      | your +9 spectral eveningstar {rare} hits the blizzard
                  | demon!!
 69569 | Pan      | the blizzard demon gestures at your +9 spectral eveningstar
                  | {rare}.
 69569 | Pan      | The bolt of lightning hits your +9 spectral eveningstar
                  | {rare}.
 69569 | Pan      | your +9 spectral eveningstar {rare} resists.
 69569 | Pan      | The bolt of lightning hits your +9 spectral eveningstar
                  | {rare}.
 69569 | Pan      | your +9 spectral eveningstar {rare} resists.
 69570 | Pan      | your +9 spectral eveningstar {rare} hits the blizzard
                  | demon!!!
 69571 | Pan      | Reached skill level 10 in Maces & Flails
 69571 | Pan      | your +9 spectral eveningstar {rare} disappears.
 69579 | Pan      | your +9 spectral eveningstar {rare} hits the green death!!
 69580 | Pan      | your +9 spectral eveningstar {rare} disappears.
 69589 | Pan      | your +9 spectral eveningstar {rare} hits the sixfirhy!!
 69590 | Pan      | your +9 spectral eveningstar {rare} disappears.
 69636 | Pan      | your +9 spectral eveningstar {rare} closely misses the
                  | blizzard demon.
 69637 | Pan      | your +9 spectral eveningstar {rare} hits the blizzard
                  | demon!
 69637 | Pan      | your +9 spectral eveningstar {rare} is engulfed in freezing
                  | vapours.
 69638 | Pan      | your +9 spectral eveningstar {rare} disappears.
 69641 | Pan      | your +9 spectral eveningstar {rare} hits the green death!
 69642 | Pan      | your +9 spectral eveningstar {rare} hits the green death!
 69642 | Pan      | the green death hits your +9 spectral eveningstar {rare}
                  | but does no damage.
 69643 | Pan      | your +9 spectral eveningstar {rare} hits the green death!!
 69643 | Pan      | the green death hits your +9 spectral eveningstar {rare}!
 69644 | Pan      | your +9 spectral eveningstar {rare} hits the green death!!
 69645 | Pan      | your +9 spectral eveningstar {rare} disappears.
 69716 | Pan      | your +9 spectral eveningstar {rare} hits the sixfirhy!!
 69717 | Pan      | your +9 spectral eveningstar {rare} disappears.
 69811 | Pan      | your +9 spectral eveningstar {rare} closely misses the
                  | smoke demon.
 69812 | Pan      | your +9 spectral eveningstar {rare} hits the smoke demon!!!
 69813 | Pan      | your +9 spectral eveningstar {rare} hits the hellwing!
 69814 | Pan      | your +9 spectral eveningstar {rare} hits the hellwing!!
 69815 | Pan      | your +9 spectral eveningstar {rare} hits the hellwing!
 69816 | Pan      | your +9 spectral eveningstar {rare} hits the hellwing!
 69817 | Pan      | your +9 spectral eveningstar {rare} disappears.
 69823 | Pan      | your +9 spectral eveningstar {rare} hits the green death!
 69824 | Pan      | your +9 spectral eveningstar {rare} hits the green death!!
 69825 | Pan      | your +9 spectral eveningstar {rare} barely misses the green
                  | death.
 69826 | Pan      | your +9 spectral eveningstar {rare} disappears.
 69827 | Pan      | Reached skill level 16 in Earth Magic
 69843 | Pan      | your +9 spectral eveningstar {rare} barely misses the
                  | blizzard demon.
 69844 | Pan      | your +9 spectral eveningstar {rare} misses the blizzard
                  | demon.
 69845 | Pan      | your +9 spectral eveningstar {rare} hits the blizzard demon
                  | but does no damage.
 69846 | Pan      | your +9 spectral eveningstar {rare} hits the blizzard
                  | demon!
 69846 | Pan      | your +9 spectral eveningstar {rare} is engulfed in freezing
                  | vapours.
 69846 | Pan      | your +9 spectral eveningstar {rare} is engulfed in freezing
                  | vapours.
 69846 | Pan      | your +9 spectral eveningstar {rare} is engulfed in freezing
                  | vapours.
 69847 | Pan      | your +9 spectral eveningstar {rare} disappears.
 69936 | Pan      | Your damage rating with your +9 spectral eveningstar {rare}
                  | is about 50 (Base 15 x 160% (Str) x 160% (Skill) + 12 (Ench
                  | + Slay)).
 69953 | Pan      | your +9 spectral eveningstar {rare} hits Lom Lobon!
 69954 | Pan      | your +9 spectral eveningstar {rare} hits Lom Lobon!!!
 69954 | Pan      | your +9 spectral eveningstar {rare} disappears.
 69955 | Pan      | your +9 spectral eveningstar {rare} hits Lom Lobon!
 69955 | Pan      | The great icy blast engulfs your +9 spectral eveningstar
                  | {rare}!!!
 69955 | Pan      | your +9 spectral eveningstar {rare} partially resists.
 69955 | Pan      | your +9 spectral eveningstar {rare} disappears.
 69956 | Pan      | your +9 spectral eveningstar {rare} hits Lom Lobon!!
 69957 | Pan      | your +9 spectral eveningstar {rare} hits Lom Lobon!
 69957 | Pan      | your +9 spectral eveningstar {rare} disappears.
 69958 | Pan      | your +9 spectral eveningstar {rare} hits Lom Lobon!
 69958 | Pan      | The blast of lightning engulfs your +9 spectral eveningstar
                  | {rare}.
 69958 | Pan      | your +9 spectral eveningstar {rare} resists.
 69958 | Pan      | The blast of lightning engulfs your +9 spectral eveningstar
                  | {rare}!!
 69958 | Pan      | your +9 spectral eveningstar {rare} resists.
 69958 | Pan      | your +9 spectral eveningstar {rare} disappears.
 69964 | Pan      | Got a magical rune of Zot
 69977 | Pan      | your +9 spectral eveningstar {rare} hits the fenstrider
                  | witch!!
 69978 | Pan      | your +9 spectral eveningstar {rare} disappears.
 69990 | Pan      | your +9 spectral eveningstar {rare} hits the smoke demon!!!
 69991 | Pan      | your +9 spectral eveningstar {rare} disappears.
 70051 | Pan      | your +9 spectral eveningstar {rare} hits the large
                  | abomination but does no damage.
 70052 | Pan      | your +9 spectral eveningstar {rare} disappears.
 70054 | Pan      | your +9 spectral eveningstar {rare} hits the lorocyproca
                  | but does no damage.
 70055 | Pan      | your +9 spectral eveningstar {rare} barely misses the
                  | lorocyproca.
 70056 | Pan      | your +9 spectral eveningstar {rare} hits the lorocyproca!!
 70057 | Pan      | your +9 spectral eveningstar {rare} misses the lorocyproca.
 70058 | Pan      | your +9 spectral eveningstar {rare} hits the lorocyproca.
 70059 | Pan      | your +9 spectral eveningstar {rare} disappears.
 70060 | Pan      | your +9 spectral eveningstar {rare} hits the Executioner!
 70061 | Pan      | your +9 spectral eveningstar {rare} misses the Executioner.
 70062 | Pan      | your +9 spectral eveningstar {rare} hits the Executioner!!
 70063 | Pan      | your +9 spectral eveningstar {rare} disappears.
 70103 | Pan      | the demonspawn black sun blocks your +9 spectral
                  | eveningstar {rare}'s attack.
 70104 | Pan      | your +9 spectral eveningstar {rare} disappears.
 70105 | Pan      | the demonspawn black sun blocks your +9 spectral
                  | eveningstar {rare}'s attack.
 70105 | Pan      | the blizzard demon hits your +9 spectral eveningstar
                  | {rare}.
 70105 | Pan      | your +9 spectral eveningstar {rare} looks weaker.
 70105 | Pan      | the blizzard demon closely misses your +9 spectral
                  | eveningstar {rare}.
 70106 | Pan      | your +9 spectral eveningstar {rare} hits the demonspawn
                  | black sun!
 70107 | Pan      | your +9 spectral eveningstar {rare} hits the demonspawn
                  | black sun!!
 70108 | Pan      | the demonspawn black sun blocks your +9 spectral
                  | eveningstar {rare}'s attack.
 70109 | Pan      | the demonspawn black sun blocks your +9 spectral
                  | eveningstar {rare}'s attack.
 70110 | Pan      | your +9 spectral eveningstar {rare} barely misses the
                  | demonspawn black sun.
 70111 | Pan      | your +9 spectral eveningstar {rare} hits the demonspawn
                  | black sun!!
 70114 | Pan      | your +9 spectral eveningstar {rare} hits the demonspawn
                  | blood saint!!
 70115 | Pan      | your +9 spectral eveningstar {rare} hits the demonspawn
                  | blood saint.
 70116 | Pan      | your +9 spectral eveningstar {rare} hits the blizzard
                  | demon!!
 70117 | Pan      | your +9 spectral eveningstar {rare} misses the demonspawn
                  | blood saint.
 70118 | Pan      | your +9 spectral eveningstar {rare} completely misses the
                  | demonspawn blood saint.
 70119 | Pan      | your +9 spectral eveningstar {rare} barely misses the
                  | demonspawn blood saint.
 70120 | Pan      | your +9 spectral eveningstar {rare} hits the demonspawn
                  | blood saint!!!
 70121 | Pan      | your +9 spectral eveningstar {rare} disappears.
 70123 | Pan      | your +9 spectral eveningstar {rare} hits the green death!!
 70124 | Pan      | your +9 spectral eveningstar {rare} hits the green death!
 70125 | Pan      | your +9 spectral eveningstar {rare} disappears.
 70161 | Pan      | your +9 spectral eveningstar {rare} hits the large
                  | abomination!!
 70162 | Pan      | your +9 spectral eveningstar {rare} disappears.
 70163 | Pan      | your +9 spectral eveningstar {rare} hits the large
                  | abomination!!
 70164 | Pan      | your +9 spectral eveningstar {rare} hits the large
                  | abomination!!
 70165 | Pan      | your +9 spectral eveningstar {rare} disappears.
 70166 | Pan      | your +9 spectral eveningstar {rare} hits the large
                  | abomination but does no damage.
 70166 | Pan      | the large abomination closely misses your +9 spectral
                  | eveningstar {rare}.
 70167 | Pan      | your +9 spectral eveningstar {rare} hits the large
                  | abomination!!
 70168 | Pan      | your +9 spectral eveningstar {rare} disappears.
 70169 | Pan      | your +9 spectral eveningstar {rare} hits the Executioner!!
 70169 | Pan      | the Executioner hits your +9 spectral eveningstar {rare}!!
 70169 | Pan      | your +9 spectral eveningstar {rare} disappears.
 70171 | Pan      | your +9 spectral eveningstar {rare} hits the large
                  | abomination!!
 70172 | Pan      | your +9 spectral eveningstar {rare} disappears.
 70173 | Pan      | your +9 spectral eveningstar {rare} hits the large
                  | abomination!!
 70174 | Pan      | your +9 spectral eveningstar {rare} hits the large
                  | abomination!!!
 70175 | Pan      | your +9 spectral eveningstar {rare} hits the Executioner.
 70176 | Pan      | your +9 spectral eveningstar {rare} barely misses the
                  | Executioner.
 70177 | Pan      | your +9 spectral eveningstar {rare} barely misses the
                  | Executioner.
 70178 | Pan      | your +9 spectral eveningstar {rare} disappears.
 70204 | Pan      | your +9 spectral eveningstar {rare} hits the Tzitzimitl!
 70205 | Pan      | your +9 spectral eveningstar {rare} hits the Tzitzimitl!!
 70206 | Pan      | your +9 spectral eveningstar {rare} misses the Tzitzimitl.
 70207 | Pan      | your +9 spectral eveningstar {rare} misses the Tzitzimitl.
 70208 | Pan      | your +9 spectral eveningstar {rare} misses the Tzitzimitl.
 70209 | Pan      | your +9 spectral eveningstar {rare} closely misses the
                  | Tzitzimitl.
 70210 | Pan      | your +9 spectral eveningstar {rare} hits the Tzitzimitl!!
 70211 | Pan      | your +9 spectral eveningstar {rare} disappears.
 70248 | Pan      | your +9 spectral eveningstar {rare} hits the green death!!
 70249 | Pan      | your +9 spectral eveningstar {rare} disappears.
 70255 | Pan      | your +9 spectral eveningstar {rare} hits the sun demon.
 70256 | Pan      | your +9 spectral eveningstar {rare} closely misses the sun
                  | demon.
 70257 | Pan      | your +9 spectral eveningstar {rare} hits the sun demon!!!
 70258 | Pan      | your +9 spectral eveningstar {rare} disappears.
 70260 | Pan      | your +9 spectral eveningstar {rare} completely misses the
                  | sun demon.
 70261 | Pan      | your +9 spectral eveningstar {rare} closely misses the sun
                  | demon.
 70262 | Pan      | your +9 spectral eveningstar {rare} barely misses the sun
                  | demon.
 70263 | Pan      | your +9 spectral eveningstar {rare} disappears.
 70264 | Pan      | your +9 spectral eveningstar {rare} hits the ynoxinul!!!
 70265 | Pan      | your +9 spectral eveningstar {rare} disappears.
 70290 | Pan      | your +9 spectral eveningstar {rare} hits the ynoxinul!!!
 70291 | Pan      | your +9 spectral eveningstar {rare} disappears.
 70292 | Pan      | your +9 spectral eveningstar {rare} hits the soul eater!!
 70293 | Pan      | your +9 spectral eveningstar {rare} disappears.
 70320 | Pan      | the daeva blocks your +9 spectral eveningstar {rare}'s
                  | attack.
 70321 | Pan      | the daeva blocks your +9 spectral eveningstar {rare}'s
                  | attack.
 70322 | Pan      | your +9 spectral eveningstar {rare} hits the daeva!
 70323 | Pan      | the daeva blocks your +9 spectral eveningstar {rare}'s
                  | attack.
 70323 | Pan      | the daeva hits your +9 spectral eveningstar {rare} with a
                  | +5 scimitar of holy wrath!!
 70323 | Pan      | the daeva hits your +9 spectral eveningstar {rare} with a
                  | +5 scimitar of holy wrath!
 70323 | Pan      | your +9 spectral eveningstar {rare} disappears.
 70324 | Pan      | your +9 spectral eveningstar {rare} closely misses the
                  | daeva.
 70325 | Pan      | your +9 spectral eveningstar {rare} hits the daeva!!
 70326 | Pan      | your +9 spectral eveningstar {rare} hits the daeva but does
                  | no damage.
 70327 | Pan      | your +9 spectral eveningstar {rare} hits the daeva!
 70328 | Pan      | the daeva blocks your +9 spectral eveningstar {rare}'s
                  | attack.
 70329 | Pan      | your +9 spectral eveningstar {rare} closely misses the
                  | daeva.
 70330 | Pan      | your +9 spectral eveningstar {rare} disappears.
 70467 | Pan      | Found a white marble altar of Elyvilon.
 70473 | Pan      | your +9 spectral eveningstar {rare} hits the apis!!!
 70474 | Pan      | your +9 spectral eveningstar {rare} hits the apis!!
 70474 | Pan      | the apis gores your +9 spectral eveningstar {rare}!
 70475 | Pan      | your +9 spectral eveningstar {rare} disappears.
 70497 | Pan      | your +9 spectral eveningstar {rare} hits the apis!!
 70498 | Pan      | your +9 spectral eveningstar {rare} hits the apis!!!
 70499 | Pan      | your +9 spectral eveningstar {rare} disappears.
 70505 | Pan      | your +9 spectral eveningstar {rare} completely misses the
                  | apis.
 70506 | Pan      | your +9 spectral eveningstar {rare} hits the apis.
 70507 | Pan      | your +9 spectral eveningstar {rare} disappears.
 70523 | Pan      | your +9 spectral eveningstar {rare} hits the apis.
 70524 | Pan      | your +9 spectral eveningstar {rare} hits the apis.
 70525 | Pan      | your +9 spectral eveningstar {rare} hits the apis!
 70526 | Pan      | your +9 spectral eveningstar {rare} hits the apis!
 70526 | Pan      | the apis gores your +9 spectral eveningstar {rare}!
 70527 | Pan      | your +9 spectral eveningstar {rare} hits the apis!!
 70528 | Pan      | your +9 spectral eveningstar {rare} disappears.
 70532 | Pan      | your +9 spectral eveningstar {rare} hits the apis!
 70532 | Pan      | the apis gores your +9 spectral eveningstar {rare}!
 70533 | Pan      | your +9 spectral eveningstar {rare} disappears.
 70534 | Pan      | your +9 spectral eveningstar {rare} barely misses the apis.
 70535 | Pan      | your +9 spectral eveningstar {rare} hits the apis!!
 70536 | Pan      | your +9 spectral eveningstar {rare} hits the apis!!
 70537 | Pan      | your +9 spectral eveningstar {rare} barely misses the apis.
 70538 | Pan      | your +9 spectral eveningstar {rare} hits the apis!!
 70539 | Pan      | your +9 spectral eveningstar {rare} hits the apis!!
 70540 | Pan      | your +9 spectral eveningstar {rare} disappears.
 70654 | Pan      | Noticed a pearl dragon
 70662 | Pan      | Killed a pearl dragon
 70747 | Pan      | your +9 spectral eveningstar {rare} hits the large
                  | abomination!!!
 70748 | Pan      | your +9 spectral eveningstar {rare} disappears.
 70754 | Pan      | your +9 spectral eveningstar {rare} hits the hellwing!
 70755 | Pan      | your +9 spectral eveningstar {rare} barely misses the
                  | hellwing.
 70756 | Pan      | your +9 spectral eveningstar {rare} disappears.
 70758 | Pan      | your +9 spectral eveningstar {rare} hits the hellwing!
 70758 | Pan      | the hellwing barely misses your +9 spectral eveningstar
                  | {rare}.
 70758 | Pan      | the hellwing hits your +9 spectral eveningstar {rare} but
                  | does no damage.
 70759 | Pan      | your +9 spectral eveningstar {rare} hits the hellwing!!
 70759 | Pan      | the smoke demon hits your +9 spectral eveningstar {rare}
                  | but does no damage.
 70759 | Pan      | the smoke demon misses your +9 spectral eveningstar {rare}.
 70759 | Pan      | the smoke demon hits your +9 spectral eveningstar {rare}
                  | but does no damage.
 70760 | Pan      | your +9 spectral eveningstar {rare} disappears.
 70761 | Pan      | your +9 spectral eveningstar {rare} hits the smoke demon.
 70762 | Pan      | your +9 spectral eveningstar {rare} disappears.
 70783 | Pan      | your +9 spectral eveningstar {rare} closely misses the
                  | chaos spawn.
 70784 | Pan      | your +9 spectral eveningstar {rare} disappears.
 70793 | Pan      | Noticed Zunoptenty the pandemonium lord
 70799 | Pan      | Killed Zunoptenty the pandemonium lord
 70857 | Pan      | your +9 spectral eveningstar {rare} hits the soul eater!!
 70858 | Pan      | your +9 spectral eveningstar {rare} barely misses the soul
                  | eater.
 70859 | Pan      | your +9 spectral eveningstar {rare} misses the soul eater.
 70860 | Pan      | your +9 spectral eveningstar {rare} hits the soul eater!
 70861 | Pan      | your +9 spectral eveningstar {rare} disappears.
 70884 | Pan      | your +9 spectral eveningstar {rare} hits the tormentor but
                  | does no damage.
 70884 | Pan      | the tormentor closely misses your +9 spectral eveningstar
                  | {rare}.
 70884 | Pan      | the tormentor closely misses your +9 spectral eveningstar
                  | {rare}.
 70885 | Pan      | your +9 spectral eveningstar {rare} disappears.
 70886 | Pan      | your +9 spectral eveningstar {rare} completely misses the
                  | shadow demon.
 70887 | Pan      | your +9 spectral eveningstar {rare} hits the shadow demon!!
 70888 | Pan      | your +9 spectral eveningstar {rare} disappears.
 70892 | Pan      | your +9 spectral eveningstar {rare} hits the demonspawn
                  | corrupter!
 70892 | Pan      | the demonspawn corrupter hits your +9 spectral eveningstar
                  | {rare} with a +0 demon whip of electrocution.
 70892 | Pan      | the demonspawn corrupter kicks your +9 spectral eveningstar
                  | {rare}.
 70892 | Pan      | the demonspawn corrupter misses your +9 spectral
                  | eveningstar {rare}.
 70892 | Pan      | the demonspawn corrupter kicks your +9 spectral eveningstar
                  | {rare}!
 70893 | Pan      | your +9 spectral eveningstar {rare} hits the demonspawn
                  | corrupter!
 70894 | Pan      | your +9 spectral eveningstar {rare} hits the demonspawn
                  | corrupter but does no damage.
 70895 | Pan      | your +9 spectral eveningstar {rare} hits the demonspawn
                  | blood saint!!
 70896 | Pan      | your +9 spectral eveningstar {rare} hits the demonspawn
                  | blood saint!!
 70897 | Pan      | your +9 spectral eveningstar {rare} disappears.
 70898 | Pan      | Reached skill level 11 in Maces & Flails
 70938 | Pan      | your +9 spectral eveningstar {rare} hits the sun demon!!
 70939 | Pan      | your +9 spectral eveningstar {rare} disappears.
 70940 | Pan      | your +9 spectral eveningstar {rare} hits the hellwing!
 70941 | Pan      | your +9 spectral eveningstar {rare} hits the hellwing but
                  | does no damage.
 70942 | Pan      | your +9 spectral eveningstar {rare} completely misses the
                  | hellwing.
 70943 | Pan      | your +9 spectral eveningstar {rare} hits the hellwing but
                  | does no damage.
 70944 | Pan      | your +9 spectral eveningstar {rare} hits the hellwing!
 70945 | Pan      | your +9 spectral eveningstar {rare} hits the hellwing!
 70946 | Pan      | your +9 spectral eveningstar {rare} hits the hellwing!!
 70947 | Pan      | your +9 spectral eveningstar {rare} disappears.
 70950 | Pan      | your +9 spectral eveningstar {rare} hits the orange
                  | demon!!!
 70951 | Pan      | your +9 spectral eveningstar {rare} disappears.
 70954 | Pan      | your +9 spectral eveningstar {rare} hits the smoke demon!!
 70955 | Pan      | your +9 spectral eveningstar {rare} disappears.
 70977 | Pan      | your +9 spectral eveningstar {rare} barely misses the chaos
                  | spawn.
 70978 | Pan      | your +9 spectral eveningstar {rare} disappears.
 71012 | Pan      | your +9 spectral eveningstar {rare} closely misses the
                  | fenstrider witch.
 71013 | Pan      | your +9 spectral eveningstar {rare} closely misses the
                  | fenstrider witch.
 71014 | Pan      | your +9 spectral eveningstar {rare} hits the fenstrider
                  | witch!!
 71015 | Pan      | your +9 spectral eveningstar {rare} disappears.
 71046 | Pan      | your +9 spectral eveningstar {rare} hits the chaos spawn!
 71047 | Pan      | your +9 spectral eveningstar {rare} disappears.
 71071 | Pan      | your +9 spectral eveningstar {rare} hits the chaos spawn!!!
 71072 | Pan      | Reached skill level 21 in Conjurations
 71072 | Pan      | your +9 spectral eveningstar {rare} disappears.
 71074 | Pan      | your +9 spectral eveningstar {rare} hits the chaos spawn!
 71075 | Pan      | your +9 spectral eveningstar {rare} disappears.
 71092 | Pan      | your +9 spectral eveningstar {rare} hits the smoke demon!!
 71093 | Pan      | your +9 spectral eveningstar {rare} disappears.
 71103 | Pan      | your +9 spectral eveningstar {rare} hits the demonspawn
                  | blood saint!
 71104 | Pan      | your +9 spectral eveningstar {rare} hits the demonspawn
                  | blood saint.
 71104 | Pan      | The iceblast engulfs your +9 spectral eveningstar {rare}!
 71104 | Pan      | your +9 spectral eveningstar {rare} partially resists.
 71104 | Pan      | The iceblast engulfs your +9 spectral eveningstar {rare}!!
 71104 | Pan      | your +9 spectral eveningstar {rare} partially resists.
 71104 | Pan      | your +9 spectral eveningstar {rare} disappears.
 71105 | Pan      | your +9 spectral eveningstar {rare} hits the demonspawn
                  | blood saint!!!
 71106 | Pan      | your +9 spectral eveningstar {rare} disappears.
 71108 | Pan      | your +9 spectral eveningstar {rare} hits the balrug.
 71109 | Pan      | your +9 spectral eveningstar {rare} hits the balrug!
 71109 | Pan      | the balrug hits your +9 spectral eveningstar {rare} with a
                  | +3 demon whip of freezing!
 71109 | Pan      | your +9 spectral eveningstar {rare} is engulfed in flames!
 71109 | Pan      | your +9 spectral eveningstar {rare} resists.
 71109 | Pan      | the balrug freezes your +9 spectral eveningstar {rare}.
 71109 | Pan      | your +9 spectral eveningstar {rare} disappears.
 71110 | Pan      | your +9 spectral eveningstar {rare} barely misses the
                  | balrug.
 71111 | Pan      | your +9 spectral eveningstar {rare} hits the balrug!!
 71112 | Pan      | your +9 spectral eveningstar {rare} disappears.
 71114 | Pan      | your +9 spectral eveningstar {rare} closely misses the
                  | chaos spawn.
 71115 | Pan      | your +9 spectral eveningstar {rare} hits the chaos spawn!
 71115 | Pan      | your +9 spectral eveningstar {rare} is engulfed in seething
                  | chaos.
 71115 | Pan      | your +9 spectral eveningstar {rare} is engulfed in seething
                  | chaos.
 71116 | Pan      | your +9 spectral eveningstar {rare} disappears.
 71130 | Pan      | your +9 spectral eveningstar {rare} hits the ice devil.
 71131 | Pan      | your +9 spectral eveningstar {rare} disappears.
 71132 | Pan      | your +9 spectral eveningstar {rare} hits the blizzard
                  | demon!
 71133 | Pan      | your +9 spectral eveningstar {rare} hits the blizzard
                  | demon!!
 71134 | Pan      | your +9 spectral eveningstar {rare} disappears.
 71140 | Pan      | your +9 spectral eveningstar {rare} hits the blizzard
                  | demon!!
 71141 | Pan      | your +9 spectral eveningstar {rare} hits the blizzard
                  | demon!!
 71142 | Pan      | your +9 spectral eveningstar {rare} disappears.
 71213 | Pan      | your +9 spectral eveningstar {rare} hits the Tzitzimitl!
 71214 | Pan      | Reached skill level 20 in Fighting
 71214 | Pan      | your +9 spectral eveningstar {rare} disappears.
 71288 | Pan      | your +9 spectral eveningstar {rare} completely misses the
                  | Tzitzimitl.
 71289 | Pan      | your +9 spectral eveningstar {rare} disappears.
 71302 | Pan      | You pick up a book of Dreams and begin reading...
 71305 | Pan      | your +9 spectral eveningstar {rare} hits the Hell
                  | Sentinel!!
 71306 | Pan      | your +9 spectral eveningstar {rare} disappears.
 71325 | Pan      | your +9 spectral eveningstar {rare} hits the chaos spawn!
 71326 | Pan      | your +9 spectral eveningstar {rare} completely misses the
                  | chaos spawn.
 71327 | Pan      | your +9 spectral eveningstar {rare} hits the chaos spawn!!
 71327 | Pan      | your +9 spectral eveningstar {rare} is engulfed in seething
                  | chaos.
 71327 | Pan      | your +9 spectral eveningstar {rare} is engulfed in seething
                  | chaos.
 71328 | Pan      | your +9 spectral eveningstar {rare} disappears.
 71384 | Pan      | the demonspawn corrupter blocks your +9 spectral
                  | eveningstar {rare}'s attack.
 71385 | Pan      | your +9 spectral eveningstar {rare} hits the demonspawn
                  | corrupter!!
 71386 | Pan      | your +9 spectral eveningstar {rare} disappears.
 71390 | Pan      | your +9 spectral eveningstar {rare} hits the demonspawn
                  | corrupter.
 71390 | Pan      | the demonspawn corrupter barely misses your +9 spectral
                  | eveningstar {rare}.
 71390 | Pan      | the demonspawn corrupter kicks your +9 spectral eveningstar
                  | {rare}!
 71390 | Pan      | the tentacled starspawn bites your +9 spectral eveningstar
                  | {rare}.
 71390 | Pan      | the tentacled starspawn tentacle-slaps your +9 spectral
                  | eveningstar {rare}!!
 71390 | Pan      | your +9 spectral eveningstar {rare} disappears.
 71392 | Pan      | your +9 spectral eveningstar {rare} misses the shadow
                  | demon.
 71393 | Pan      | your +9 spectral eveningstar {rare} disappears.
 71407 | Pan      | your +9 spectral eveningstar {rare} hits the smoke demon!
 71407 | Pan      | the smoke demon hits your +9 spectral eveningstar {rare}
                  | but does no damage.
 71407 | Pan      | the smoke demon closely misses your +9 spectral eveningstar
                  | {rare}.
 71407 | Pan      | the smoke demon hits your +9 spectral eveningstar {rare}.
 71408 | Pan      | your +9 spectral eveningstar {rare} disappears.
 71409 | Pan      | Reached skill level 17 in Earth Magic
 71409 | Pan      | your +9 spectral eveningstar {rare} hits the smoke demon!
 71410 | Pan      | your +9 spectral eveningstar {rare} disappears.
 71411 | Pan      | your +9 spectral eveningstar {rare} closely misses the
                  | hellwing.
 71411 | Pan      | the smoke demon hits your +9 spectral eveningstar {rare}.
 71411 | Pan      | the smoke demon hits your +9 spectral eveningstar {rare}.
 71411 | Pan      | the smoke demon hits your +9 spectral eveningstar {rare}
                  | but does no damage.
 71412 | Pan      | your +9 spectral eveningstar {rare} closely misses the
                  | hellwing.
 71413 | Pan      | your +9 spectral eveningstar {rare} disappears.
 71428 | Pan      | your +9 spectral eveningstar {rare} hits the soul eater!!
 71429 | Pan      | your +9 spectral eveningstar {rare} disappears.
 71461 | Pan      | your +9 spectral eveningstar {rare} hits the smoke demon.
 71462 | Pan      | your +9 spectral eveningstar {rare} hits the smoke demon!!
 71462 | Pan      | Noticed Epamet the pandemonium lord
 71463 | Pan      | your +9 spectral eveningstar {rare} disappears.
 71464 | Pan      | your +9 spectral eveningstar {rare} hits the smoke demon!
 71465 | Pan      | your +9 spectral eveningstar {rare} disappears.
 71466 | Pan      | your +9 spectral eveningstar {rare} hits the smoke demon!!!
 71467 | Pan      | your +9 spectral eveningstar {rare} disappears.
 71472 | Pan      | Killed Epamet the pandemonium lord
 71477 | Pan      | your +9 spectral eveningstar {rare} hits the Brimstone
                  | Fiend but does no damage.
 71478 | Pan      | your +9 spectral eveningstar {rare} hits the Brimstone
                  | Fiend but does no damage.
 71479 | Pan      | your +9 spectral eveningstar {rare} hits the Brimstone
                  | Fiend!!
 71479 | Pan      | the Brimstone Fiend hits your +9 spectral eveningstar
                  | {rare} but does no damage.
 71479 | Pan      | the Brimstone Fiend hits your +9 spectral eveningstar
                  | {rare}!
 71479 | Pan      | the Brimstone Fiend hits your +9 spectral eveningstar
                  | {rare}!
 71480 | Pan      | your +9 spectral eveningstar {rare} hits the Brimstone
                  | Fiend!!
 71481 | Pan      | your +9 spectral eveningstar {rare} disappears.
 71485 | Pan      | your +9 spectral eveningstar {rare} hits the Tzitzimitl!!
 71486 | Pan      | your +9 spectral eveningstar {rare} disappears.
 71487 | Pan      | your +9 spectral eveningstar {rare} hits the soul eater but
                  | does no damage.
 71487 | Pan      | the soul eater hits your +9 spectral eveningstar {rare}!!
 71488 | Pan      | your +9 spectral eveningstar {rare} hits the soul eater!
 71489 | Pan      | your +9 spectral eveningstar {rare} disappears.
 71490 | Pan      | your +9 spectral eveningstar {rare} hits the smoke demon.
 71491 | Pan      | your +9 spectral eveningstar {rare} hits the smoke demon!
 71491 | Pan      | the smoke demon barely misses your +9 spectral eveningstar
                  | {rare}.
 71491 | Pan      | the smoke demon hits your +9 spectral eveningstar {rare}
                  | but does no damage.
 71491 | Pan      | the smoke demon completely misses your +9 spectral
                  | eveningstar {rare}.
 71492 | Pan      | your +9 spectral eveningstar {rare} hits the smoke demon!!
 71493 | Pan      | your +9 spectral eveningstar {rare} closely misses the soul
                  | eater.
 71493 | Pan      | the smoke demon hits your +9 spectral eveningstar {rare}
                  | but does no damage.
 71493 | Pan      | the smoke demon barely misses your +9 spectral eveningstar
                  | {rare}.
 71493 | Pan      | the smoke demon closely misses your +9 spectral eveningstar
                  | {rare}.
 71493 | Pan      | The ball of steam hits your +9 spectral eveningstar {rare}.
 71493 | Pan      | your +9 spectral eveningstar {rare} resists.
 71494 | Pan      | your +9 spectral eveningstar {rare} hits the soul eater!!
 71495 | Pan      | your +9 spectral eveningstar {rare} disappears.
 71497 | Pan      | your +9 spectral eveningstar {rare} closely misses the
                  | smoke demon.
 71497 | Pan      | the smoke demon hits your +9 spectral eveningstar {rare}
                  | but does no damage.
 71497 | Pan      | the smoke demon closely misses your +9 spectral eveningstar
                  | {rare}.
 71497 | Pan      | the smoke demon misses your +9 spectral eveningstar {rare}.
 71498 | Pan      | your +9 spectral eveningstar {rare} barely misses the smoke
                  | demon.
 71498 | Pan      | the smoke demon closely misses your +9 spectral eveningstar
                  | {rare}.
 71498 | Pan      | the smoke demon hits your +9 spectral eveningstar {rare}.
 71498 | Pan      | the smoke demon closely misses your +9 spectral eveningstar
                  | {rare}.
 71499 | Pan      | your +9 spectral eveningstar {rare} disappears.
 71501 | Pan      | your +9 spectral eveningstar {rare} hits the soul eater!
 71502 | Pan      | your +9 spectral eveningstar {rare} hits the soul eater!!!
 71503 | Pan      | your +9 spectral eveningstar {rare} disappears.
 71505 | Pan      | your +9 spectral eveningstar {rare} barely misses the smoke
                  | demon.
 71506 | Pan      | your +9 spectral eveningstar {rare} barely misses the smoke
                  | demon.
 71507 | Pan      | your +9 spectral eveningstar {rare} disappears.
 71508 | Pan      | your +9 spectral eveningstar {rare} hits the soul eater but
                  | does no damage.
 71509 | Pan      | your +9 spectral eveningstar {rare} hits the soul eater!!
 71510 | Pan      | your +9 spectral eveningstar {rare} hits the soul eater!!
 71511 | Pan      | your +9 spectral eveningstar {rare} disappears.
 71519 | Pan      | your +9 spectral eveningstar {rare} hits the soul eater.
 71519 | Pan      | the soul eater barely misses your +9 spectral eveningstar
                  | {rare}.
 71520 | Pan      | your +9 spectral eveningstar {rare} disappears.
 71547 | Pan      | your +9 spectral eveningstar {rare} hits the smoke demon!
 71548 | Pan      | your +9 spectral eveningstar {rare} disappears.
 71604 | Pan      | your +9 spectral eveningstar {rare} barely misses the
                  | lorocyproca.
 71605 | Pan      | your +9 spectral eveningstar {rare} misses the lorocyproca.
 71606 | Pan      | your +9 spectral eveningstar {rare} hits the lorocyproca!!!
 71607 | Pan      | your +9 spectral eveningstar {rare} disappears.
 71651 | Pan      | your +9 spectral eveningstar {rare} hits the smoke demon!!
 71652 | Pan      | Noticed Lom Lobon
 71652 | Pan      | your +9 spectral eveningstar {rare} disappears.
 71654 | Pan      | your +9 spectral eveningstar {rare} hits the sixfirhy!
 71654 | Pan      | The great icy blast engulfs your +9 spectral eveningstar
                  | {rare}!!
 71654 | Pan      | your +9 spectral eveningstar {rare} partially resists.
 71654 | Pan      | your +9 spectral eveningstar {rare} is flash-frozen.
 71655 | Pan      | your +9 spectral eveningstar {rare} disappears.
 71656 | Pan      | your +9 spectral eveningstar {rare} misses the sixfirhy.
 71657 | Pan      | your +9 spectral eveningstar {rare} disappears.
 71673 | Pan      | Entered the realm of Cerebov.
 71676 | Pan      | your +9 spectral eveningstar {rare} closely misses the sun
                  | demon.
 71677 | Pan      | your +9 spectral eveningstar {rare} closely misses the sun
                  | demon.
 71678 | Pan      | your +9 spectral eveningstar {rare} closely misses the sun
                  | demon.
 71679 | Pan      | your +9 spectral eveningstar {rare} hits the sun demon!
 71680 | Pan      | your +9 spectral eveningstar {rare} closely misses the sun
                  | demon.
 71681 | Pan      | your +9 spectral eveningstar {rare} hits the sun demon!
 71682 | Pan      | your +9 spectral eveningstar {rare} disappears.
 71694 | Pan      | Identified the +3 scale mail of Ygraetim {rElec Str+3}
 71710 | Pan      | your +9 spectral eveningstar {rare} hits the sun demon!
 71710 | Pan      | the sun demon hits your +9 spectral eveningstar {rare}!!
 71710 | Pan      | your +9 spectral eveningstar {rare} disappears.
 71713 | Pan      | your +9 spectral eveningstar {rare} barely misses the sun
                  | demon.
 71714 | Pan      | your +9 spectral eveningstar {rare} hits the sun demon!!
 71715 | Pan      | your +9 spectral eveningstar {rare} hits the balrug!!
 71715 | Pan      | The fireball engulfs your +9 spectral eveningstar {rare}!
 71715 | Pan      | your +9 spectral eveningstar {rare} resists.
 71715 | Pan      | the balrug hits your +9 spectral eveningstar {rare} with a
                  | +0 demon whip of pain.
 71715 | Pan      | your +9 spectral eveningstar {rare} is engulfed in flames!
 71715 | Pan      | your +9 spectral eveningstar {rare} resists.
 71716 | Pan      | your +9 spectral eveningstar {rare} disappears.
 71717 | Pan      | your +9 spectral eveningstar {rare} hits the balrug!!
 71717 | Pan      | the ufetubus hits your +9 spectral eveningstar {rare}.
 71717 | Pan      | the ufetubus hits your +9 spectral eveningstar {rare} but
                  | does no damage.
 71717 | Pan      | the balrug hits your +9 spectral eveningstar {rare} with a
                  | +0 demon whip of pain!!
 71717 | Pan      | your +9 spectral eveningstar {rare} is engulfed in flames!
 71717 | Pan      | your +9 spectral eveningstar {rare} resists.
 71717 | Pan      | your +9 spectral eveningstar {rare} disappears.
 71719 | Pan      | your +9 spectral eveningstar {rare} closely misses the
                  | ynoxinul.
 71719 | Pan      | the efreet misses your +9 spectral eveningstar {rare}.
 71720 | Pan      | your +9 spectral eveningstar {rare} hits the sun demon!
 71721 | Pan      | your +9 spectral eveningstar {rare} hits the sun demon!
 71722 | Pan      | your +9 spectral eveningstar {rare} disappears.
 71723 | Pan      | your +9 spectral eveningstar {rare} hits the efreet!!
 71724 | Pan      | your +9 spectral eveningstar {rare} hits the efreet!!
 71726 | Pan      | your +9 spectral eveningstar {rare} disappears.
 71794 | Pan      | your +9 spectral eveningstar {rare} hits the balrug!!
 71795 | Pan      | your +9 spectral eveningstar {rare} hits the balrug!!
 71796 | Pan      | your +9 spectral eveningstar {rare} hits the balrug!
 71797 | Pan      | your +9 spectral eveningstar {rare} hits the sun demon.
 71798 | Pan      | your +9 spectral eveningstar {rare} disappears.
 71801 | Pan      | Reached skill level 12 in Maces & Flails
 71810 | Pan      | your +9 spectral eveningstar {rare} hits the balrug!!!
 71824 | Pan      | your +9 spectral eveningstar {rare} hits the sun demon!!
 71825 | Pan      | your +9 spectral eveningstar {rare} hits the sun demon.
 71826 | Pan      | your +9 spectral eveningstar {rare} disappears.
 71828 | Pan      | your +9 spectral eveningstar {rare} hits the ufetubus!!!
 71829 | Pan      | your +9 spectral eveningstar {rare} disappears.
 71830 | Pan      | your +9 spectral eveningstar {rare} hits the ynoxinul!!
 71830 | Pan      | the ynoxinul misses your +9 spectral eveningstar {rare}.
 71831 | Pan      | your +9 spectral eveningstar {rare} disappears.
 71833 | Pan      | your +9 spectral eveningstar {rare} hits the sun demon!
 71834 | Pan      | your +9 spectral eveningstar {rare} hits the sun demon.
 71835 | Pan      | your +9 spectral eveningstar {rare} hits the sun demon!
 71836 | Pan      | your +9 spectral eveningstar {rare} disappears.
 71837 | Pan      | your +9 spectral eveningstar {rare} hits the sun moth!!
 71837 | Pan      | the sun moth closely misses your +9 spectral eveningstar
                  | {rare}.
 71838 | Pan      | your +9 spectral eveningstar {rare} closely misses the sun
                  | moth.
 71839 | Pan      | your +9 spectral eveningstar {rare} hits the sun moth!
 71840 | Pan      | your +9 spectral eveningstar {rare} disappears.
 71850 | Pan      | your +9 spectral eveningstar {rare} hits the ufetubus!
 71851 | Pan      | your +9 spectral eveningstar {rare} disappears.
 71852 | Pan      | your +9 spectral eveningstar {rare} hits the ynoxinul!
 71852 | Pan      | the ynoxinul misses your +9 spectral eveningstar {rare}.
 71853 | Pan      | your +9 spectral eveningstar {rare} disappears.
 71967 | Pan      | your +9 spectral eveningstar {rare} hits the balrug!!!
 71968 | Pan      | Reached skill level 9 in Dodging
 71968 | Pan      | your +9 spectral eveningstar {rare} disappears.
 71970 | Pan      | your +9 spectral eveningstar {rare} hits the sun demon!!
 71971 | Pan      | your +9 spectral eveningstar {rare} hits the sun demon!!
 71972 | Pan      | your +9 spectral eveningstar {rare} disappears.
 71973 | Pan      | your +9 spectral eveningstar {rare} hits the balrug.
 71973 | Pan      | the balrug hits your +9 spectral eveningstar {rare} with a
                  | +2 demon whip of venom!
 71973 | Pan      | your +9 spectral eveningstar {rare} is engulfed in flames!
 71973 | Pan      | your +9 spectral eveningstar {rare} resists.
 71973 | Pan      | the sun demon completely misses your +9 spectral
                  | eveningstar {rare}.
 71974 | Pan      | your +9 spectral eveningstar {rare} misses the balrug.
 71974 | Pan      | the sun demon hits your +9 spectral eveningstar {rare}.
 71974 | Pan      | your +9 spectral eveningstar {rare} is engulfed in flames!
 71974 | Pan      | your +9 spectral eveningstar {rare} resists.
 71974 | Pan      | your +9 spectral eveningstar {rare} disappears.
 71975 | Pan      | your +9 spectral eveningstar {rare} closely misses the
                  | balrug.
 71976 | Pan      | your +9 spectral eveningstar {rare} hits the balrug!!!
 71977 | Pan      | your +9 spectral eveningstar {rare} hits the balrug!!
 71978 | Pan      | your +9 spectral eveningstar {rare} hits the sun demon!!
 71979 | Pan      | your +9 spectral eveningstar {rare} disappears.
 71982 | Pan      | your +9 spectral eveningstar {rare} hits the sun moth!!
 71982 | Pan      | The fireball engulfs your +9 spectral eveningstar {rare}.
 71982 | Pan      | your +9 spectral eveningstar {rare} resists.
 71983 | Pan      | your +9 spectral eveningstar {rare} disappears.
 72014 | Pan      | your +9 spectral eveningstar {rare} closely misses the
                  | demonspawn blood saint.
 72015 | Pan      | your +9 spectral eveningstar {rare} disappears.
 72033 | Pan      | your +9 spectral eveningstar {rare} hits the sun demon!!!
 72034 | Pan      | Identified the amulet "Kumpotho" {Spirit Str+2}
 72034 | Pan      | your +9 spectral eveningstar {rare} disappears.
 72037 | Pan      | your +9 spectral eveningstar {rare} hits the balrug!!
 72038 | Pan      | your +9 spectral eveningstar {rare} hits the balrug!!
 72039 | Pan      | your +9 spectral eveningstar {rare} disappears.
 72068 | Pan      | your +9 spectral eveningstar {rare} hits the sun demon!
 72069 | Pan      | your +9 spectral eveningstar {rare} disappears.
 72087 | Pan      | Identified the staff of Pawneseu {rElec Will+ Str-2 Fire
                  | Air}
 72093 | Pan      | Identified the +7 sling "Riczuyceg" {freeze, rPois rN+}
 72115 | Pan      | your +9 spectral eveningstar {rare} hits the sun demon!
 72116 | Pan      | your +9 spectral eveningstar {rare} closely misses the sun
                  | demon.
 72117 | Pan      | your +9 spectral eveningstar {rare} hits the sun demon!!
 72118 | Pan      | your +9 spectral eveningstar {rare} hits the sun demon!
 72118 | Pan      | The fireball engulfs your +9 spectral eveningstar {rare}!
 72118 | Pan      | your +9 spectral eveningstar {rare} resists.
 72119 | Pan      | your +9 spectral eveningstar {rare} disappears.
 72121 | Pan      | your +9 spectral eveningstar {rare} hits the sun demon!
 72122 | Pan      | your +9 spectral eveningstar {rare} misses the sun demon.
 72122 | Pan      | the demonspawn warmonger hits your +9 spectral eveningstar
                  | {rare} with a +0 demon whip of pain!
 72122 | Pan      | the demonspawn warmonger barely misses your +9 spectral
                  | eveningstar {rare}.
 72122 | Pan      | the demonspawn warmonger barely misses your +9 spectral
                  | eveningstar {rare}.
 72123 | Pan      | your +9 spectral eveningstar {rare} disappears.
 72124 | Pan      | your +9 spectral eveningstar {rare} hits the demonspawn
                  | warmonger!!
 72125 | Pan      | your +9 spectral eveningstar {rare} hits the balrug!!!
 72126 | Pan      | your +9 spectral eveningstar {rare} hits the balrug!
 72127 | Pan      | Reached skill level 18 in Earth Magic
 72127 | Pan      | your +9 spectral eveningstar {rare} disappears.
 72137 | Pan      | your +9 spectral eveningstar {rare} closely misses the sun
                  | moth.
 72138 | Pan      | your +9 spectral eveningstar {rare} hits the sun moth!
 72139 | Pan      | your +9 spectral eveningstar {rare} disappears.
 72175 | Pan      | You add the spells Borgnjor's Vile Clutch and Eringya's
                  | Noxious Bog to your library.
 72177 | Pan      | Got the Omnibus of Thunder
 72181 | Pan      | You pick up a book of Displacement and begin reading...
 72185 | Pan      | Identified the +0 troll leather armour "Feahowot" {rN+
                  | Regen+}
 72200 | Pan      | your +9 spectral eveningstar {rare} hits the sun demon!!
 72201 | Pan      | your +9 spectral eveningstar {rare} hits the sun demon!!
 72202 | Pan      | your +9 spectral eveningstar {rare} disappears.
 72218 | Pan      | your +9 spectral eveningstar {rare} hits the Brimstone
                  | Fiend but does no damage.
 72218 | Pan      | the Brimstone Fiend gestures at your +9 spectral
                  | eveningstar {rare}.
 72218 | Pan      | The damnation engulfs your +9 spectral eveningstar
                  | {rare}!!!
 72218 | Pan      | your +9 spectral eveningstar {rare} disappears.
 72219 | Pan      | your +9 spectral eveningstar {rare} hits the Brimstone
                  | Fiend!
 72219 | Pan      | The damnation engulfs your +9 spectral eveningstar {rare}!!
 72220 | Pan      | your +9 spectral eveningstar {rare} disappears.
 72243 | Pan      | your +9 spectral eveningstar {rare} hits the demonspawn
                  | warmonger but does no damage.
 72244 | Pan      | the demonspawn warmonger blocks your +9 spectral
                  | eveningstar {rare}'s attack.
 72244 | Pan      | the sun demon hits your +9 spectral eveningstar {rare}!!
 72244 | Pan      | your +9 spectral eveningstar {rare} is engulfed in flames!
 72244 | Pan      | your +9 spectral eveningstar {rare} resists.
 72244 | Pan      | your +9 spectral eveningstar {rare} disappears.
 72247 | Pan      | your +9 spectral eveningstar {rare} hits the balrug!
 72247 | Pan      | the balrug completely misses your +9 spectral eveningstar
                  | {rare}.
 72248 | Pan      | your +9 spectral eveningstar {rare} hits the balrug!!
 72248 | Pan      | the balrug hits your +9 spectral eveningstar {rare} with a
                  | +1 heavy battleaxe!!
 72248 | Pan      | your +9 spectral eveningstar {rare} disappears.
 72249 | Pan      | your +9 spectral eveningstar {rare} barely misses the
                  | balrug.
 72249 | Pan      | the demonspawn warmonger hits your +9 spectral eveningstar
                  | {rare} with a +2 demon whip of electrocution!!
 72249 | Pan      | your +9 spectral eveningstar {rare} disappears.
 72251 | Pan      | the demonspawn warmonger blocks your +9 spectral
                  | eveningstar {rare}'s attack.
 72251 | Pan      | the demonspawn warmonger hits your +9 spectral eveningstar
                  | {rare} with a +2 demon whip of electrocution!!
 72251 | Pan      | your +9 spectral eveningstar {rare} disappears.
 72253 | Pan      | your +9 spectral eveningstar {rare} hits the balrug!!
 72254 | Pan      | your +9 spectral eveningstar {rare} disappears.
 72255 | Pan      | your +9 spectral eveningstar {rare} hits the reaper!
 72256 | Pan      | your +9 spectral eveningstar {rare} closely misses the sun
                  | demon.
 72256 | Pan      | The fireball engulfs your +9 spectral eveningstar {rare}!!
 72256 | Pan      | your +9 spectral eveningstar {rare} resists.
 72256 | Pan      | The fireball engulfs your +9 spectral eveningstar {rare}!!
 72256 | Pan      | your +9 spectral eveningstar {rare} resists.
 72256 | Pan      | your +9 spectral eveningstar {rare} disappears.
 72257 | Pan      | your +9 spectral eveningstar {rare} completely misses the
                  | demonspawn blood saint.
 72258 | Pan      | your +9 spectral eveningstar {rare} hits the demonspawn
                  | blood saint.
 72258 | Pan      | HP: 49/214 [sun demon (11)]
 72259 | Pan      | your +9 spectral eveningstar {rare} disappears.
 72262 | Pan      | your +9 spectral eveningstar {rare} closely misses the sun
                  | demon.
 72263 | Pan      | your +9 spectral eveningstar {rare} hits the sun demon!!
 72264 | Pan      | your +9 spectral eveningstar {rare} disappears.
 72274 | Pan      | Was placed under penance by Zin
 72276 | Pan      | your +9 spectral eveningstar {rare} hits the sun demon!!
 72277 | Pan      | your +9 spectral eveningstar {rare} disappears.
 72278 | Pan      | your +9 spectral eveningstar {rare} closely misses the sun
                  | demon.
 72279 | Pan      | your +9 spectral eveningstar {rare} disappears.
 72280 | Pan      | your +9 spectral eveningstar {rare} hits the sun demon!!
 72281 | Pan      | your +9 spectral eveningstar {rare} disappears.
 72397 | Pan      | your +9 spectral eveningstar {rare} hits the ynoxinul!!
 72398 | Pan      | your +9 spectral eveningstar {rare} disappears.
 72476 | Pan      | your +9 spectral eveningstar {rare} hits the sun demon!!
 72477 | Pan      | your +9 spectral eveningstar {rare} disappears.
 72478 | Pan      | your +9 spectral eveningstar {rare} hits the sun demon!!
 72478 | Pan      | the balrug hits your +9 spectral eveningstar {rare} with a
                  | +1 demon whip of pain!!
 72478 | Pan      | your +9 spectral eveningstar {rare} disappears.
 72479 | Pan      | your +9 spectral eveningstar {rare} hits the sun moth!!
 72479 | Pan      | The fireball engulfs your +9 spectral eveningstar {rare}!
 72479 | Pan      | your +9 spectral eveningstar {rare} resists.
 72480 | Pan      | your +9 spectral eveningstar {rare} disappears.
 72485 | Pan      | your +9 spectral eveningstar {rare} hits the sun demon!
 72485 | Pan      | the sun demon barely misses your +9 spectral eveningstar
                  | {rare}.
 72486 | Pan      | your +9 spectral eveningstar {rare} disappears.
 72498 | Pan      | your +9 spectral eveningstar {rare} closely misses the
                  | balrug.
 72499 | Pan      | your +9 spectral eveningstar {rare} misses the balrug.
 72499 | Pan      | the sun demon barely misses your +9 spectral eveningstar
                  | {rare}.
 72499 | Pan      | the balrug gestures at your +9 spectral eveningstar {rare}.
 72499 | Pan      | your +9 spectral eveningstar {rare} is smitten.
 72500 | Pan      | your +9 spectral eveningstar {rare} disappears.
 72501 | Pan      | Reached skill level 13 in Maces & Flails
 72501 | Pan      | your +9 spectral eveningstar {rare} closely misses the sun
                  | demon.
 72502 | Pan      | your +9 spectral eveningstar {rare} hits the sun demon!!!
 72503 | Pan      | your +9 spectral eveningstar {rare} hits the balrug!!
 72503 | Pan      | the balrug gestures at your +9 spectral eveningstar {rare}.
 72503 | Pan      | The bolt of fire hits your +9 spectral eveningstar {rare}!!
 72503 | Pan      | your +9 spectral eveningstar {rare} resists.
 72503 | Pan      | your +9 spectral eveningstar {rare} is engulfed in blazing
                  | flames.
 72504 | Pan      | your +9 spectral eveningstar {rare} disappears.
 72505 | Pan      | your +9 spectral eveningstar {rare} hits the efreet!!!
 72506 | Pan      | your +9 spectral eveningstar {rare} hits the efreet!!!
 72507 | Pan      | your +9 spectral eveningstar {rare} disappears.
 72559 | Pan      | Reached skill level 10 in Dodging
 72640 | Pan      | your +9 spectral eveningstar {rare} barely misses the sun
                  | demon.
 72640 | Pan      | The fireball engulfs your +9 spectral eveningstar {rare}!!
 72640 | Pan      | your +9 spectral eveningstar {rare} resists.
 72640 | Pan      | the sun demon completely misses your +9 spectral
                  | eveningstar {rare}.
 72640 | Pan      | the sun demon hits your +9 spectral eveningstar {rare}!
 72640 | Pan      | your +9 spectral eveningstar {rare} disappears.
 72642 | Pan      | your +9 spectral eveningstar {rare} hits the sun demon!
 72643 | Pan      | your +9 spectral eveningstar {rare} hits the sun demon!!!
 72643 | Pan      | The fireball engulfs your +9 spectral eveningstar {rare}!!
 72643 | Pan      | your +9 spectral eveningstar {rare} resists.
 72644 | Pan      | your +9 spectral eveningstar {rare} disappears.
 72645 | Pan      | your +9 spectral eveningstar {rare} hits the sun demon!!!
 72646 | Pan      | your +9 spectral eveningstar {rare} disappears.
 72649 | Pan      | your +9 spectral eveningstar {rare} hits the sun demon!
 72650 | Pan      | your +9 spectral eveningstar {rare} disappears.
 72654 | Pan      | Was forgiven by Zin
 72685 | Pan      | your +9 spectral eveningstar {rare} hits the balrug!!
 72685 | Pan      | the balrug gestures at your +9 spectral eveningstar {rare}.
 72685 | Pan      | The bolt of fire hits your +9 spectral eveningstar {rare}.
 72685 | Pan      | your +9 spectral eveningstar {rare} resists.
 72686 | Pan      | your +9 spectral eveningstar {rare} hits the balrug!!
 72687 | Pan      | your +9 spectral eveningstar {rare} disappears.
 72709 | Pan      | You pick up a book of Fire and begin reading...
 72719 | Pan      | Found the +6 sword of Cerebov {flame}
 72719 | Pan      | Cerebov, Demon Lord of Fire and Steel comes into view. They
                  | are wielding the +6 sword of Cerebov {flame}.
 72719 | Pan      | Noticed Cerebov
 72722 | Pan      | Aim: Cerebov, wielding the +6 sword of Cerebov {flame}
                  | (fast, ally target)
 72722 | Pan      | Aim: Cerebov, wielding the +6 sword of Cerebov {flame}
                  | (fast, ally target)
 72723 | Pan      | Aim: Cerebov, wielding the +6 sword of Cerebov {flame}
                  | (lightly wounded, fast, ally target)
 72723 | Pan      | Aim: Cerebov, wielding the +6 sword of Cerebov {flame}
                  | (lightly wounded, fast, ally target)
 72724 | Pan      | Aim: Cerebov, wielding the +6 sword of Cerebov {flame}
                  | (magical condensation, lightly wounded, fast, ally target)
 72724 | Pan      | Aim: Cerebov, wielding the +6 sword of Cerebov {flame}
                  | (magical condensation, lightly wounded, fast, ally target)
 72725 | Pan      | Here: Cerebov, wielding the +6 sword of Cerebov {flame}
                  | (flame, moderately wounded, fast, ally target)
 72726 | Pan      | your +9 spectral eveningstar {rare} hits Cerebov but does
                  | no damage.
 72727 | Pan      | your +9 spectral eveningstar {rare} completely misses
                  | Cerebov.
 72727 | Pan      | the fire vortex hits your +9 spectral eveningstar {rare}.
 72727 | Pan      | the fire vortex burns your +9 spectral eveningstar {rare}!
 72727 | Pan      | your +9 spectral eveningstar {rare} resists.
 72728 | Pan      | Aim: Cerebov, wielding the +6 sword of Cerebov {flame}
                  | (moderately wounded, fast, ally target, 89% to hit)
 72728 | Pan      | Aim: Cerebov, wielding the +6 sword of Cerebov {flame}
                  | (moderately wounded, fast, ally target, 89% to hit)
 72728 | Pan      | your +9 spectral eveningstar {rare} disappears.
 72731 | Pan      | your +9 spectral eveningstar {rare} hits Cerebov.
 72732 | Pan      | Aim: Cerebov, wielding the +6 sword of Cerebov {flame}
                  | (heavily wounded, fast, ally target)
 72732 | Pan      | Aim: Cerebov, wielding the +6 sword of Cerebov {flame}
                  | (heavily wounded, fast, ally target)
 72732 | Pan      | your +9 spectral eveningstar {rare} disappears.
 72735 | Pan      | your +9 spectral eveningstar {rare} barely misses Cerebov.
 72735 | Pan      | HP: 30/214 [Cerebov/great blast of fire (38)]
 72735 | Pan      | The great blast of fire engulfs your +9 spectral
                  | eveningstar {rare}!!!
 72735 | Pan      | your +9 spectral eveningstar {rare} partially resists.
 72735 | Pan      | your +9 spectral eveningstar {rare} disappears.
 72735 | Pan      | HP: 13/214 [Cerebov/the +6 sword of Cerebov {flame} (17)]
 72903 | Pan      | Here: Cerebov, wielding the +6 sword of Cerebov {flame}
                  | (heavily wounded, wandering, hasn't noticed you)
 72911 | Pan      | Aim: Cerebov, wielding the +6 sword of Cerebov {flame}
                  | (severely wounded, fast, unaware, hasn't noticed you)
 72913 | Pan      | Aim: Cerebov, wielding the +6 sword of Cerebov {flame}
                  | (severely wounded, fast)
 72913 | Pan      | Aim: Cerebov, wielding the +6 sword of Cerebov {flame}
                  | (severely wounded, fast)
 72914 | Pan      | Aim: Cerebov, wielding the +6 sword of Cerebov {flame}
                  | (almost dead, fast)
 72914 | Pan      | Aim: Cerebov, wielding the +6 sword of Cerebov {flame}
                  | (almost dead, fast)
 72915 | Pan      | Aim: Cerebov, wielding the +6 sword of Cerebov {flame}
                  | (magical condensation, almost dead, fast, 87% to hit)
 72915 | Pan      | Aim: Cerebov, wielding the +6 sword of Cerebov {flame}
                  | (magical condensation, almost dead, fast, 87% to hit)
 72915 | Pan      | Killed Cerebov
 72930 | Pan      | You add the spells Borgnjor's Revivification and Death's
                  | Door to your library.
 72932 | Pan      | Got a fiery rune of Zot
 72936 | Pan      | Identified the +3 long sword "Guevot" {freeze, rElec rCorr
                  | Int+3}
 72953 | Pan      | You pick up a book of Debilitation and begin reading...
 72998 | Pan      | your +9 spectral eveningstar {rare} hits the sun demon!!
 72998 | Pan      | the sun demon closely misses your +9 spectral eveningstar
                  | {rare}.
 72999 | Pan      | your +9 spectral eveningstar {rare} disappears.
 73003 | Pan      | your +9 spectral eveningstar {rare} hits the sun moth!!
 73003 | Pan      | the sun moth completely misses your +9 spectral eveningstar
                  | {rare}.
 73004 | Pan      | your +9 spectral eveningstar {rare} closely misses the sun
                  | moth.
 73005 | Pan      | your +9 spectral eveningstar {rare} hits the sun moth!!
 73006 | Pan      | your +9 spectral eveningstar {rare} disappears.
 73018 | Pan      | Entered the realm of Mnoleg.
 73022 | Pan      | your +9 spectral eveningstar {rare} hits the demonspawn
                  | corrupter!
 73023 | Pan      | your +9 spectral eveningstar {rare} completely misses the
                  | demonspawn corrupter.
 73023 | Pan      | the shadow demon hits your +9 spectral eveningstar {rare}!
 73024 | Pan      | your +9 spectral eveningstar {rare} barely misses the
                  | demonspawn corrupter.
 73024 | Pan      | the sphinx completely misses your +9 spectral eveningstar
                  | {rare}.
 73024 | Pan      | the sphinx hits your +9 spectral eveningstar {rare} but
                  | does no damage.
 73024 | Pan      | the sphinx hits your +9 spectral eveningstar {rare}!
 73025 | Pan      | your +9 spectral eveningstar {rare} hits the demonspawn
                  | corrupter!!
 73025 | Pan      | the sphinx hits your +9 spectral eveningstar {rare}!
 73025 | Pan      | your +9 spectral eveningstar {rare} disappears.
 73026 | Pan      | your +9 spectral eveningstar {rare} completely misses the
                  | shadow demon.
 73026 | Pan      | the great orb of eyes bites your +9 spectral eveningstar
                  | {rare}!
 73027 | Pan      | your +9 spectral eveningstar {rare} disappears.
 73035 | Pan      | your +9 spectral eveningstar {rare} completely misses the
                  | shadow demon.
 73036 | Pan      | your +9 spectral eveningstar {rare} hits the shadow demon.
 73037 | Pan      | your +9 spectral eveningstar {rare} hits the shadow demon.
 73037 | Pan      | the neqoxec hits your +9 spectral eveningstar {rare}!
 73038 | Pan      | your +9 spectral eveningstar {rare} hits the shadow demon!!
 73039 | Pan      | your +9 spectral eveningstar {rare} barely misses the glass
                  | eye.
 73040 | Pan      | your +9 spectral eveningstar {rare} hits the glass eye!
 73041 | Pan      | your +9 spectral eveningstar {rare} hits the glass eye!!!
 73042 | Pan      | your +9 spectral eveningstar {rare} disappears.
 73184 | Pan      | your +9 spectral eveningstar {rare} hits the tormentor!!
 73184 | Pan      | the tormentor misses your +9 spectral eveningstar {rare}.
 73184 | Pan      | the tormentor closely misses your +9 spectral eveningstar
                  | {rare}.
 73185 | Pan      | your +9 spectral eveningstar {rare} disappears.
 73199 | Pan      | your +9 spectral eveningstar {rare} hits the cacodemon.
 73199 | Pan      | the sixfirhy completely misses your +9 spectral eveningstar
                  | {rare}.
 73199 | Pan      | the sixfirhy misses your +9 spectral eveningstar {rare}.
 73199 | Pan      | the sixfirhy barely misses your +9 spectral eveningstar
                  | {rare}.
 73200 | Pan      | your +9 spectral eveningstar {rare} hits the cacodemon!!
 73201 | Pan      | your +9 spectral eveningstar {rare} hits the sixfirhy!
 73202 | Pan      | your +9 spectral eveningstar {rare} disappears.
 73204 | Pan      | your +9 spectral eveningstar {rare} misses the sixfirhy.
 73205 | Pan      | your +9 spectral eveningstar {rare} hits the sixfirhy!!
 73206 | Pan      | your +9 spectral eveningstar {rare} disappears.
 73207 | Pan      | your +9 spectral eveningstar {rare} barely misses the
                  | cacodemon.
 73208 | Pan      | your +9 spectral eveningstar {rare} closely misses the
                  | cacodemon.
 73208 | Pan      | the sixfirhy hits your +9 spectral eveningstar {rare} but
                  | does no damage.
 73208 | Pan      | the sixfirhy hits your +9 spectral eveningstar {rare}!
 73208 | Pan      | the sixfirhy shocks your +9 spectral eveningstar {rare}.
 73208 | Pan      | your +9 spectral eveningstar {rare} resists.
 73209 | Pan      | your +9 spectral eveningstar {rare} hits the cacodemon!!!
 73209 | Pan      | the sixfirhy hits your +9 spectral eveningstar {rare}.
 73209 | Pan      | the sixfirhy shocks your +9 spectral eveningstar {rare}.
 73209 | Pan      | your +9 spectral eveningstar {rare} resists.
 73212 | Pan      | your +9 spectral eveningstar {rare} hits the sixfirhy!!
 73213 | Pan      | your +9 spectral eveningstar {rare} disappears.
 73239 | Pan      | your +9 spectral eveningstar {rare} closely misses the
                  | glass eye.
 73240 | Pan      | your +9 spectral eveningstar {rare} closely misses the
                  | glass eye.
 73241 | Pan      | your +9 spectral eveningstar {rare} disappears.
 73242 | Pan      | your +9 spectral eveningstar {rare} hits the neqoxec!!!
 73243 | Pan      | your +9 spectral eveningstar {rare} disappears.
 73271 | Pan      | your +9 spectral eveningstar {rare} hits the tentacled
                  | monstrosity!!!
 73271 | Pan      | the tentacled monstrosity misses your +9 spectral
                  | eveningstar {rare}.
 73271 | Pan      | the tentacled monstrosity tentacle-slaps your +9 spectral
                  | eveningstar {rare} but does no damage.
 73271 | Pan      | the tentacled monstrosity tentacle-slaps your +9 spectral
                  | eveningstar {rare}!
 73272 | Pan      | your +9 spectral eveningstar {rare} hits the tentacled
                  | monstrosity!!
 73273 | Pan      | your +9 spectral eveningstar {rare} disappears.
 73288 | Pan      | your +9 spectral eveningstar {rare} hits the glass eye!!!
 73289 | Pan      | your +9 spectral eveningstar {rare} disappears.
 73295 | Pan      | your +9 spectral eveningstar {rare} hits the tentacled
                  | monstrosity!!
 73296 | Pan      | your +9 spectral eveningstar {rare} hits the tentacled
                  | monstrosity!!
 73296 | Pan      | the cyan very ugly thing closely misses your +9 spectral
                  | eveningstar {rare}.
 73297 | Pan      | your +9 spectral eveningstar {rare} hits the tentacled
                  | monstrosity!!
 73297 | Pan      | the tentacled monstrosity tentacle-slaps your +9 spectral
                  | eveningstar {rare} but does no damage.
 73297 | Pan      | the tentacled monstrosity completely misses your +9
                  | spectral eveningstar {rare}.
 73297 | Pan      | the tentacled monstrosity barely misses your +9 spectral
                  | eveningstar {rare}.
 73297 | Pan      | the cyan very ugly thing gores your +9 spectral eveningstar
                  | {rare}!!
 73297 | Pan      | the cyan very ugly thing shocks your +9 spectral
                  | eveningstar {rare}!
 73297 | Pan      | your +9 spectral eveningstar {rare} resists.
 73297 | Pan      | your +9 spectral eveningstar {rare} disappears.
 73299 | Pan      | Reached skill level 14 in Maces & Flails
 73300 | Pan      | your +9 spectral eveningstar {rare} closely misses the
                  | white ugly thing.
 73301 | Pan      | your +9 spectral eveningstar {rare} hits the white ugly
                  | thing!!!
 73301 | Pan      | the cyan very ugly thing barely misses your +9 spectral
                  | eveningstar {rare}.
 73302 | Pan      | your +9 spectral eveningstar {rare} hits the cacodemon!
 73303 | Pan      | your +9 spectral eveningstar {rare} barely misses the
                  | cacodemon.
 73304 | Pan      | your +9 spectral eveningstar {rare} hits the cacodemon!
 73305 | Pan      | your +9 spectral eveningstar {rare} disappears.
 73308 | Pan      | your +9 spectral eveningstar {rare} closely misses the cyan
                  | very ugly thing.
 73309 | Pan      | your +9 spectral eveningstar {rare} hits the cyan very ugly
                  | thing!!!
 73310 | Pan      | your +9 spectral eveningstar {rare} completely misses the
                  | cyan very ugly thing.
 73311 | Pan      | your +9 spectral eveningstar {rare} disappears.
 73312 | Pan      | Reached skill level 11 in Dodging
 73312 | Pan      | your +9 spectral eveningstar {rare} hits the protean
                  | progenitor.
 73313 | Pan      | your +9 spectral eveningstar {rare} hits the protean
                  | progenitor!!
 73314 | Pan      | your +9 spectral eveningstar {rare} hits the protean
                  | progenitor!
 73315 | Pan      | your +9 spectral eveningstar {rare} hits the protean
                  | progenitor!!
 73316 | Pan      | your +9 spectral eveningstar {rare} hits the eye of
                  | devastation!
 73317 | Pan      | Noticed Mnoleg
 73317 | Pan      | your +9 spectral eveningstar {rare} disappears.
 73318 | Pan      | your +9 spectral eveningstar {rare} closely misses Mnoleg.
 73319 | Pan      | your +9 spectral eveningstar {rare} hits Mnoleg.
 73320 | Pan      | your +9 spectral eveningstar {rare} misses Mnoleg.
 73321 | Pan      | your +9 spectral eveningstar {rare} disappears.
 73322 | Pan      | your +9 spectral eveningstar {rare} barely misses the
                  | tentacled monstrosity.
 73323 | Pan      | your +9 spectral eveningstar {rare} disappears.
 73398 | Pan      | your +9 spectral eveningstar {rare} hits the chaos spawn!!
 73399 | Pan      | your +9 spectral eveningstar {rare} hits the chaos spawn!!
 73399 | Pan      | your +9 spectral eveningstar {rare} is engulfed in seething
                  | chaos.
 73400 | Pan      | your +9 spectral eveningstar {rare} disappears.
 73439 | Pan      | your +9 spectral eveningstar {rare} hits the cacodemon but
                  | does no damage.
 73440 | Pan      | your +9 spectral eveningstar {rare} hits the cacodemon!!
 73441 | Pan      | your +9 spectral eveningstar {rare} disappears.
 73483 | Pan      | your +9 spectral eveningstar {rare} hits the protean
                  | progenitor!
 73484 | Pan      | your +9 spectral eveningstar {rare} hits the protean
                  | progenitor!!
 73485 | Pan      | your +9 spectral eveningstar {rare} hits the protean
                  | progenitor!!
 73486 | Pan      | your +9 spectral eveningstar {rare} disappears.
 73488 | Pan      | your +9 spectral eveningstar {rare} hits the aspiring
                  | flesh!
 73489 | Pan      | your +9 spectral eveningstar {rare} hits the aspiring
                  | flesh!
 73490 | Pan      | your +9 spectral eveningstar {rare} hits the aspiring
                  | flesh!!!
 73491 | Pan      | your +9 spectral eveningstar {rare} disappears.
 73493 | Pan      | your +9 spectral eveningstar {rare} hits the alligator!!!
 73494 | Pan      | your +9 spectral eveningstar {rare} disappears.
 73536 | Pan      | your +9 spectral eveningstar {rare} completely misses the
                  | protean progenitor.
 73537 | Pan      | your +9 spectral eveningstar {rare} hits the protean
                  | progenitor!
 73538 | Pan      | your +9 spectral eveningstar {rare} hits the protean
                  | progenitor!!!
 73538 | Pan      | the komodo dragon bites your +9 spectral eveningstar
                  | {rare}!!
 73538 | Pan      | your +9 spectral eveningstar {rare} disappears.
 73541 | Pan      | your +9 spectral eveningstar {rare} hits the komodo
                  | dragon!!
 73541 | Pan      | the cacodemon hits your +9 spectral eveningstar {rare}!
 73541 | Pan      | the cacodemon hits your +9 spectral eveningstar {rare}.
 73542 | Pan      | your +9 spectral eveningstar {rare} disappears.
 73543 | Pan      | your +9 spectral eveningstar {rare} hits the cacodemon!
 73544 | Pan      | your +9 spectral eveningstar {rare} hits the cacodemon!!
 73544 | Pan      | The bolt of devastation hits your +9 spectral eveningstar
                  | {rare}!!
 73544 | Pan      | your +9 spectral eveningstar {rare} disappears.
 73546 | Pan      | your +9 spectral eveningstar {rare} hits the cacodemon!
 73547 | Pan      | your +9 spectral eveningstar {rare} disappears.
 73553 | Pan      | your +9 spectral eveningstar {rare} hits the neqoxec!!
 73554 | Pan      | your +9 spectral eveningstar {rare} hits the brown ugly
                  | thing!!
 73555 | Pan      | your +9 spectral eveningstar {rare} hits the brown ugly
                  | thing!!!
 73555 | Pan      | your +9 spectral eveningstar {rare} is engulfed in seething
                  | chaos.
 73556 | Pan      | your +9 spectral eveningstar {rare} disappears.
 73557 | Pan      | your +9 spectral eveningstar {rare} hits the neqoxec!
 73558 | Pan      | your +9 spectral eveningstar {rare} hits the golden eye!!
 73559 | Pan      | your +9 spectral eveningstar {rare} disappears.
 73652 | Pan      | your +9 spectral eveningstar {rare} hits the nameless
                  | horror.
 73653 | Pan      | your +9 spectral eveningstar {rare} disappears.
 73674 | Pan      | your +9 spectral eveningstar {rare} hits the demonspawn
                  | corrupter!!
 73675 | Pan      | your +9 spectral eveningstar {rare} hits the demonspawn
                  | corrupter!!!
 73676 | Pan      | your +9 spectral eveningstar {rare} closely misses the
                  | demonspawn corrupter.
 73676 | Pan      | the komodo dragon completely misses your +9 spectral
                  | eveningstar {rare}.
 73676 | Pan      | the ancient champion hits your +9 spectral eveningstar
                  | {rare} with a +1 battleaxe of pain!!!
 73676 | Pan      | your +9 spectral eveningstar {rare} disappears.
 73680 | Pan      | your +9 spectral eveningstar {rare} barely misses the
                  | demonspawn corrupter.
 73680 | Pan      | the protean progenitor tentacle-slaps your +9 spectral
                  | eveningstar {rare} but does no damage.
 73680 | Pan      | the protean progenitor misses your +9 spectral eveningstar
                  | {rare}.
 73681 | Pan      | your +9 spectral eveningstar {rare} hits the demonspawn
                  | corrupter!!
 73682 | Pan      | your +9 spectral eveningstar {rare} disappears.
 73683 | Pan      | your +9 spectral eveningstar {rare} hits the protean
                  | progenitor!!!
 73684 | Pan      | your +9 spectral eveningstar {rare} hits the protean
                  | progenitor.
 73684 | Pan      | the protean progenitor barely misses your +9 spectral
                  | eveningstar {rare}.
 73685 | Pan      | your +9 spectral eveningstar {rare} disappears.
 73686 | Pan      | your +9 spectral eveningstar {rare} hits the protean
                  | progenitor!
 73687 | Pan      | your +9 spectral eveningstar {rare} hits the protean
                  | progenitor.
 73688 | Pan      | your +9 spectral eveningstar {rare} hits the protean
                  | progenitor!!!
 73689 | Pan      | your +9 spectral eveningstar {rare} hits the protean
                  | progenitor!
 73690 | Pan      | your +9 spectral eveningstar {rare} disappears.
 73692 | Pan      | your +9 spectral eveningstar {rare} hits the aspiring
                  | flesh!!
 73693 | Pan      | your +9 spectral eveningstar {rare} disappears.
 73694 | Pan      | your +9 spectral eveningstar {rare} hits the boulder
                  | beetle!!
 73695 | Pan      | your +9 spectral eveningstar {rare} disappears.
 73696 | Pan      | your +9 spectral eveningstar {rare} misses the merfolk.
 73697 | Pan      | your +9 spectral eveningstar {rare} hits the merfolk!!
 73698 | Pan      | your +9 spectral eveningstar {rare} hits the merfolk!
 73698 | Pan      | the merfolk hits your +9 spectral eveningstar {rare}!!
 73698 | Pan      | your +9 spectral eveningstar {rare} disappears.
 73701 | Pan      | your +9 spectral eveningstar {rare} hits the merfolk!!
 73702 | Pan      | your +9 spectral eveningstar {rare} disappears.
 73781 | Pan      | your +9 spectral eveningstar {rare} completely misses
                  | Mnoleg.
 73782 | Pan      | your +9 spectral eveningstar {rare} misses Mnoleg.
 73783 | Pan      | your +9 spectral eveningstar {rare} hits Mnoleg!!!
 73784 | Pan      | your +9 spectral eveningstar {rare} closely misses Mnoleg.
 73785 | Pan      | your +9 spectral eveningstar {rare} hits Mnoleg!!!
 73786 | Pan      | your +9 spectral eveningstar {rare} completely misses
                  | Mnoleg.
 73787 | Pan      | your +9 spectral eveningstar {rare} misses Mnoleg.
 73788 | Pan      | your +9 spectral eveningstar {rare} hits Mnoleg!
 73789 | Pan      | your +9 spectral eveningstar {rare} hits Mnoleg!!
 73790 | Pan      | your +9 spectral eveningstar {rare} hits Mnoleg!!
 73791 | Pan      | your +9 spectral eveningstar {rare} barely misses Mnoleg.
 73792 | Pan      | your +9 spectral eveningstar {rare} barely misses Mnoleg.
 73792 | Pan      | the large abomination closely misses your +9 spectral
                  | eveningstar {rare}.
 73793 | Pan      | your +9 spectral eveningstar {rare} misses Mnoleg.
 73793 | Pan      | the large abomination closely misses your +9 spectral
                  | eveningstar {rare}.
 73794 | Pan      | your +9 spectral eveningstar {rare} completely misses
                  | Mnoleg.
 73795 | Pan      | your +9 spectral eveningstar {rare} hits Mnoleg!!
 73795 | Pan      | the large abomination misses your +9 spectral eveningstar
                  | {rare}.
 73796 | Pan      | your +9 spectral eveningstar {rare} barely misses Mnoleg.
 73796 | Pan      | the large abomination barely misses your +9 spectral
                  | eveningstar {rare}.
 73797 | Pan      | your +9 spectral eveningstar {rare} hits Mnoleg!!
 73798 | Pan      | your +9 spectral eveningstar {rare} completely misses
                  | Mnoleg.
 73798 | Pan      | the large abomination barely misses your +9 spectral
                  | eveningstar {rare}.
 73799 | Pan      | your +9 spectral eveningstar {rare} completely misses
                  | Mnoleg.
 73799 | Pan      | the large abomination hits your +9 spectral eveningstar
                  | {rare}!
 73800 | Pan      | Killed Mnoleg
 73800 | Pan      | your +9 spectral eveningstar {rare} disappears.
 73881 | Pan      | Got a glowing rune of Zot
 73888 | Pan      | your +9 spectral eveningstar {rare} hits the eye of
                  | devastation!!
 73889 | Pan      | your +9 spectral eveningstar {rare} hits the eye of
                  | devastation!
 73890 | Pan      | your +9 spectral eveningstar {rare} hits the eye of
                  | devastation.
 73891 | Pan      | your +9 spectral eveningstar {rare} hits the eye of
                  | devastation!!
 73892 | Pan      | your +9 spectral eveningstar {rare} disappears.
 73901 | Pan      | your +9 spectral eveningstar {rare} hits the komodo
                  | dragon!!
 73902 | Pan      | your +9 spectral eveningstar {rare} disappears.
 73984 | Pan      | Entered the realm of Gloorx Vloq.
 74009 | Pan      | Found an exit through the horrors of the Abyss.
 74013 | Pan      | your +9 spectral eveningstar {rare} hits the hellephant
                  | skeleton!!
 74014 | Pan      | your +9 spectral eveningstar {rare} hits the hellephant
                  | skeleton!!
 74015 | Pan      | your +9 spectral eveningstar {rare} hits the hellephant
                  | skeleton!
 74016 | Pan      | your +9 spectral eveningstar {rare} disappears.
 74069 | Pan      | your +9 spectral eveningstar {rare} hits the large
                  | abomination.
 74069 | Pan      | the large abomination hits your +9 spectral eveningstar
                  | {rare}!!
 74069 | Pan      | your +9 spectral eveningstar {rare} disappears.
 74070 | Pan      | your +9 spectral eveningstar {rare} closely misses the
                  | large abomination.
 74071 | Pan      | your +9 spectral eveningstar {rare} disappears.
 74080 | Pan      | your +9 spectral eveningstar {rare} hits the Executioner.
 74081 | Pan      | your +9 spectral eveningstar {rare} disappears.
 74115 | Pan      | your +9 spectral eveningstar {rare} barely misses the
                  | Executioner.
 74116 | Pan      | your +9 spectral eveningstar {rare} hits the Executioner!!
 74117 | Pan      | your +9 spectral eveningstar {rare} hits the Executioner!!!
 74118 | Pan      | your +9 spectral eveningstar {rare} disappears.
 74124 | Pan      | your +9 spectral eveningstar {rare} hits the large
                  | abomination!!
 74125 | Pan      | your +9 spectral eveningstar {rare} disappears.
 74127 | Pan      | your +9 spectral eveningstar {rare} hits the large
                  | abomination!
 74128 | Pan      | your +9 spectral eveningstar {rare} disappears.
 74129 | Pan      | your +9 spectral eveningstar {rare} hits the Executioner!
 74130 | Pan      | your +9 spectral eveningstar {rare} disappears.
 74133 | Pan      | your +9 spectral eveningstar {rare} hits the large
                  | abomination but does no damage.
 74134 | Pan      | your +9 spectral eveningstar {rare} barely misses the large
                  | abomination.
 74135 | Pan      | your +9 spectral eveningstar {rare} hits the large
                  | abomination!!
 74136 | Pan      | your +9 spectral eveningstar {rare} disappears.
 74141 | Pan      | your +9 spectral eveningstar {rare} barely misses the
                  | reaper.
 74142 | Pan      | your +9 spectral eveningstar {rare} hits the reaper.
 74143 | Pan      | your +9 spectral eveningstar {rare} hits the reaper!!!
 74143 | Pan      | the reaper hits your +9 spectral eveningstar {rare} with a
                  | +1 scythe of flaming!!
 74143 | Pan      | the reaper drags your +9 spectral eveningstar {rare}
                  | backwards!
 74143 | Pan      | the reaper burns your +9 spectral eveningstar {rare}.
 74144 | Pan      | your +9 spectral eveningstar {rare} disappears.
 74146 | Pan      | your +9 spectral eveningstar {rare} hits the reaper!
 74147 | Pan      | your +9 spectral eveningstar {rare} hits the reaper!
 74148 | Pan      | your +9 spectral eveningstar {rare} barely misses the
                  | reaper.
 74149 | Pan      | your +9 spectral eveningstar {rare} closely misses the
                  | reaper.
 74150 | Pan      | your +9 spectral eveningstar {rare} disappears.
 74165 | Pan      | your +9 spectral eveningstar {rare} hits the Executioner!!
 74166 | Pan      | your +9 spectral eveningstar {rare} disappears.
 74175 | Pan      | your +9 spectral eveningstar {rare} hits the large
                  | abomination!!
 74176 | Pan      | your +9 spectral eveningstar {rare} disappears.
 74179 | Pan      | your +9 spectral eveningstar {rare} hits the large
                  | abomination!!!
 74180 | Pan      | your +9 spectral eveningstar {rare} disappears.
 74268 | Pan      | your +9 spectral eveningstar {rare} closely misses the
                  | reaper.
 74269 | Pan      | your +9 spectral eveningstar {rare} hits the reaper!!!
 74270 | Pan      | your +9 spectral eveningstar {rare} hits the reaper!!
 74271 | Pan      | your +9 spectral eveningstar {rare} disappears.
 74301 | Pan      | your +9 spectral eveningstar {rare} hits the Executioner!!
 74302 | Pan      | your +9 spectral eveningstar {rare} disappears.
 74445 | Pan      | your +9 spectral eveningstar {rare} closely misses the
                  | reaper.
 74446 | Pan      | your +9 spectral eveningstar {rare} hits the reaper!
 74447 | Pan      | your +9 spectral eveningstar {rare} hits the reaper!
 74447 | Pan      | the reaper misses your +9 spectral eveningstar {rare}.
 74448 | Pan      | your +9 spectral eveningstar {rare} barely misses the
                  | reaper.
 74449 | Pan      | your +9 spectral eveningstar {rare} hits the reaper but
                  | does no damage.
 74449 | Pan      | the reaper barely misses your +9 spectral eveningstar
                  | {rare}.
 74450 | Pan      | your +9 spectral eveningstar {rare} disappears.
 74458 | Pan      | your +9 spectral eveningstar {rare} hits the reaper!!
 74459 | Pan      | your +9 spectral eveningstar {rare} barely misses the
                  | reaper.
 74460 | Pan      | your +9 spectral eveningstar {rare} disappears.
 74510 | Pan      | your +9 spectral eveningstar {rare} hits the juggernaut
                  | skeleton!!
 74511 | Pan      | your +9 spectral eveningstar {rare} hits the juggernaut
                  | skeleton!!
 74512 | Pan      | your +9 spectral eveningstar {rare} disappears.
 74513 | Pan      | Reached skill level 15 in Maces & Flails
 74517 | Pan      | your +9 spectral eveningstar {rare} hits the caustic shrike
                  | skeleton!!
 74518 | Pan      | your +9 spectral eveningstar {rare} barely misses the
                  | caustic shrike skeleton.
 74519 | Pan      | your +9 spectral eveningstar {rare} hits the caustic shrike
                  | skeleton!!!
 74520 | Pan      | your +9 spectral eveningstar {rare} disappears.
 74540 | Pan      | Noticed a curse skull
 74547 | Pan      | Noticed a curse skull
 74614 | Pan      | You feel a bond with your +9 spectral eveningstar {rare}.
 74614 | Pan      | a - a +9 spectral eveningstar (weapon) {rare}
 74616 | Pan      | your +9 spectral eveningstar {rare} barely misses the
                  | reaper.
 74617 | Pan      | your +9 spectral eveningstar {rare} hits the reaper!!!
 74618 | Pan      | your +9 spectral eveningstar {rare} disappears.
 74630 | Pan      | your +9 spectral eveningstar {rare} hits the Executioner.
 74631 | Pan      | your +9 spectral eveningstar {rare} hits the Executioner!!
 74632 | Pan      | your +9 spectral eveningstar {rare} disappears.
 74643 | Pan      | your +9 spectral eveningstar {rare} hits the curse skull.
 74643 | Pan      | the shadow hits your +9 spectral eveningstar {rare}.
 74644 | Pan      | your +9 spectral eveningstar {rare} hits the curse skull
                  | but does no damage.
 74645 | Pan      | your +9 spectral eveningstar {rare} barely misses the curse
                  | skull.
 74646 | Pan      | Killed a curse skull
 74646 | Pan      | your +9 spectral eveningstar {rare} disappears.
 74686 | Pan      | your +9 spectral eveningstar {rare} hits the soul eater!!
 74687 | Pan      | your +9 spectral eveningstar {rare} hits the soul eater but
                  | does no damage.
 74688 | Pan      | your +9 spectral eveningstar {rare} closely misses the soul
                  | eater.
 74689 | Pan      | your +9 spectral eveningstar {rare} hits the soul eater but
                  | does no damage.
 74689 | Pan      | the soul eater hits your +9 spectral eveningstar {rare}!!
 74689 | Pan      | your +9 spectral eveningstar {rare} disappears.
 74690 | Pan      | your +9 spectral eveningstar {rare} hits the soul eater!!!
 74691 | Pan      | your +9 spectral eveningstar {rare} disappears.
 74694 | Pan      | your +9 spectral eveningstar {rare} hits the hellephant
                  | skeleton!!
 74695 | Pan      | your +9 spectral eveningstar {rare} barely misses the
                  | hellephant skeleton.
 74696 | Pan      | your +9 spectral eveningstar {rare} disappears.
 74697 | Pan      | your +9 spectral eveningstar {rare} barely misses the
                  | Executioner.
 74698 | Pan      | your +9 spectral eveningstar {rare} misses the Executioner.
 74699 | Pan      | your +9 spectral eveningstar {rare} hits the Executioner!
 74700 | Pan      | your +9 spectral eveningstar {rare} disappears.
 74715 | Pan      | Killed a curse skull
 74741 | Pan      | your +9 spectral eveningstar {rare} hits the caustic shrike
                  | skeleton!!!
 74742 | Pan      | your +9 spectral eveningstar {rare} closely misses the
                  | caustic shrike skeleton.
 74743 | Pan      | your +9 spectral eveningstar {rare} hits the caustic shrike
                  | skeleton!
 74744 | Pan      | your +9 spectral eveningstar {rare} barely misses the
                  | caustic shrike skeleton.
 74745 | Pan      | your +9 spectral eveningstar {rare} barely misses the
                  | caustic shrike skeleton.
 74746 | Pan      | your +9 spectral eveningstar {rare} disappears.
 74810 | Pan      | your +9 spectral eveningstar {rare} hits the Executioner!
 74811 | Pan      | your +9 spectral eveningstar {rare} hits the Executioner!!
 74812 | Pan      | your +9 spectral eveningstar {rare} hits the Executioner!!
 74813 | Pan      | Reached skill level 12 in Dodging
 74813 | Pan      | your +9 spectral eveningstar {rare} disappears.
 74826 | Pan      | your +9 spectral eveningstar {rare} hits the demonspawn
                  | black sun.
 74827 | Pan      | your +9 spectral eveningstar {rare} hits the demonspawn
                  | black sun!!
 74827 | Pan      | the demonspawn black sun completely misses your +9 spectral
                  | eveningstar {rare}.
 74828 | Pan      | your +9 spectral eveningstar {rare} disappears.
 74873 | Pan      | your +9 spectral eveningstar {rare} hits the demonspawn
                  | black sun!!
 74874 | Pan      | your +9 spectral eveningstar {rare} hits the demonspawn
                  | black sun but does no damage.
 74874 | Pan      | the demonspawn black sun hits your +9 spectral eveningstar
                  | {rare} with a +1 vampiric demon whip!!
 74874 | Pan      | your +9 spectral eveningstar {rare} looks weaker.
 74875 | Pan      | your +9 spectral eveningstar {rare} hits the demonspawn
                  | black sun!!
 74876 | Pan      | your +9 spectral eveningstar {rare} disappears.
 74894 | Pan      | your +9 spectral eveningstar {rare} hits the reaper!!
 74895 | Pan      | your +9 spectral eveningstar {rare} hits the reaper!!!
 74896 | Pan      | your +9 spectral eveningstar {rare} disappears.
 74927 | Pan      | your +9 spectral eveningstar {rare} hits the soul eater!
 74928 | Pan      | your +9 spectral eveningstar {rare} closely misses the soul
                  | eater.
 74929 | Pan      | your +9 spectral eveningstar {rare} hits the soul eater!!
 74930 | Pan      | your +9 spectral eveningstar {rare} hits the soul eater!
 74930 | Pan      | the soul eater barely misses your +9 spectral eveningstar
                  | {rare}.
 74931 | Pan      | your +9 spectral eveningstar {rare} disappears.
 74933 | Pan      | your +9 spectral eveningstar {rare} hits the reaper.
 74934 | Pan      | your +9 spectral eveningstar {rare} barely misses the
                  | reaper.
 74935 | Pan      | your +9 spectral eveningstar {rare} hits the reaper!
 74935 | Pan      | the reaper hits your +9 spectral eveningstar {rare} with a
                  | +2 scythe of venom!!
 74936 | Pan      | your +9 spectral eveningstar {rare} closely misses the
                  | reaper.
 74936 | Pan      | something hits your +9 spectral eveningstar {rare}.
 74936 | Pan      | your +9 spectral eveningstar {rare} disappears.
 74939 | Pan      | your +9 spectral eveningstar {rare} hits the large
                  | abomination.
 74940 | Pan      | your +9 spectral eveningstar {rare} disappears.
 74943 | Pan      | your +9 spectral eveningstar {rare} hits the Executioner.
 74943 | Pan      | the Executioner misses your +9 spectral eveningstar {rare}.
 74943 | Pan      | the Executioner closely misses your +9 spectral eveningstar
                  | {rare}.
 74943 | Pan      | the Executioner hits your +9 spectral eveningstar {rare}.
 74943 | Pan      | the Executioner barely misses your +9 spectral eveningstar
                  | {rare}.
 74943 | Pan      | the Executioner hits your +9 spectral eveningstar {rare}
                  | but does no damage.
 74943 | Pan      | the Executioner hits your +9 spectral eveningstar {rare}.
 74943 | Pan      | the Executioner hits your +9 spectral eveningstar {rare}!!
 74943 | Pan      | your +9 spectral eveningstar {rare} disappears.
 74945 | Pan      | your +9 spectral eveningstar {rare} hits the large
                  | abomination!
 74945 | Pan      | the large abomination hits your +9 spectral eveningstar
                  | {rare} but does no damage.
 74946 | Pan      | your +9 spectral eveningstar {rare} disappears.
 74948 | Pan      | your +9 spectral eveningstar {rare} completely misses the
                  | large abomination.
 74949 | Pan      | your +9 spectral eveningstar {rare} disappears.
 75003 | Pan      | Noticed Gloorx Vloq
 75043 | Pan      | your +9 spectral eveningstar {rare} hits the reaper but
                  | does no damage.
 75044 | Pan      | your +9 spectral eveningstar {rare} hits the reaper.
 75044 | Pan      | the reaper hits your +9 spectral eveningstar {rare} with a
                  | +1 scythe of freezing!
 75044 | Pan      | the reaper drags your +9 spectral eveningstar {rare}
                  | backwards!
 75044 | Pan      | the reaper freezes your +9 spectral eveningstar {rare}.
 75045 | Pan      | your +9 spectral eveningstar {rare} disappears.
 75109 | Pan      | Got a dark rune of Zot
 75146 | Pan      | Took an exit into the Abyss.
 75146 | Abyss:3  | You pass through the gate.
 75146 | Abyss:3  | Escaped into the Abyss
 75175 | Abyss:3  | your +9 spectral eveningstar {rare} hits the tentacled
                  | starspawn!
 75176 | Abyss:3  | your +9 spectral eveningstar {rare} hits the tentacled
                  | starspawn!!
 75177 | Abyss:3  | your +9 spectral eveningstar {rare} disappears.
 75190 | Abyss:3  | your +9 spectral eveningstar {rare} barely misses the
                  | wretched star.
 75191 | Abyss:3  | your +9 spectral eveningstar {rare} hits the wretched star
                  | but does no damage.
 75192 | Abyss:3  | your +9 spectral eveningstar {rare} hits the wretched star!
 75193 | Abyss:3  | your +9 spectral eveningstar {rare} disappears.
 75194 | Abyss:3  | your +9 spectral eveningstar {rare} hits the ancient zyme!!
 75195 | Abyss:3  | your +9 spectral eveningstar {rare} disappears.
 75203 | Abyss:3  | your +9 spectral eveningstar {rare} hits the worldbinder!!!
 75204 | Abyss:3  | your +9 spectral eveningstar {rare} disappears.
 75213 | Abyss:3  | your +9 spectral eveningstar {rare} hits the chaos spawn!!!
 75214 | Abyss:3  | your +9 spectral eveningstar {rare} hits the starspawn
                  | tentacle!
 75215 | Abyss:3  | your +9 spectral eveningstar {rare} disappears.
 75233 | Abyss:3  | your +9 spectral eveningstar {rare} hits the wretched star.
 75233 | Abyss:3  | The lance of force misses your +9 spectral eveningstar
                  | {rare}.
 75234 | Abyss:3  | your +9 spectral eveningstar {rare} disappears.
 75239 | Abyss:3  | your +9 spectral eveningstar {rare} hits the small
                  | abomination.
 75240 | Abyss:3  | your +9 spectral eveningstar {rare} hits the small
                  | abomination!!!
 75241 | Abyss:3  | your +9 spectral eveningstar {rare} disappears.
 75253 | Abyss:3  | your +9 spectral eveningstar {rare} hits the large
                  | abomination!!!
 75254 | Abyss:3  | your +9 spectral eveningstar {rare} disappears.
 75261 | Abyss:3  | your +9 spectral eveningstar {rare} barely misses the orc
                  | sorcerer.
 75262 | Abyss:3  | your +9 spectral eveningstar {rare} disappears.
 75342 | Abyss:3  | your +9 spectral eveningstar {rare} hits the death
                  | knight!!!
 75343 | Abyss:3  | your +9 spectral eveningstar {rare} disappears.
 75389 | Abyss:3  | your +9 spectral eveningstar {rare} hits the hell hound!!!
 75390 | Abyss:3  | your +9 spectral eveningstar {rare} disappears.
 75394 | Abyss:3  | your +9 spectral eveningstar {rare} hits the hell hound!
 75395 | Abyss:3  | your +9 spectral eveningstar {rare} disappears.
 75399 | Abyss:3  | your +9 spectral eveningstar {rare} closely misses the
                  | lorocyproca.
 75400 | Abyss:3  | your +9 spectral eveningstar {rare} hits the lorocyproca!!
 75401 | Abyss:3  | your +9 spectral eveningstar {rare} hits the lorocyproca!
 75402 | Abyss:3  | your +9 spectral eveningstar {rare} disappears.
 75404 | Abyss:3  | your +9 spectral eveningstar {rare} hits the starcursed
                  | mass!!
 75405 | Abyss:3  | your +9 spectral eveningstar {rare} hits the starcursed
                  | mass!
 75406 | Abyss:3  | your +9 spectral eveningstar {rare} hits the starcursed
                  | mass!
 75407 | Abyss:3  | your +9 spectral eveningstar {rare} hits the starcursed
                  | mass!!!
 75408 | Abyss:3  | your +9 spectral eveningstar {rare} disappears.
 75421 | Abyss:3  | Found a corrupted altar of Lugonu.
 75429 | Abyss:3  | your +9 spectral eveningstar {rare} hits the starcursed
                  | mass!
 75430 | Abyss:3  | your +9 spectral eveningstar {rare} disappears.
 75432 | Abyss:3  | your +9 spectral eveningstar {rare} hits the starcursed
                  | mass!!
 75433 | Abyss:3  | your +9 spectral eveningstar {rare} disappears.
 75435 | Abyss:3  | your +9 spectral eveningstar {rare} hits the starcursed
                  | mass!!
 75436 | Abyss:3  | your +9 spectral eveningstar {rare} disappears.
 75437 | Abyss:3  | your +9 spectral eveningstar {rare} hits the starcursed
                  | mass.
 75438 | Abyss:3  | your +9 spectral eveningstar {rare} disappears.
 75445 | Abyss:3  | your +9 spectral eveningstar {rare} hits the starcursed
                  | mass!!!
 75446 | Abyss:3  | your +9 spectral eveningstar {rare} hits the starcursed
                  | mass!
 75447 | Abyss:3  | your +9 spectral eveningstar {rare} disappears.
 75459 | Abyss:3  | Reached skill level 19 in Earth Magic
 75501 | Abyss:3  | your +9 spectral eveningstar {rare} hits the bone dragon.
 75502 | Abyss:3  | your +9 spectral eveningstar {rare} hits the bone dragon!
 75503 | Abyss:3  | your +9 spectral eveningstar {rare} hits the bone dragon!
 75504 | Abyss:3  | your +9 spectral eveningstar {rare} hits the bone dragon.
 75504 | Abyss:3  | the bone dragon bites your +9 spectral eveningstar {rare}.
 75504 | Abyss:3  | the bone dragon claws your +9 spectral eveningstar {rare}!
 75504 | Abyss:3  | the bone dragon tramples your +9 spectral eveningstar
                  | {rare} but does no damage.
 75505 | Abyss:3  | your +9 spectral eveningstar {rare} hits the bone dragon
                  | but does no damage.
 75506 | Abyss:3  | your +9 spectral eveningstar {rare} hits the bone dragon!!
 75507 | Abyss:3  | your +9 spectral eveningstar {rare} hits the bone dragon!!
 75508 | Abyss:3  | your +9 spectral eveningstar {rare} disappears.
 75511 | Depths:2 | You pass through the gate.
 75511 | Depths:2 | Escaped the Abyss
 75536 | Depths:2 | your +9 spectral eveningstar {rare} misses the spriggan air
                  | mage.
 75537 | Depths:2 | your +9 spectral eveningstar {rare} hits the spriggan air
                  | mage!!
 75538 | Depths:2 | your +9 spectral eveningstar {rare} disappears.
 75585 | Zot:1    | Entered Level 1 of the Realm of Zot
 75597 | Zot:1    | your +9 spectral eveningstar {rare} hits the death cob.
 75598 | Zot:1    | your +9 spectral eveningstar {rare} hits the death cob!!!
 75599 | Zot:1    | your +9 spectral eveningstar {rare} hits the death cob!!
 75599 | Zot:1    | the death cob hits your +9 spectral eveningstar {rare}.
 75599 | Zot:1    | the death cob drains your +9 spectral eveningstar {rare}'s
                  | vigour!
 75599 | Zot:1    | your +9 spectral eveningstar {rare} seems to slow down.
 75599 | Zot:1    | the death cob hits your +9 spectral eveningstar {rare}!!
 75599 | Zot:1    | the death cob drains your +9 spectral eveningstar {rare}'s
                  | vigour!
 75599 | Zot:1    | your +9 spectral eveningstar {rare} seems to slow down.
 75600 | Zot:1    | your +9 spectral eveningstar {rare} disappears.
 75604 | Zot:1    | your +9 spectral eveningstar {rare} hits the golden
                  | dragon!!
 75605 | Zot:1    | your +9 spectral eveningstar {rare} hits the golden
                  | dragon!!
 75605 | Zot:1    | the golden dragon bites your +9 spectral eveningstar
                  | {rare}!!
 75605 | Zot:1    | your +9 spectral eveningstar {rare} disappears.
 75606 | Zot:1    | your +9 spectral eveningstar {rare} hits the golden
                  | dragon!!!
 75606 | Zot:1    | Identified +0 gold dragon scales
 75607 | Zot:1    | your +9 spectral eveningstar {rare} hits the tentacled
                  | monstrosity!!!
 75608 | Zot:1    | Reached skill level 15 in Spellcasting
 75608 | Zot:1    | your +9 spectral eveningstar {rare} disappears.
 75609 | Zot:1    | your +9 spectral eveningstar {rare} hits the tentacled
                  | monstrosity!!
 75610 | Zot:1    | your +9 spectral eveningstar {rare} hits the tentacled
                  | monstrosity!
 75611 | Zot:1    | your +9 spectral eveningstar {rare} disappears.
 75615 | Zot:1    | +0 gold dragon scales {rare}; a golden dragon corpse
 75620 | Zot:1    | your +9 spectral eveningstar {rare} hits the moth of
                  | wrath!!!
 75620 | Zot:1    | the moth of wrath closely misses your +9 spectral
                  | eveningstar {rare}.
 75621 | Zot:1    | your +9 spectral eveningstar {rare} disappears.
 75623 | Zot:1    | Noticed an electric golem
 75627 | Zot:1    | your +9 spectral eveningstar {rare} hits the electric
                  | golem!!!
 75628 | Zot:1    | your +9 spectral eveningstar {rare} completely misses the
                  | electric golem.
 75629 | Zot:1    | your +9 spectral eveningstar {rare} misses the electric
                  | golem.
 75630 | Zot:1    | your +9 spectral eveningstar {rare} hits the electric
                  | golem!!
 75630 | Zot:1    | Killed an electric golem
 75631 | Zot:1    | your +9 spectral eveningstar {rare} disappears.
 75640 | Zot:1    | your +9 spectral eveningstar {rare} hits the green
                  | draconian monk!!!
 75641 | Zot:1    | your +9 spectral eveningstar {rare} disappears.
 75644 | Zot:1    | your +9 spectral eveningstar {rare} hits the purple
                  | draconian but does no damage.
 75644 | Zot:1    | The searing blast hits your +9 spectral eveningstar {rare}!
 75644 | Zot:1    | your +9 spectral eveningstar {rare} resists.
 75644 | Zot:1    | the purple draconian hits your +9 spectral eveningstar
                  | {rare} with a +0 battleaxe!
 75644 | Zot:1    | your +9 spectral eveningstar {rare} disappears.
 75645 | Zot:1    | your +9 spectral eveningstar {rare} hits the purple
                  | draconian!!
 75646 | Zot:1    | Noticed a curse toe
 75646 | Zot:1    | your +9 spectral eveningstar {rare} disappears.
 75647 | Zot:1    | your +9 spectral eveningstar {rare} hits the red draconian
                  | scorcher!
 75648 | Zot:1    | your +9 spectral eveningstar {rare} hits the red draconian
                  | scorcher.
 75649 | Zot:1    | your +9 spectral eveningstar {rare} disappears.
 75650 | Zot:1    | your +9 spectral eveningstar {rare} hits the curse toe.
 75651 | Zot:1    | your +9 spectral eveningstar {rare} hits the curse toe!
 75652 | Zot:1    | your +9 spectral eveningstar {rare} hits the curse toe!!!
 75653 | Zot:1    | your +9 spectral eveningstar {rare} hits the curse toe.
 75653 | Zot:1    | The bolt of lightning hits your +9 spectral eveningstar
                  | {rare}!
 75653 | Zot:1    | your +9 spectral eveningstar {rare} resists.
 75653 | Zot:1    | The bolt of lightning hits your +9 spectral eveningstar
                  | {rare}!
 75653 | Zot:1    | your +9 spectral eveningstar {rare} resists.
 75654 | Zot:1    | Killed a curse toe
 75654 | Zot:1    | your +9 spectral eveningstar {rare} disappears.
 75656 | Zot:1    | your +9 spectral eveningstar {rare} barely misses the moth
                  | of wrath.
 75657 | Zot:1    | your +9 spectral eveningstar {rare} misses the moth of
                  | wrath.
 75658 | Zot:1    | your +9 spectral eveningstar {rare} disappears.
 75659 | Zot:1    | your +9 spectral eveningstar {rare} barely misses the storm
                  | dragon.
 75660 | Zot:1    | your +9 spectral eveningstar {rare} hits the storm dragon.
 75661 | Zot:1    | your +9 spectral eveningstar {rare} barely misses the storm
                  | dragon.
 75662 | Zot:1    | your +9 spectral eveningstar {rare} disappears.
 75668 | Zot:1    | your +9 spectral eveningstar {rare} hits the storm
                  | dragon!!!
 75669 | Zot:1    | your +9 spectral eveningstar {rare} disappears.
 75671 | Zot:1    | +0 storm dragon scales {rare}; a storm dragon corpse
 75723 | Zot:1    | your +9 spectral eveningstar {rare} barely misses the storm
                  | dragon.
 75724 | Zot:1    | your +9 spectral eveningstar {rare} hits the storm dragon!!
 75725 | Zot:1    | your +9 spectral eveningstar {rare} hits the storm dragon
                  | but does no damage.
 75726 | Zot:1    | your +9 spectral eveningstar {rare} barely misses the storm
                  | dragon.
 75727 | Zot:1    | your +9 spectral eveningstar {rare} disappears.
 75729 | Zot:1    | +0 storm dragon scales {rare}; a storm dragon corpse
 75740 | Zot:1    | your +9 spectral eveningstar {rare} closely misses the
                  | storm dragon.
 75741 | Zot:1    | your +9 spectral eveningstar {rare} hits the storm dragon!!
 75742 | Zot:1    | your +9 spectral eveningstar {rare} hits the storm dragon!!
 75742 | Zot:1    | the white draconian stormcaller hits your +9 spectral
                  | eveningstar {rare} with a +0 whip.
 75742 | Zot:1    | the storm dragon bites your +9 spectral eveningstar {rare}!
 75742 | Zot:1    | the storm dragon claws your +9 spectral eveningstar {rare}!
 75742 | Zot:1    | your +9 spectral eveningstar {rare} disappears.
 75846 | Zot:1    | your +9 spectral eveningstar {rare} hits the black
                  | draconian knight!!
 75847 | Zot:1    | your +9 spectral eveningstar {rare} hits the black
                  | draconian knight but does no damage.
 75847 | Zot:1    | the black draconian knight breathes lightning at your +9
                  | spectral eveningstar {rare}.
 75847 | Zot:1    | The bolt of lightning hits your +9 spectral eveningstar
                  | {rare}!
 75847 | Zot:1    | your +9 spectral eveningstar {rare} resists.
 75847 | Zot:1    | The bolt of lightning hits your +9 spectral eveningstar
                  | {rare}!
 75847 | Zot:1    | your +9 spectral eveningstar {rare} resists.
 75848 | Zot:1    | your +9 spectral eveningstar {rare} hits the black
                  | draconian knight!
 75848 | Zot:1    | the white draconian hits your +9 spectral eveningstar
                  | {rare} with a +0 long sword.
 75849 | Zot:1    | your +9 spectral eveningstar {rare} hits the green
                  | draconian monk!!
 75850 | Zot:1    | your +9 spectral eveningstar {rare} completely misses the
                  | green draconian monk.
 75850 | Zot:1    | the white draconian hits your +9 spectral eveningstar
                  | {rare} with a +0 long sword!
 75851 | Zot:1    | your +9 spectral eveningstar {rare} closely misses the
                  | green draconian monk.
 75851 | Zot:1    | the white draconian hits your +9 spectral eveningstar
                  | {rare} with a +0 long sword.
 75852 | Zot:1    | your +9 spectral eveningstar {rare} hits the green
                  | draconian monk!!
 75853 | Zot:1    | your +9 spectral eveningstar {rare} hits the white
                  | draconian!!!
 75854 | Zot:1    | your +9 spectral eveningstar {rare} disappears.
 75927 | Hell     | your +9 spectral eveningstar {rare} hits the hell hog!!!
 75928 | Hell     | your +9 spectral eveningstar {rare} disappears.
 75931 | Hell     | your +9 spectral eveningstar {rare} hits the smoke demon!!
 75932 | Hell     | your +9 spectral eveningstar {rare} disappears.
 75943 | Depths:4 | your +9 spectral eveningstar {rare} hits the smoke demon!
 75944 | Depths:4 | your +9 spectral eveningstar {rare} closely misses the
                  | smoke demon.
 75945 | Depths:4 | your +9 spectral eveningstar {rare} hits the smoke demon!
 75946 | Depths:4 | your +9 spectral eveningstar {rare} disappears.
 76004 | Hell     | Killed Geryon
 76006 | Hell     | your +9 spectral eveningstar {rare} hits the frost giant!
 76007 | Hell     | your +9 spectral eveningstar {rare} hits the molten
                  | gargoyle!!
 76007 | Hell     | the frost giant barely misses your +9 spectral eveningstar
                  | {rare}.
 76008 | Hell     | your +9 spectral eveningstar {rare} disappears.
 76049 | Hell     | Found a gateway to the ashen valley of Gehenna.
 76050 | Hell     | your +9 spectral eveningstar {rare} hits the molten
                  | gargoyle!!
 76051 | Hell     | your +9 spectral eveningstar {rare} disappears.
 76063 | Hell     | your +9 spectral eveningstar {rare} hits the reaper!
 76064 | Hell     | your +9 spectral eveningstar {rare} hits the reaper but
                  | does no damage.
 76065 | Hell     | your +9 spectral eveningstar {rare} hits the reaper!
 76066 | Hell     | your +9 spectral eveningstar {rare} hits the reaper!!
 76067 | Hell     | your +9 spectral eveningstar {rare} disappears.
 76071 | Hell     | your +9 spectral eveningstar {rare} hits the hell hog!!!
 76072 | Hell     | your +9 spectral eveningstar {rare} disappears.
 76083 | Hell     | your +9 spectral eveningstar {rare} hits the orange
                  | demon!!!
 76084 | Hell     | your +9 spectral eveningstar {rare} disappears.
 76086 | Hell     | your +9 spectral eveningstar {rare} closely misses the
                  | smoke demon.
 76087 | Hell     | your +9 spectral eveningstar {rare} closely misses the
                  | smoke demon.
 76088 | Hell     | your +9 spectral eveningstar {rare} hits the smoke demon!
 76089 | Hell     | your +9 spectral eveningstar {rare} disappears.
 76220 | Hell     | Found a gateway to the Iron City of Dis.
 76225 | Dis:1    | Entered Level 1 of the Iron City of Dis
 76226 | Dis:1    | your +9 spectral eveningstar {rare} hits the hellion.
 76227 | Dis:1    | your +9 spectral eveningstar {rare} disappears.
 76280 | Hell     | your +9 spectral eveningstar {rare} hits the soul eater!!
 76280 | Hell     | the soul eater hits your +9 spectral eveningstar {rare}!!
 76281 | Hell     | your +9 spectral eveningstar {rare} hits the soul eater!
 76281 | Hell     | the soul eater hits your +9 spectral eveningstar {rare}.
 76281 | Hell     | your +9 spectral eveningstar {rare} disappears.
 76286 | Geh:1    | Entered Level 1 of Gehenna
 76289 | Geh:1    | your +9 spectral eveningstar {rare} hits the fire giant!!!
 76290 | Geh:1    | your +9 spectral eveningstar {rare} barely misses the fire
                  | giant.
 76291 | Geh:1    | your +9 spectral eveningstar {rare} disappears.
 76297 | Geh:1    | your +9 spectral eveningstar {rare} hits the searing
                  | wretch!!!
 76298 | Geh:1    | your +9 spectral eveningstar {rare} disappears.
 76300 | Hell     | your +9 spectral eveningstar {rare} hits the searing wretch
                  | but does no damage.
 76300 | Hell     | The fireball engulfs your +9 spectral eveningstar {rare}.
 76300 | Hell     | your +9 spectral eveningstar {rare} resists.
 76301 | Hell     | your +9 spectral eveningstar {rare} hits the searing
                  | wretch!!
 76302 | Hell     | your +9 spectral eveningstar {rare} barely misses the
                  | searing wretch.
 76303 | Hell     | your +9 spectral eveningstar {rare} hits the searing
                  | wretch!!
 76304 | Hell     | your +9 spectral eveningstar {rare} hits the searing
                  | wretch!!
 76304 | Hell     | The fireball engulfs your +9 spectral eveningstar {rare}!!
 76304 | Hell     | your +9 spectral eveningstar {rare} resists.
 76305 | Hell     | your +9 spectral eveningstar {rare} barely misses the fire
                  | giant.
 76306 | Hell     | your +9 spectral eveningstar {rare} completely misses the
                  | fire giant.
 76307 | Hell     | your +9 spectral eveningstar {rare} hits the fire giant.
 76308 | Hell     | your +9 spectral eveningstar {rare} barely misses the fire
                  | giant.
 76309 | Hell     | your +9 spectral eveningstar {rare} disappears.
 76335 | Hell     | Found a gateway to the decaying netherworld of Tartarus.
 76344 | Tar:1    | Entered Level 1 of Tartarus
 76348 | Tar:1    | your +9 spectral eveningstar {rare} hits the hellion!!
 76349 | Tar:1    | your +9 spectral eveningstar {rare} disappears.
 76357 | Tar:1    | You are sucked into a shaft and drop 1 floor!
 76394 | Hell     | your +9 spectral eveningstar {rare} hits the shadow dragon!
 76395 | Hell     | your +9 spectral eveningstar {rare} completely misses the
                  | shadow dragon.
 76396 | Hell     | your +9 spectral eveningstar {rare} hits the shadow dragon!
 76397 | Hell     | your +9 spectral eveningstar {rare} hits the shadow
                  | dragon!!!
 76398 | Hell     | your +9 spectral eveningstar {rare} disappears.
 76410 | Hell     | Found a gateway to the freezing wastes of Cocytus.
 76418 | Coc:1    | Entered Level 1 of Cocytus
 76420 | Coc:1    | your +9 spectral eveningstar {rare} hits the elemental
                  | wellspring!!!
 76421 | Coc:1    | your +9 spectral eveningstar {rare} disappears.
 76423 | Coc:1    | your +9 spectral eveningstar {rare} barely misses the
                  | hellion.
 76424 | Coc:1    | your +9 spectral eveningstar {rare} hits the hellion!!!
 76425 | Coc:1    | Reached skill level 20 in Earth Magic
 76425 | Coc:1    | your +9 spectral eveningstar {rare} disappears.
 76427 | Coc:1    | your +9 spectral eveningstar {rare} hits the quicksilver
                  | dragon simulacrum!!!
 76427 | Coc:1    | the anaconda simulacrum bites your +9 spectral eveningstar
                  | {rare} but does no damage.
 76428 | Coc:1    | your +9 spectral eveningstar {rare} disappears.
 76429 | Coc:1    | your +9 spectral eveningstar {rare} hits the anaconda
                  | simulacrum!!!
 76430 | Coc:1    | your +9 spectral eveningstar {rare} disappears.
 76431 | Coc:1    | your +9 spectral eveningstar {rare} hits the iron giant
                  | simulacrum!!!
 76432 | Coc:1    | your +9 spectral eveningstar {rare} hits the four-headed
                  | hydra simulacrum!!
 76432 | Coc:1    | The stunning burst hits your +9 spectral eveningstar
                  | {rare}!
 76432 | Coc:1    | your +9 spectral eveningstar {rare} resists.
 76432 | Coc:1    | your +9 spectral eveningstar {rare} is engulfed in freezing
                  | vapours.
 76433 | Coc:1    | your +9 spectral eveningstar {rare} disappears.
 76434 | Coc:1    | your +9 spectral eveningstar {rare} hits the titan.
 76434 | Coc:1    | The seracfall batters your +9 spectral eveningstar
                  | {rare}!!!
 76434 | Coc:1    | your +9 spectral eveningstar {rare} partially resists.
 76434 | Coc:1    | your +9 spectral eveningstar {rare} disappears.
 76435 | Coc:1    | your +9 spectral eveningstar {rare} hits the wendigo.
 76435 | Coc:1    | The torrent of water misses your +9 spectral eveningstar
                  | {rare}.
 76436 | Coc:1    | your +9 spectral eveningstar {rare} hits the wendigo!!
 76437 | Coc:1    | your +9 spectral eveningstar {rare} disappears.
 76438 | Coc:1    | your +9 spectral eveningstar {rare} hits the titan!!
 76438 | Coc:1    | the titan hits your +9 spectral eveningstar {rare}!!!
 76438 | Coc:1    | your +9 spectral eveningstar {rare} disappears.
 76439 | Coc:1    | your +9 spectral eveningstar {rare} hits the titan!!
 76440 | Coc:1    | your +9 spectral eveningstar {rare} disappears.
 76441 | Coc:1    | your +9 spectral eveningstar {rare} hits the frost giant!
 76441 | Coc:1    | the frost giant barely misses your +9 spectral eveningstar
                  | {rare}.
 76442 | Coc:1    | your +9 spectral eveningstar {rare} hits the frost giant!!!
 76443 | Coc:1    | your +9 spectral eveningstar {rare} disappears.
 76448 | Coc:1    | your +9 spectral eveningstar {rare} hits the water
                  | elemental!
 76448 | Coc:1    | The seracfall batters your +9 spectral eveningstar
                  | {rare}!!!
 76448 | Coc:1    | your +9 spectral eveningstar {rare} partially resists.
 76448 | Coc:1    | your +9 spectral eveningstar {rare} disappears.
 76451 | Coc:1    | your +9 spectral eveningstar {rare} hits the water
                  | elemental!!
 76452 | Coc:1    | your +9 spectral eveningstar {rare} hits the elemental
                  | wellspring!!!
 76453 | Coc:1    | your +9 spectral eveningstar {rare} disappears.
 76462 | Coc:1    | your +9 spectral eveningstar {rare} hits the nagaraja
                  | simulacrum!
 76463 | Coc:1    | your +9 spectral eveningstar {rare} disappears.
 76472 | Coc:1    | your +9 spectral eveningstar {rare} hits the wendigo!!
 76473 | Coc:1    | your +9 spectral eveningstar {rare} disappears.
 76475 | Coc:1    | your +9 spectral eveningstar {rare} hits the alligator
                  | snapping turtle simulacrum but does no damage.
 76476 | Coc:1    | your +9 spectral eveningstar {rare} hits the alligator
                  | snapping turtle simulacrum!
 76477 | Coc:1    | your +9 spectral eveningstar {rare} disappears.
 76479 | Coc:1    | your +9 spectral eveningstar {rare} hits the fenstrider
                  | witch simulacrum!!
 76479 | Coc:1    | the fenstrider witch simulacrum hits your +9 spectral
                  | eveningstar {rare}!
 76479 | Coc:1    | the fenstrider witch simulacrum freezes your +9 spectral
                  | eveningstar {rare}!
 76479 | Coc:1    | your +9 spectral eveningstar {rare} resists.
 76480 | Coc:1    | your +9 spectral eveningstar {rare} hits the fenstrider
                  | witch simulacrum!!!
 76481 | Coc:1    | your +9 spectral eveningstar {rare} disappears.
 76537 | Zot:1    | your +9 spectral eveningstar {rare} hits the death cob!!
 76538 | Zot:1    | your +9 spectral eveningstar {rare} hits the death cob!!
 76539 | Zot:1    | your +9 spectral eveningstar {rare} disappears.
 76590 | Zot:2    | your +9 spectral eveningstar {rare} hits the moth of
                  | wrath!!
 76591 | Zot:2    | your +9 spectral eveningstar {rare} disappears.
 76593 | Zot:2    | your +9 spectral eveningstar {rare} barely misses the moth
                  | of wrath.
 76594 | Zot:2    | your +9 spectral eveningstar {rare} disappears.
 76619 | Zot:2    | your +9 spectral eveningstar {rare} hits the tyrant leech!
 76620 | Zot:2    | your +9 spectral eveningstar {rare} disappears.
 76647 | Zot:2    | your +9 spectral eveningstar {rare} hits the tentacled
                  | monstrosity!!!
 76647 | Zot:2    | the tentacled monstrosity tentacle-slaps your +9 spectral
                  | eveningstar {rare}.
 76647 | Zot:2    | the tentacled monstrosity tentacle-slaps your +9 spectral
                  | eveningstar {rare}.
 76647 | Zot:2    | the tentacled monstrosity tentacle-slaps your +9 spectral
                  | eveningstar {rare}!
 76648 | Zot:2    | your +9 spectral eveningstar {rare} hits the tentacled
                  | monstrosity!
 76649 | Zot:2    | your +9 spectral eveningstar {rare} disappears.
 76690 | Zot:2    | You pick up a book of Hexes and begin reading...
 76702 | Zot:2    | your +9 spectral eveningstar {rare} hits the tentacled
                  | monstrosity!!!
 76703 | Zot:2    | your +9 spectral eveningstar {rare} hits the tentacled
                  | monstrosity!!
 76704 | Zot:2    | Reached skill level 16 in Spellcasting
 76704 | Zot:2    | your +9 spectral eveningstar {rare} disappears.
 76744 | Zot:2    | your +9 spectral eveningstar {rare} hits the golden
                  | dragon!!!
 76745 | Zot:2    | your +9 spectral eveningstar {rare} disappears.
 76747 | Zot:2    | your +9 spectral eveningstar {rare} hits the shadow
                  | dragon!!
 76748 | Zot:2    | your +9 spectral eveningstar {rare} hits the shadow dragon!
 76748 | Zot:2    | the shadow dragon bites your +9 spectral eveningstar
                  | {rare}!
 76748 | Zot:2    | the shadow dragon claws your +9 spectral eveningstar
                  | {rare}.
 76748 | Zot:2    | the shadow dragon completely misses your +9 spectral
                  | eveningstar {rare}.
 76749 | Zot:2    | your +9 spectral eveningstar {rare} hits the shadow dragon
                  | but does no damage.
 76750 | Zot:2    | your +9 spectral eveningstar {rare} closely misses the
                  | shadow dragon.
 76751 | Zot:2    | your +9 spectral eveningstar {rare} hits the shadow
                  | dragon!!!
 76751 | Zot:2    | the shadow dragon bites your +9 spectral eveningstar
                  | {rare}!
 76751 | Zot:2    | the shadow dragon misses your +9 spectral eveningstar
                  | {rare}.
 76751 | Zot:2    | the shadow dragon claws your +9 spectral eveningstar {rare}
                  | but does no damage.
 76752 | Zot:2    | Reached skill level 21 in Fighting
 76752 | Zot:2    | your +9 spectral eveningstar {rare} disappears.
 76753 | Zot:2    | +0 shadow dragon scales {rare}; a shadow dragon corpse
 76753 | Zot:2    | your +9 spectral eveningstar {rare} hits the shadow dragon.
 76754 | Zot:2    | your +9 spectral eveningstar {rare} hits the shadow
                  | dragon!!
 76755 | Zot:2    | your +9 spectral eveningstar {rare} completely misses the
                  | shadow dragon.
 76756 | Zot:2    | your +9 spectral eveningstar {rare} completely misses the
                  | shadow dragon.
 76757 | Zot:2    | your +9 spectral eveningstar {rare} hits the shadow
                  | dragon!!
 76757 | Zot:2    | the shadow dragon barely misses your +9 spectral
                  | eveningstar {rare}.
 76757 | Zot:2    | the shadow dragon claws your +9 spectral eveningstar
                  | {rare}.
 76757 | Zot:2    | the shadow dragon claws your +9 spectral eveningstar {rare}
                  | but does no damage.
 76758 | Zot:2    | your +9 spectral eveningstar {rare} hits the shadow
                  | dragon!!
 76759 | Zot:2    | your +9 spectral eveningstar {rare} disappears.
 76831 | Zot:3    | your +9 spectral eveningstar {rare} hits the tentacled
                  | monstrosity!!!
 76832 | Zot:3    | your +9 spectral eveningstar {rare} hits the tentacled
                  | monstrosity!!
 76833 | Zot:3    | your +9 spectral eveningstar {rare} disappears.
 76848 | Zot:3    | Noticed an electric golem
 76852 | Zot:3    | your +9 spectral eveningstar {rare} hits the electric
                  | golem!
 76853 | Zot:3    | your +9 spectral eveningstar {rare} disappears.
 76854 | Zot:3    | your +9 spectral eveningstar {rare} misses the electric
                  | golem.
 76855 | Zot:3    | your +9 spectral eveningstar {rare} closely misses the
                  | electric golem.
 76856 | Zot:3    | your +9 spectral eveningstar {rare} barely misses the
                  | electric golem.
 76857 | Zot:3    | your +9 spectral eveningstar {rare} disappears.
 76858 | Zot:3    | your +9 spectral eveningstar {rare} closely misses the
                  | death cob.
 76858 | Zot:3    | The bolt of lightning hits your +9 spectral eveningstar
                  | {rare}.
 76858 | Zot:3    | your +9 spectral eveningstar {rare} resists.
 76859 | Zot:3    | your +9 spectral eveningstar {rare} disappears.
 76863 | Zot:3    | your +9 spectral eveningstar {rare} misses the death cob.
 76864 | Zot:3    | your +9 spectral eveningstar {rare} disappears.
 76868 | Zot:3    | your +9 spectral eveningstar {rare} hits the death cob!!!
 76869 | Zot:3    | your +9 spectral eveningstar {rare} hits the death cob!!!
 76870 | Zot:3    | your +9 spectral eveningstar {rare} disappears.
 76871 | Zot:3    | your +9 spectral eveningstar {rare} misses the electric
                  | golem.
 76872 | Zot:3    | your +9 spectral eveningstar {rare} hits the death cob!!
 76873 | Zot:3    | your +9 spectral eveningstar {rare} disappears.
 76876 | Zot:3    | your +9 spectral eveningstar {rare} misses the electric
                  | golem.
 76876 | Zot:3    | Noticed an orb of fire
 76877 | Zot:3    | your +9 spectral eveningstar {rare} disappears.
 76906 | Zot:3    | Killed an orb of fire
 76934 | Zot:3    | Killed an electric golem
 77013 | Zot:3    | your +9 spectral eveningstar {rare} misses the shadow
                  | dragon.
 77014 | Zot:3    | your +9 spectral eveningstar {rare} hits the shadow
                  | dragon!!!
 77015 | Zot:3    | your +9 spectral eveningstar {rare} hits the shadow dragon.
 77015 | Zot:3    | the shadow dragon barely misses your +9 spectral
                  | eveningstar {rare}.
 77015 | Zot:3    | the shadow dragon closely misses your +9 spectral
                  | eveningstar {rare}.
 77015 | Zot:3    | the shadow dragon claws your +9 spectral eveningstar
                  | {rare}.
 77016 | Zot:3    | your +9 spectral eveningstar {rare} disappears.
 77023 | Zot:3    | your +9 spectral eveningstar {rare} hits the tentacled
                  | monstrosity!!!
 77024 | Zot:3    | your +9 spectral eveningstar {rare} hits the tentacled
                  | monstrosity!!
 77025 | Zot:3    | your +9 spectral eveningstar {rare} disappears.
 77034 | Zot:3    | Noticed a curse toe
 77040 | Zot:3    | your +9 spectral eveningstar {rare} hits the curse toe!!
 77041 | Zot:3    | Killed a curse toe
 77041 | Zot:3    | your +9 spectral eveningstar {rare} disappears.
 77048 | Zot:3    | your +9 spectral eveningstar {rare} hits the white
                  | draconian!
 77049 | Zot:3    | your +9 spectral eveningstar {rare} hits the storm dragon!!
 77050 | Zot:3    | your +9 spectral eveningstar {rare} closely misses the
                  | purple draconian.
 77051 | Zot:3    | your +9 spectral eveningstar {rare} hits the purple
                  | draconian!!!
 77052 | Zot:3    | your +9 spectral eveningstar {rare} disappears.
 77054 | Zot:3    | your +9 spectral eveningstar {rare} closely misses the
                  | purple draconian shifter.
 77055 | Zot:3    | your +9 spectral eveningstar {rare} hits the red draconian!
 77056 | Zot:3    | your +9 spectral eveningstar {rare} hits the red draconian.
 77056 | Zot:3    | your +9 spectral eveningstar {rare} blinks!
 77057 | Zot:3    | your +9 spectral eveningstar {rare} hits the red draconian
                  | but does no damage.
 77058 | Zot:3    | your +9 spectral eveningstar {rare} disappears.
 77060 | Zot:3    | your +9 spectral eveningstar {rare} barely misses the
                  | purple draconian shifter.
 77061 | Zot:3    | your +9 spectral eveningstar {rare} disappears.
 77079 | Zot:3    | your +9 spectral eveningstar {rare} hits the death drake!!
 77080 | Zot:3    | your +9 spectral eveningstar {rare} disappears.
 77114 | Zot:3    | your +9 spectral eveningstar {rare} hits the yellow
                  | draconian!
 77115 | Zot:3    | your +9 spectral eveningstar {rare} hits the yellow
                  | draconian!
 77116 | Zot:3    | your +9 spectral eveningstar {rare} disappears.
 77167 | Zot:3    | +0 storm dragon scales {rare}; a storm dragon corpse
 77174 | Zot:3    | your +9 spectral eveningstar {rare} hits the yellow
                  | draconian!!!
 77175 | Zot:3    | your +9 spectral eveningstar {rare} hits the yellow
                  | draconian!
 77176 | Zot:3    | your +9 spectral eveningstar {rare} hits the yellow
                  | draconian!!
 77177 | Zot:3    | your +9 spectral eveningstar {rare} disappears.
 77178 | Zot:3    | your +9 spectral eveningstar {rare} barely misses the green
                  | draconian.
 77179 | Zot:3    | your +9 spectral eveningstar {rare} hits the green
                  | draconian.
 77180 | Zot:3    | your +9 spectral eveningstar {rare} hits the green
                  | draconian!!!
 77181 | Zot:3    | your +9 spectral eveningstar {rare} disappears.
 77237 | Zot:2    | Noticed a curse toe
 77242 | Zot:3    | your +9 spectral eveningstar {rare} hits the ghost moth!!!
 77243 | Zot:3    | your +9 spectral eveningstar {rare} disappears.
 77244 | Zot:3    | your +9 spectral eveningstar {rare} hits the shadow dragon!
 77245 | Zot:3    | your +9 spectral eveningstar {rare} barely misses the
                  | shadow dragon.
 77246 | Zot:3    | your +9 spectral eveningstar {rare} closely misses the
                  | shadow dragon.
 77247 | Zot:3    | your +9 spectral eveningstar {rare} hits the shadow
                  | dragon!!
 77248 | Zot:3    | your +9 spectral eveningstar {rare} hits the shadow
                  | dragon!!!
 77249 | Zot:3    | your +9 spectral eveningstar {rare} disappears.
 77250 | Zot:3    | +0 shadow dragon scales {rare}; a shadow dragon corpse
 77297 | Zot:2    | your +9 spectral eveningstar {rare} hits the tentacled
                  | monstrosity!!
 77298 | Zot:2    | your +9 spectral eveningstar {rare} disappears.
 77299 | Zot:2    | your +9 spectral eveningstar {rare} hits the tentacled
                  | monstrosity!!
 77299 | Zot:2    | the shadow dragon bites your +9 spectral eveningstar
                  | {rare}.
 77299 | Zot:2    | the shadow dragon claws your +9 spectral eveningstar
                  | {rare}!
 77299 | Zot:2    | the shadow dragon closely misses your +9 spectral
                  | eveningstar {rare}.
 77300 | Zot:2    | your +9 spectral eveningstar {rare} hits the tentacled
                  | monstrosity!!
 77301 | Zot:2    | your +9 spectral eveningstar {rare} hits the ghost moth!!
 77301 | Zot:2    | the ghost moth stares at your +9 spectral eveningstar
                  | {rare}.
 77301 | Zot:2    | the ghost moth hits your +9 spectral eveningstar {rare}.
 77301 | Zot:2    | the ghost moth closely misses your +9 spectral eveningstar
                  | {rare}.
 77301 | Zot:2    | the ghost moth barely misses your +9 spectral eveningstar
                  | {rare}.
 77302 | Zot:2    | your +9 spectral eveningstar {rare} hits the ghost moth!!!
 77303 | Zot:2    | your +9 spectral eveningstar {rare} disappears.
 77304 | Zot:2    | your +9 spectral eveningstar {rare} closely misses the
                  | shadow dragon.
 77304 | Zot:2    | the shadow dragon bites your +9 spectral eveningstar
                  | {rare}!
 77304 | Zot:2    | the shadow dragon misses your +9 spectral eveningstar
                  | {rare}.
 77304 | Zot:2    | the shadow dragon claws your +9 spectral eveningstar
                  | {rare}!
 77305 | Zot:2    | your +9 spectral eveningstar {rare} disappears.
 77305 | Zot:2    | Noticed a curse toe
 77313 | Zot:3    | your +9 spectral eveningstar {rare} hits the shadow dragon.
 77314 | Zot:3    | your +9 spectral eveningstar {rare} hits the shadow dragon
                  | but does no damage.
 77315 | Zot:3    | your +9 spectral eveningstar {rare} hits the shadow
                  | dragon!!!
 77316 | Zot:3    | your +9 spectral eveningstar {rare} disappears.
 77317 | Zot:3    | your +9 spectral eveningstar {rare} hits the tentacled
                  | monstrosity.
 77318 | Zot:3    | your +9 spectral eveningstar {rare} hits the tentacled
                  | monstrosity!
 77318 | Zot:3    | the tentacled monstrosity misses your +9 spectral
                  | eveningstar {rare}.
 77318 | Zot:3    | the tentacled monstrosity tentacle-slaps your +9 spectral
                  | eveningstar {rare}!
 77318 | Zot:3    | the tentacled monstrosity tentacle-slaps your +9 spectral
                  | eveningstar {rare}!
 77319 | Zot:3    | your +9 spectral eveningstar {rare} disappears.
 77321 | Zot:3    | Reached skill level 13 in Shields
 77321 | Zot:3    | your +9 spectral eveningstar {rare} barely misses the
                  | tentacled monstrosity.
 77322 | Zot:3    | Reached skill level 15 in Air Magic
 77322 | Zot:3    | your +9 spectral eveningstar {rare} hits the protean
                  | progenitor!!
 77323 | Zot:3    | your +9 spectral eveningstar {rare} hits the aspiring
                  | flesh!!
 77324 | Zot:3    | your +9 spectral eveningstar {rare} hits the aspiring
                  | flesh!
 77325 | Zot:3    | your +9 spectral eveningstar {rare} hits the skyshark!
 77326 | Zot:3    | your +9 spectral eveningstar {rare} disappears.
 77328 | Zot:3    | your +9 spectral eveningstar {rare} completely misses the
                  | skyshark.
 77329 | Zot:3    | your +9 spectral eveningstar {rare} hits the skyshark!!!
 77330 | Zot:3    | your +9 spectral eveningstar {rare} disappears.
 77331 | Zot:3    | your +9 spectral eveningstar {rare} hits the skyshark!
 77332 | Zot:3    | your +9 spectral eveningstar {rare} disappears.
 77390 | Zot:2    | your +9 spectral eveningstar {rare} hits the curse toe!!
 77391 | Zot:2    | your +9 spectral eveningstar {rare} hits the curse toe but
                  | does no damage.
 77392 | Zot:2    | your +9 spectral eveningstar {rare} disappears.
 77394 | Zot:3    | your +9 spectral eveningstar {rare} hits the curse toe.
 77395 | Zot:3    | your +9 spectral eveningstar {rare} hits the curse toe!
 77396 | Zot:3    | your +9 spectral eveningstar {rare} hits the curse toe but
                  | does no damage.
 77397 | Zot:3    | your +9 spectral eveningstar {rare} hits the curse toe!!
 77397 | Zot:3    | Killed a curse toe
 77398 | Zot:3    | your +9 spectral eveningstar {rare} disappears.
 77399 | Zot:3    | your +9 spectral eveningstar {rare} hits the curse toe.
 77400 | Zot:3    | your +9 spectral eveningstar {rare} hits the curse toe but
                  | does no damage.
 77401 | Zot:3    | Killed a curse toe
 77401 | Zot:3    | your +9 spectral eveningstar {rare} disappears.
 77465 | Zot:2    | your +9 spectral eveningstar {rare} hits the protean
                  | progenitor!!
 77466 | Zot:2    | your +9 spectral eveningstar {rare} completely misses the
                  | protean progenitor.
 77467 | Zot:2    | your +9 spectral eveningstar {rare} hits the protean
                  | progenitor!!
 77468 | Zot:2    | your +9 spectral eveningstar {rare} hits the aspiring
                  | flesh!
 77469 | Zot:2    | your +9 spectral eveningstar {rare} hits the aspiring
                  | flesh!!!
 77470 | Zot:2    | your +9 spectral eveningstar {rare} disappears.
 77471 | Zot:2    | your +9 spectral eveningstar {rare} hits the swamp worm!!
 77472 | Zot:2    | your +9 spectral eveningstar {rare} hits the swamp worm!
 77473 | Zot:2    | your +9 spectral eveningstar {rare} disappears.
 77481 | Zot:2    | your +9 spectral eveningstar {rare} hits the ghost moth!
 77482 | Zot:2    | your +9 spectral eveningstar {rare} hits the ghost moth.
 77483 | Zot:2    | your +9 spectral eveningstar {rare} closely misses the
                  | ghost moth.
 77484 | Zot:2    | your +9 spectral eveningstar {rare} hits the ghost moth!!!
 77485 | Zot:2    | your +9 spectral eveningstar {rare} disappears.
 77488 | Zot:2    | Identified the +8 rapier of Extermination {drain, ^Fragile
                  | Str+3 Int+3}
 77505 | Zot:2    | Got the Compendium of the Fetid Grave
 77536 | Zot:2    | your +9 spectral eveningstar {rare} hits the shadow dragon!
 77537 | Zot:2    | your +9 spectral eveningstar {rare} hits the shadow dragon
                  | but does no damage.
 77538 | Zot:2    | your +9 spectral eveningstar {rare} barely misses the
                  | shadow dragon.
 77539 | Zot:2    | your +9 spectral eveningstar {rare} hits the shadow
                  | dragon!!
 77540 | Zot:2    | your +9 spectral eveningstar {rare} hits the shadow dragon
                  | but does no damage.
 77541 | Zot:2    | your +9 spectral eveningstar {rare} disappears.
 77631 | Zot:4    | your +9 spectral eveningstar {rare} hits the tentacled
                  | monstrosity!!
 77632 | Zot:4    | your +9 spectral eveningstar {rare} hits the tentacled
                  | monstrosity!!
 77633 | Zot:4    | your +9 spectral eveningstar {rare} disappears.
 77648 | Zot:4    | your +9 spectral eveningstar {rare} hits the death cob!
 77649 | Zot:4    | your +9 spectral eveningstar {rare} hits the death cob!!
 77650 | Zot:4    | your +9 spectral eveningstar {rare} hits the death cob!!!
 77651 | Zot:4    | your +9 spectral eveningstar {rare} disappears.
 77657 | Zot:4    | your +9 spectral eveningstar {rare} hits the moth of
                  | wrath!!
 77657 | Zot:4    | the moth of wrath bites your +9 spectral eveningstar
                  | {rare}!!
 77658 | Zot:4    | your +9 spectral eveningstar {rare} hits the moth of
                  | wrath!!
 77659 | Zot:4    | your +9 spectral eveningstar {rare} disappears.
 77663 | Zot:4    | your +9 spectral eveningstar {rare} hits the moth of wrath.
 77664 | Zot:4    | your +9 spectral eveningstar {rare} disappears.
 77665 | Zot:4    | your +9 spectral eveningstar {rare} hits the green
                  | draconian!!
 77665 | Zot:4    | the green draconian barely misses your +9 spectral
                  | eveningstar {rare}.
 77666 | Zot:4    | your +9 spectral eveningstar {rare} hits the green
                  | draconian!
 77666 | Zot:4    | the green draconian barely misses your +9 spectral
                  | eveningstar {rare}.
 77667 | Zot:4    | your +9 spectral eveningstar {rare} hits the green
                  | draconian!!!
 77667 | Zot:4    | the green draconian hits your +9 spectral eveningstar
                  | {rare} with a +0 battleaxe!
 77668 | Zot:4    | your +9 spectral eveningstar {rare} hits the green
                  | draconian!!!
 77668 | Zot:4    | the storm dragon barely misses your +9 spectral eveningstar
                  | {rare}.
 77668 | Zot:4    | the storm dragon claws your +9 spectral eveningstar {rare}
                  | but does no damage.
 77668 | Zot:4    | the storm dragon tramples your +9 spectral eveningstar
                  | {rare} but does no damage.
 77669 | Zot:4    | your +9 spectral eveningstar {rare} hits the moth of
                  | wrath!!
 77670 | Zot:4    | Reached skill level 21 in Earth Magic
 77670 | Zot:4    | your +9 spectral eveningstar {rare} hits the storm dragon!!
 77671 | Zot:4    | your +9 spectral eveningstar {rare} hits the storm dragon!!
 77672 | Zot:4    | your +9 spectral eveningstar {rare} hits the storm dragon.
 77673 | Zot:4    | your +9 spectral eveningstar {rare} disappears.
 77680 | Zot:4    | Noticed an electric golem
 77687 | Zot:4    | your +9 spectral eveningstar {rare} hits the storm dragon!
 77687 | Zot:4    | the storm dragon barely misses your +9 spectral eveningstar
                  | {rare}.
 77687 | Zot:4    | the storm dragon claws your +9 spectral eveningstar {rare}
                  | but does no damage.
 77687 | Zot:4    | the storm dragon barely misses your +9 spectral eveningstar
                  | {rare}.
 77688 | Zot:4    | your +9 spectral eveningstar {rare} disappears.
 77698 | Zot:4    | your +9 spectral eveningstar {rare} hits the black
                  | draconian knight!!
 77699 | Zot:4    | your +9 spectral eveningstar {rare} completely misses the
                  | black draconian knight.
 77700 | Zot:4    | your +9 spectral eveningstar {rare} barely misses the black
                  | draconian knight.
 77701 | Zot:4    | your +9 spectral eveningstar {rare} disappears.
 77704 | Zot:4    | your +9 spectral eveningstar {rare} hits the black
                  | draconian!!
 77705 | Zot:4    | Reached skill level 14 in Shields
 77705 | Zot:4    | your +9 spectral eveningstar {rare} disappears.
 77708 | Zot:4    | your +9 spectral eveningstar {rare} closely misses the
                  | yellow draconian.
 77709 | Zot:4    | your +9 spectral eveningstar {rare} hits the yellow
                  | draconian!
 77709 | Zot:4    | the yellow draconian closely misses your +9 spectral
                  | eveningstar {rare}.
 77710 | Zot:4    | your +9 spectral eveningstar {rare} hits the yellow
                  | draconian!
 77711 | Zot:4    | your +9 spectral eveningstar {rare} hits the yellow
                  | draconian!
 77712 | Zot:4    | your +9 spectral eveningstar {rare} disappears.
 77716 | Zot:4    | your +9 spectral eveningstar {rare} barely misses the
                  | electric golem.
 77717 | Zot:4    | your +9 spectral eveningstar {rare} hits the electric
                  | golem!!!
 77718 | Zot:4    | your +9 spectral eveningstar {rare} hits the electric
                  | golem!!
 77718 | Zot:4    | Killed an electric golem
 77719 | Zot:4    | your +9 spectral eveningstar {rare} disappears.
 77791 | Zot:4    | Noticed an orb of fire
 77795 | Zot:4    | Killed an orb of fire
 77813 | Zot:4    | Noticed a dread lich
 77815 | Zot:4    | Found a transporter.
 77873 | Zot:4    | your +9 spectral eveningstar {rare} barely misses the
                  | golden dragon.
 77874 | Zot:4    | your +9 spectral eveningstar {rare} hits the golden dragon!
 77875 | Zot:4    | your +9 spectral eveningstar {rare} hits the golden dragon!
 77876 | Zot:4    | your +9 spectral eveningstar {rare} hits the golden dragon!
 77876 | Zot:4    | the golden dragon bites your +9 spectral eveningstar {rare}
                  | but does no damage.
 77876 | Zot:4    | the golden dragon claws your +9 spectral eveningstar
                  | {rare}.
 77876 | Zot:4    | the golden dragon tramples your +9 spectral eveningstar
                  | {rare}!
 77876 | Zot:4    | your +9 spectral eveningstar {rare} holds its ground!
 77877 | Zot:4    | your +9 spectral eveningstar {rare} hits the golden dragon.
 77878 | Zot:4    | your +9 spectral eveningstar {rare} disappears.
 77913 | Zot:5    | Entered Level 5 of the Realm of Zot
 77930 | Zot:5    | your +9 spectral eveningstar {rare} hits the tentacled
                  | monstrosity!!
 77931 | Zot:5    | your +9 spectral eveningstar {rare} hits the tentacled
                  | monstrosity.
 77932 | Zot:5    | your +9 spectral eveningstar {rare} hits the tentacled
                  | monstrosity!!
 77932 | Zot:5    | the tentacled monstrosity tentacle-slaps your +9 spectral
                  | eveningstar {rare}!!
 77932 | Zot:5    | the tentacled monstrosity tentacle-slaps your +9 spectral
                  | eveningstar {rare}.
 77932 | Zot:5    | your +9 spectral eveningstar {rare} disappears.
 77945 | Zot:5    | your +9 spectral eveningstar {rare} hits the purple
                  | draconian shifter!!
 77946 | Zot:5    | your +9 spectral eveningstar {rare} disappears.
 77947 | Zot:5    | Reached skill level 15 in Shields
 77947 | Zot:5    | your +9 spectral eveningstar {rare} hits the black
                  | draconian!!!
 77948 | Zot:5    | your +9 spectral eveningstar {rare} disappears.
 77969 | Zot:5    | your +9 spectral eveningstar {rare} hits the storm dragon!
 77970 | Zot:5    | your +9 spectral eveningstar {rare} disappears.
 77971 | Zot:5    | +0 storm dragon scales {rare}; a storm dragon corpse
 78102 | Zot:3    | your +9 spectral eveningstar {rare} hits the red draconian!
 78103 | Zot:3    | your +9 spectral eveningstar {rare} disappears.
 78104 | Zot:3    | your +9 spectral eveningstar {rare} hits the black
                  | draconian knight!!!
 78105 | Zot:3    | your +9 spectral eveningstar {rare} hits the black
                  | draconian knight!!
 78106 | Zot:3    | your +9 spectral eveningstar {rare} disappears.
 78167 | Zot:4    | your +9 spectral eveningstar {rare} closely misses the
                  | death cob.
 78168 | Zot:4    | your +9 spectral eveningstar {rare} closely misses the
                  | death cob.
 78169 | Zot:4    | your +9 spectral eveningstar {rare} hits the tentacled
                  | monstrosity but does no damage.
 78170 | Zot:4    | your +9 spectral eveningstar {rare} hits the tentacled
                  | monstrosity!
 78171 | Zot:4    | your +9 spectral eveningstar {rare} disappears.
 78233 | Zot:5    | Noticed a curse toe
 78242 | Zot:5    | your +9 spectral eveningstar {rare} hits the Orb Guardian.
 78243 | Zot:5    | your +9 spectral eveningstar {rare} hits the Orb
                  | Guardian!!!
 78244 | Zot:5    | your +9 spectral eveningstar {rare} closely misses the rime
                  | drake.
 78244 | Zot:5    | the lindwurm misses your +9 spectral eveningstar {rare}.
 78244 | Zot:5    | the lindwurm claws your +9 spectral eveningstar {rare}.
 78244 | Zot:5    | the lindwurm misses your +9 spectral eveningstar {rare}.
 78244 | Zot:5    | the Orb Guardian closely misses your +9 spectral
                  | eveningstar {rare}.
 78245 | Zot:5    | your +9 spectral eveningstar {rare} disappears.
 78248 | Zot:5    | your +9 spectral eveningstar {rare} hits the nameless
                  | horror!!
 78249 | Zot:5    | your +9 spectral eveningstar {rare} hits the lindwurm!!
 78250 | Zot:5    | your +9 spectral eveningstar {rare} disappears.
 78258 | Zot:5    | your +9 spectral eveningstar {rare} hits the Orb Guardian
                  | but does no damage.
 78259 | Zot:5    | your +9 spectral eveningstar {rare} hits the Orb Guardian!
 78260 | Zot:5    | your +9 spectral eveningstar {rare} disappears.
 78261 | Zot:5    | your +9 spectral eveningstar {rare} hits the white
                  | draconian stormcaller!!
 78262 | Zot:5    | your +9 spectral eveningstar {rare} hits the white
                  | draconian stormcaller!!
 78263 | Zot:5    | your +9 spectral eveningstar {rare} disappears.
 78270 | Zot:5    | your +9 spectral eveningstar {rare} hits the red draconian!
 78271 | Zot:5    | your +9 spectral eveningstar {rare} hits the purple
                  | draconian shifter!!!
 78272 | Zot:5    | your +9 spectral eveningstar {rare} hits the red
                  | draconian!!!
 78273 | Zot:5    | your +9 spectral eveningstar {rare} hits the golden dragon
                  | but does no damage.
 78274 | Zot:5    | your +9 spectral eveningstar {rare} hits the golden
                  | dragon!!!
 78275 | Zot:5    | your +9 spectral eveningstar {rare} disappears.
 78329 | Zot:5    | your +9 spectral eveningstar {rare} hits the Orb Guardian!!
 78329 | Zot:5    | the Orb Guardian hits your +9 spectral eveningstar {rare}!!
 78330 | Zot:5    | your +9 spectral eveningstar {rare} disappears.
 78332 | Zot:5    | Reached skill level 22 in Invocations
 78332 | Zot:5    | your +9 spectral eveningstar {rare} hits the Orb Guardian!!
 78333 | Zot:5    | your +9 spectral eveningstar {rare} disappears.
 78334 | Zot:5    | your +9 spectral eveningstar {rare} hits the Orb Guardian!!
 78334 | Zot:5    | the Orb Guardian hits your +9 spectral eveningstar {rare}!!
 78334 | Zot:5    | your +9 spectral eveningstar {rare} disappears.
 78336 | Zot:5    | your +9 spectral eveningstar {rare} hits the Orb Guardian!!
 78337 | Zot:5    | your +9 spectral eveningstar {rare} hits the Orb Guardian!!
 78338 | Zot:5    | your +9 spectral eveningstar {rare} hits the Orb
                  | Guardian!!!
 78339 | Zot:5    | your +9 spectral eveningstar {rare} disappears.
 78358 | Zot:5    | your +9 spectral eveningstar {rare} hits the Orb
                  | Guardian!!!
 78359 | Zot:5    | your +9 spectral eveningstar {rare} disappears.
 78366 | Zot:5    | Identified the +1 cloak of Magic {Dex+6 Stlth+}
 78397 | Zot:5    | Noticed an ancient lich
 78403 | Zot:5    | Killed an ancient lich
 78404 | Zot:5    | your +9 spectral eveningstar {rare} completely misses the
                  | Killer Klown.
 78405 | Zot:5    | your +9 spectral eveningstar {rare} hits the Killer Klown!!
 78406 | Zot:5    | your +9 spectral eveningstar {rare} hits the Killer Klown!!
 78407 | Zot:5    | your +9 spectral eveningstar {rare} disappears.
 78412 | Zot:5    | your +9 spectral eveningstar {rare} hits the Orb
                  | Guardian!!!
 78412 | Zot:5    | the Orb Guardian hits your +9 spectral eveningstar {rare}!!
 78412 | Zot:5    | your +9 spectral eveningstar {rare} disappears.
 78413 | Zot:5    | your +9 spectral eveningstar {rare} hits the Orb Guardian!
 78414 | Zot:5    | your +9 spectral eveningstar {rare} barely misses the Orb
                  | Guardian.
 78415 | Zot:5    | your +9 spectral eveningstar {rare} hits the Orb Guardian!!
 78416 | Zot:5    | your +9 spectral eveningstar {rare} disappears.
 78431 | Zot:5    | Noticed an electric golem
 78468 | Zot:5    | Noticed an ancient lich
 78478 | Zot:5    | your +9 spectral eveningstar {rare} hits the ancient lich!!
 78479 | Zot:5    | your +9 spectral eveningstar {rare} hits the ancient lich.
 78480 | Zot:5    | your +9 spectral eveningstar {rare} barely misses the
                  | ancient lich.
 78481 | Zot:5    | your +9 spectral eveningstar {rare} closely misses the
                  | ancient lich.
 78482 | Zot:5    | your +9 spectral eveningstar {rare} closely misses the
                  | ancient lich.
 78483 | Zot:5    | your +9 spectral eveningstar {rare} disappears.
 78484 | Zot:5    | your +9 spectral eveningstar {rare} hits the ancient lich!
 78484 | Zot:5    | Killed an ancient lich
 78485 | Zot:5    | your +9 spectral eveningstar {rare} disappears.
 78487 | Zot:5    | your +9 spectral eveningstar {rare} hits the green
                  | draconian monk!!!
 78488 | Zot:5    | your +9 spectral eveningstar {rare} hits the green
                  | draconian monk.
 78489 | Zot:5    | your +9 spectral eveningstar {rare} hits the green
                  | draconian monk!!
 78490 | Zot:5    | your +9 spectral eveningstar {rare} disappears.
 78495 | Zot:5    | Noticed an orb of fire
 78499 | Zot:5    | Noticed an ancient lich
 78500 | Zot:5    | your +9 spectral eveningstar {rare} hits the orb of fire
                  | but does no damage.
 78501 | Zot:5    | your +9 spectral eveningstar {rare} completely misses the
                  | orb of fire.
 78502 | Zot:5    | your +9 spectral eveningstar {rare} misses the orb of fire.
 78503 | Zot:5    | your +9 spectral eveningstar {rare} completely misses the
                  | orb of fire.
 78504 | Zot:5    | your +9 spectral eveningstar {rare} barely misses the orb
                  | of fire.
 78505 | Zot:5    | your +9 spectral eveningstar {rare} completely misses the
                  | orb of fire.
 78505 | Zot:5    | The fireball engulfs your +9 spectral eveningstar {rare}!!
 78505 | Zot:5    | your +9 spectral eveningstar {rare} resists.
 78505 | Zot:5    | your +9 spectral eveningstar {rare} disappears.
 78506 | Zot:5    | Killed an orb of fire
 78509 | Zot:5    | your +9 spectral eveningstar {rare} hits the ancient
                  | lich!!!
 78510 | Zot:5    | your +9 spectral eveningstar {rare} hits the ancient lich!
 78511 | Zot:5    | your +9 spectral eveningstar {rare} hits the ancient
                  | lich!!!
 78511 | Zot:5    | Killed an ancient lich
 78512 | Zot:5    | your +9 spectral eveningstar {rare} disappears.
 78542 | Zot:5    | Noticed an orb of fire
 78544 | Zot:5    | your +9 spectral eveningstar {rare} hits the quicksilver
                  | dragon!
 78545 | Zot:5    | your +9 spectral eveningstar {rare} disappears.
 78548 | Zot:5    | quicksilver dragon scales {rare}; a quicksilver dragon
                  | corpse
 78549 | Zot:5    | Killed an orb of fire
 78552 | Zot:5    | Noticed a dread lich
 78553 | Zot:5    | your +9 spectral eveningstar {rare} hits the moth of
                  | wrath!!!
 78554 | Zot:5    | your +9 spectral eveningstar {rare} disappears.
 78557 | Zot:5    | Killed a dread lich
 78563 | Zot:5    | Noticed a dread lich
 78564 | Zot:5    | your +9 spectral eveningstar {rare} hits the Killer Klown!!
 78565 | Zot:5    | your +9 spectral eveningstar {rare} disappears.
 78568 | Zot:5    | Killed a dread lich
 78588 | Zot:5    | your +9 spectral eveningstar {rare} hits the electric
                  | golem!
 78589 | Zot:5    | your +9 spectral eveningstar {rare} closely misses the
                  | electric golem.
 78590 | Zot:5    | your +9 spectral eveningstar {rare} hits the electric
                  | golem!!
 78590 | Zot:5    | Killed an electric golem
 78591 | Zot:5    | your +9 spectral eveningstar {rare} disappears.
 78595 | Zot:5    | your +9 spectral eveningstar {rare} hits the Orb Guardian.
 78595 | Zot:5    | the Orb Guardian hits your +9 spectral eveningstar {rare}!
 78596 | Zot:5    | your +9 spectral eveningstar {rare} hits the Orb Guardian!!
 78597 | Zot:5    | your +9 spectral eveningstar {rare} disappears.
 78618 | Zot:5    | your +9 spectral eveningstar {rare} hits the Orb
                  | Guardian!!!
 78619 | Zot:5    | your +9 spectral eveningstar {rare} hits the Orb Guardian!!
 78619 | Zot:5    | the Orb Guardian hits your +9 spectral eveningstar {rare}!!
 78619 | Zot:5    | your +9 spectral eveningstar {rare} disappears.
 78621 | Zot:5    | your +9 spectral eveningstar {rare} misses the Orb
                  | Guardian.
 78622 | Zot:5    | your +9 spectral eveningstar {rare} barely misses the Orb
                  | Guardian.
 78623 | Zot:5    | your +9 spectral eveningstar {rare} barely misses the Orb
                  | Guardian.
 78624 | Zot:5    | your +9 spectral eveningstar {rare} disappears.
 78631 | Zot:5    | your +9 spectral eveningstar {rare} hits the Orb Guardian!!
 78631 | Zot:5    | the Orb Guardian hits your +9 spectral eveningstar {rare}!
 78631 | Zot:5    | the Orb Guardian hits your +9 spectral eveningstar {rare}!
 78631 | Zot:5    | your +9 spectral eveningstar {rare} disappears.
 78632 | Zot:5    | your +9 spectral eveningstar {rare} barely misses the Orb
                  | Guardian.
 78633 | Zot:5    | your +9 spectral eveningstar {rare} disappears.
 78634 | Zot:5    | your +9 spectral eveningstar {rare} hits the Orb Guardian
                  | but does no damage.
 78635 | Zot:5    | your +9 spectral eveningstar {rare} hits the moth of wrath.
 78636 | Zot:5    | your +9 spectral eveningstar {rare} barely misses the moth
                  | of wrath.
 78637 | Zot:5    | your +9 spectral eveningstar {rare} disappears.
 78638 | Zot:5    | your +9 spectral eveningstar {rare} hits the Orb Guardian
                  | but does no damage.
 78639 | Zot:5    | your +9 spectral eveningstar {rare} hits the Orb Guardian!
 78640 | Zot:5    | your +9 spectral eveningstar {rare} disappears.
 78652 | Zot:5    | your +9 spectral eveningstar {rare} hits the black
                  | draconian knight!!!
 78653 | Zot:5    | your +9 spectral eveningstar {rare} disappears.
 78655 | Zot:5    | the black draconian knight blocks your +9 spectral
                  | eveningstar {rare}'s attack.
 78656 | Zot:5    | your +9 spectral eveningstar {rare} hits the black
                  | draconian knight but does no damage.
 78657 | Zot:5    | your +9 spectral eveningstar {rare} barely misses the black
                  | draconian knight.
 78657 | Zot:5    | the black draconian knight hits your +9 spectral
                  | eveningstar {rare} with a +0 war axe!
 78658 | Zot:5    | your +9 spectral eveningstar {rare} hits the black
                  | draconian knight!
 78658 | Zot:5    | the black draconian knight breathes lightning at your +9
                  | spectral eveningstar {rare}.
 78658 | Zot:5    | The bolt of lightning hits your +9 spectral eveningstar
                  | {rare}!
 78658 | Zot:5    | your +9 spectral eveningstar {rare} resists.
 78658 | Zot:5    | The bolt of lightning hits your +9 spectral eveningstar
                  | {rare}!
 78658 | Zot:5    | your +9 spectral eveningstar {rare} resists.
 78658 | Zot:5    | your +9 spectral eveningstar {rare} disappears.
 78659 | Zot:5    | the black draconian knight blocks your +9 spectral
                  | eveningstar {rare}'s attack.
 78660 | Zot:5    | your +9 spectral eveningstar {rare} disappears.
 78662 | Zot:5    | your +9 spectral eveningstar {rare} hits the green
                  | draconian monk!!
 78663 | Zot:5    | your +9 spectral eveningstar {rare} disappears.
 78664 | Zot:5    | your +9 spectral eveningstar {rare} hits the white
                  | draconian!!
 78665 | Zot:5    | your +9 spectral eveningstar {rare} disappears.
 78666 | Zot:5    | Noticed an orb of fire
 78671 | Zot:5    | Killed an orb of fire
 78684 | Zot:5    | your +9 spectral eveningstar {rare} hits the green
                  | draconian!!
 78684 | Zot:5    | the green draconian hits your +9 spectral eveningstar
                  | {rare} with a +0 scimitar!
 78684 | Zot:5    | the green draconian tail-slaps your +9 spectral eveningstar
                  | {rare}!
 78684 | Zot:5    | your +9 spectral eveningstar {rare} disappears.
 78689 | Zot:5    | +0 storm dragon scales {rare}; a +0 trident; a storm dragon
                  | corpse
 78693 | Zot:5    | your +9 spectral eveningstar {rare} hits the death cob!
 78694 | Zot:5    | your +9 spectral eveningstar {rare} hits the death cob!!
 78695 | Zot:5    | your +9 spectral eveningstar {rare} hits the death cob!!
 78695 | Zot:5    | the death cob hits your +9 spectral eveningstar {rare}!!
 78695 | Zot:5    | your +9 spectral eveningstar {rare} disappears.
 78701 | Zot:5    | +0 storm dragon scales {rare}; a +0 trident; a storm dragon
                  | corpse
 78718 | Zot:5    | Noticed an orb of fire
 78725 | Zot:5    | your +9 spectral eveningstar {rare} hits the orb of fire!!!
 78726 | Zot:5    | your +9 spectral eveningstar {rare} hits the orb of fire
                  | but does no damage.
 78727 | Zot:5    | your +9 spectral eveningstar {rare} barely misses the orb
                  | of fire.
 78727 | Zot:5    | The fireball engulfs your +9 spectral eveningstar {rare}!!
 78727 | Zot:5    | your +9 spectral eveningstar {rare} resists.
 78728 | Zot:5    | your +9 spectral eveningstar {rare} closely misses the orb
                  | of fire.
 78729 | Zot:5    | your +9 spectral eveningstar {rare} hits the orb of fire!!
 78730 | Zot:5    | your +9 spectral eveningstar {rare} completely misses the
                  | orb of fire.
 78730 | Zot:5    | Killed an orb of fire
 78731 | Zot:5    | your +9 spectral eveningstar {rare} disappears.
 78732 | Zot:5    | Noticed an ancient lich
 78732 | Zot:5    | Noticed an orb of fire
 78740 | Zot:5    | Killed an orb of fire
 78743 | Zot:5    | Killed an ancient lich
 78813 | Zot:5    | Got the Orb of Zot
 78852 | Zot:5    | your +9 spectral eveningstar {rare} hits the quicksilver
                  | dragon!!!
 78853 | Zot:5    | your +9 spectral eveningstar {rare} disappears.
 78856 | Zot:5    | your +9 spectral eveningstar {rare} hits the Killer Klown!!
 78857 | Zot:5    | your +9 spectral eveningstar {rare} hits the Killer Klown!!
 78858 | Zot:5    | your +9 spectral eveningstar {rare} disappears.
 78863 | Zot:5    | your +9 spectral eveningstar {rare} hits the Ice Fiend!!!
 78864 | Zot:5    | your +9 spectral eveningstar {rare} disappears.
 78884 | Zot:3    | your +9 spectral eveningstar {rare} hits the neqoxec!
 78885 | Zot:3    | your +9 spectral eveningstar {rare} hits the neqoxec.
 78885 | Zot:3    | the neqoxec hits your +9 spectral eveningstar {rare}.
 78886 | Zot:3    | your +9 spectral eveningstar {rare} disappears.
 78977 | Depths:4 | your +9 spectral eveningstar {rare} hits the ynoxinul.
 78978 | Depths:4 | your +9 spectral eveningstar {rare} hits the ynoxinul!!!
 78979 | Depths:4 | your +9 spectral eveningstar {rare} disappears.
 78983 | Depths:4 | your +9 spectral eveningstar {rare} hits the demonic
                  | crawler!!!
 78984 | Depths:4 | your +9 spectral eveningstar {rare} disappears.
 79051 | Depths:1 | your +9 spectral eveningstar {rare} barely misses the Orb
                  | Guardian.
 79052 | Depths:1 | your +9 spectral eveningstar {rare} hits the Orb Guardian
                  | but does no damage.
 79053 | Depths:1 | your +9 spectral eveningstar {rare} hits the Orb Guardian!!
 79054 | Depths:1 | your +9 spectral eveningstar {rare} hits the Orb Guardian!!
 79054 | Depths:1 | the Orb Guardian hits your +9 spectral eveningstar {rare}!!
 79054 | Depths:1 | your +9 spectral eveningstar {rare} disappears.
 79055 | Depths:1 | your +9 spectral eveningstar {rare} hits the Orb Guardian!
 79056 | Depths:1 | your +9 spectral eveningstar {rare} disappears.
 79080 | Zig:1    | Entered Level 1 of a ziggurat
 79081 | Zig:1    | your +9 spectral eveningstar {rare} hits the stone giant.
 79082 | Zig:1    | your +9 spectral eveningstar {rare} hits the stone giant!
 79083 | Zig:1    | your +9 spectral eveningstar {rare} hits the stone giant!!
 79084 | Zig:1    | your +9 spectral eveningstar {rare} disappears.
 79094 | Zig:2    | Entered Level 2 of a ziggurat
 79095 | Zig:2    | Noticed Ovu Aso the pandemonium lord
 79098 | Zig:2    | your +9 spectral eveningstar {rare} hits Ovu Aso!!
 79098 | Zig:2    | Ovu Aso tramples your +9 spectral eveningstar {rare} but
                  | does no damage.
 79099 | Zig:2    | your +9 spectral eveningstar {rare} completely misses Ovu
                  | Aso.
 79100 | Zig:2    | your +9 spectral eveningstar {rare} hits Ovu Aso!!
 79101 | Zig:2    | your +9 spectral eveningstar {rare} completely misses Ovu
                  | Aso.
 79102 | Zig:2    | your +9 spectral eveningstar {rare} hits Ovu Aso!!
 79103 | Zig:2    | Killed Ovu Aso the pandemonium lord
 79103 | Zig:2    | your +9 spectral eveningstar {rare} disappears.
 79104 | Zig:2    | your +9 spectral eveningstar {rare} completely misses the
                  | white very ugly thing.
 79105 | Zig:2    | your +9 spectral eveningstar {rare} closely misses the
                  | white very ugly thing.
 79106 | Zig:2    | your +9 spectral eveningstar {rare} hits the white very
                  | ugly thing!
 79107 | Zig:2    | your +9 spectral eveningstar {rare} closely misses the
                  | white very ugly thing.
 79108 | Zig:2    | your +9 spectral eveningstar {rare} barely misses the white
                  | very ugly thing.
 79109 | Zig:2    | your +9 spectral eveningstar {rare} disappears.
 79120 | Zig:3    | Entered Level 3 of a ziggurat
 79129 | Zig:3    | your +9 spectral eveningstar {rare} barely misses the orc
                  | warrior.
 79130 | Zig:3    | your +9 spectral eveningstar {rare} hits the orc warrior!!
 79131 | Zig:3    | your +9 spectral eveningstar {rare} disappears.
 79139 | Zig:3    | You pick up a book of Hexes and begin reading...
 79143 | Zig:3    | your +9 spectral eveningstar {rare} barely misses the Orb
                  | Guardian.
 79144 | Zig:3    | your +9 spectral eveningstar {rare} disappears.
 79151 | Zig:3    | Got Sif Muna's Cyclopedia of Proximity
 79201 | D:15     | your +9 spectral eveningstar {rare} hits the lorocyproca!!
 79202 | D:15     | your +9 spectral eveningstar {rare} disappears.
 79298 | D:11     | your +9 spectral eveningstar {rare} hits the Brimstone
                  | Fiend!
 79299 | D:11     | your +9 spectral eveningstar {rare} hits the Brimstone
                  | Fiend!!
 79300 | D:11     | your +9 spectral eveningstar {rare} disappears.
 79424 | D:2      | Noticed Niybuth the pandemonium lord
 79424 | D:2      | your +9 spectral eveningstar {rare} hits the rust devil!
 79425 | D:2      | your +9 spectral eveningstar {rare} hits the rust devil!!!
 79426 | D:2      | your +9 spectral eveningstar {rare} disappears.
 79430 | D:2      | your +9 spectral eveningstar {rare} hits Niybuth but does
                  | no damage.
 79431 | D:2      | your +9 spectral eveningstar {rare} hits Niybuth.
 79431 | D:2      | your +9 spectral eveningstar {rare} is engulfed in blazing
                  | flames.
 79432 | D:2      | your +9 spectral eveningstar {rare} hits Niybuth but does
                  | no damage.
 79432 | D:2      | your +9 spectral eveningstar {rare} is engulfed in blazing
                  | flames.
 79432 | D:2      | your +9 spectral eveningstar {rare} is engulfed in blazing
                  | flames.
 79433 | D:2      | your +9 spectral eveningstar {rare} hits Niybuth!!
 79433 | D:2      | your +9 spectral eveningstar {rare} is engulfed in blazing
                  | flames.
 79434 | D:2      | your +9 spectral eveningstar {rare} hits Niybuth!
 79434 | D:2      | your +9 spectral eveningstar {rare} is engulfed in blazing
                  | flames.
 79435 | D:2      | your +9 spectral eveningstar {rare} hits Niybuth but does
                  | no damage.
 79435 | D:2      | your +9 spectral eveningstar {rare} is engulfed in blazing
                  | flames.
 79436 | D:2      | your +9 spectral eveningstar {rare} disappears.
 79439 | D:2      | Killed Niybuth the pandemonium lord
 79443 | D:2      | your +9 spectral eveningstar {rare} hits the hell beast!!
 79444 | D:2      | your +9 spectral eveningstar {rare} disappears.
 79484 | D:$      | Escaped with the Orb!

Vanquished Creatures
  Cerebov (Pan)
  the Royal Jelly (Slime:5)
  Dissolution (Slime:3)
  Mnoleg (Pan)
  4 dread liches
  4 ancient liches (Zot:5)
  3 orbs of fire
  Boris (Crypt:2)
  Josephina (Crypt:2)
  Vashnia (Snake:4)
  7 pandemonium lords
  2 Killer Klowns (Zot:5)
  4 curse toes
  5 golden dragons
  Nikola (Vaults:1)
  5 caustic shrikes
  the Enchantress (Depths:1)
  A profane servitor (Crypt:3)
  Norris (Vaults:1)
  A pearl dragon (Pan)
  3 Brimstone Fiends
  A shard shrike zombie (Crypt:2)
  4 electric golems
  4 bone dragons
  5 Tzitzimimeh (Pan)
  2 Hell Sentinels (Pan)
  21 Orb Guardians
  20 tentacled monstrosities
  Zenata (Elf:1)
  4 Ice Fiends
  2 deep elf blademasters (Elf:3)
  4 quicksilver dragons
  3 walking frostbound tomes (Pan)
  5 liches
  Asterion (Elf:1)
  2 deep elf master archers (Elf:3)
  A searing wretch (Hell)
  6 titans
  11 sphinxes
  26 acid blobs
  14 Executioners (Pan)
  8 death cobs
  Murray (Depths:1)
  8 tentacled starspawn (Abyss:3)
  17 shadow dragons
  9 tengu reavers
  Aizul (Snake:4)
  6 ancient champions
  11 storm dragons
  9 azure jellies
  Donald (Snake:2)
  4 demonspawn warmongers (Pan)
  2 fenstrider witches (Pan)
  9 protean progenitors
  2 revenants (Crypt:2)
  15 rockslimes
  3 nagarajas
  2 daevas (Pan)
  6 fire giants
  2 iron dragons
  3 draconian shifters
  5 draconian monks
  4 deep elf sorcerers
  4 draconian scorchers
  5 ghost moths
  Louise (Lair:2)
  15 balrugs
  4 draconian knights
  A juggernaut zombie (Hell)
  4 deep elf elementalists
  20 vault wardens
  11 frost giants
  A curse skull (Pan)
  5 demonspawn corrupters (Pan)
  2 orc warlords (Vaults:3)
  8 cacodemons
  17 reapers
  17 quicksilver oozes
  5 spriggan defenders
  6 ghouls
  25 very ugly things
  20 ironbound preservers
  4 draconian stormcallers
  5 ironbound thunderhulks
  4 caustic shrike skeletons
  10 stone giants
  2 juggernaut skeletons (Pan)
  4 demonspawn blood saints (Pan)
  7 vampire knights
  8 apis (Pan)
  11 demonspawn black suns (Pan)
  4 draconian annihilators
  10 formless jellyfish
  10 green draconians
  An ophan (Pan)
  3 elemental wellsprings (Coc:1)
  11 deep elf death magi
  6 deep elf demonologists
  2 wendigos (Coc:1)
  2 war gargoyles
  10 lorocyprocas
  The ghost of Keeluq the Geomancer, a journeyman GrEE of Vehumet (Orc:1)
  4 black draconians
  5 white draconians
  21 dire elephants
  3 purple draconians
  5 red draconians
  A minotaur (Gauntlet)
  3 spark wasps
  32 starcursed masses
  10 deep elf annihilators
  12 yellow draconians
  An eidolon (Crypt:2)
  15 green deaths
  2 iron golems (Depths:1)
  A crystal guardian (Depths:1)
  24 blizzard demons
  5 deep elf high priests
  2 merfolk javelineers (Shoals:2)
  4 fire dragons
  5 ettins
  17 jiangshi
  2 entropy weavers
  18 yaktaur captains
  4 merfolk impalers
  A spriggan zombie (Abyss:3)
  4 hell beasts
  41 vault guards
  2 ice dragons
  14 great orbs of eyes
  3 peacekeepers
  2 alligators (Pan)
  5 rakshasas
  4 spriggan air magi
  A caustic shrike simulacrum (Crypt:2)
  A juggernaut simulacrum (Crypt:2)
  5 hydras
  4 boulder beetles
  A radroach (shapeshifter) (Elf:3)
  2 ogre magi
  19 ironbound frosthearts
  A jorogumo (Pan)
  13 anacondas
  2 spriggan skeletons
  18 centaur warriors
  3 merfolk aquamancers
  4 catoblepae
  10 dancing weapons
  6 death knights
  5 two-headed ogres
  2 merfolk avatars
  8 deep troll shamans
  2 alligator snapping turtles (Shoals:4)
  13 naga warriors
  14 deep troll earth magi
  3 demonic crawlers
  8 tengu warriors
  4 death scarabs
  10 death yaks
  15 satyrs
  14 naga sharpshooters
  14 deep elf knights
  4 hell hogs
  49 sun demons
  36 soul eaters
  4 hell knights (Depths:2)
  6 vampire magi
  8 shock serpents
  2 crystal echidnas
  5 occultists
  5 spriggan berserkers
  16 sixfirhies
  9 iron trolls
  8 wretched stars
  4 salamander mystics
  9 skysharks
  A sea snake (shapeshifter) (Vaults:5)
  3 hellephant skeletons (Pan)
  37 skeletal warriors
  67 deep trolls
  6 flayed ghosts
  9 mana vipers
  11 sea snakes
  10 shadow demons (Pan)
  A quicksilver dragon simulacrum (Coc:1)
  A glowing orange brain (shapeshifter) (Depths:4)
  3 orange crystal statues
  6 glowing orange brains
  32 large abominations
  A bog body (Crypt:2)
  8 sun moths (Pan)
  A shadow dragon zombie (Crypt:2)
  3 naga ritualists
  18 ironbound convokers
  8 arcanists
  14 deep elf pyromancers
  A fenstrider witch simulacrum (Coc:1)
  23 harpies
  9 deep elf archers
  8 orc knights
  A steelbarb worm (shapeshifter) (Vaults:5)
  11 phantasmal warriors
  13 lindwurms
  6 orc sorcerers
  A wolf spider (Vaults:5)
  11 deep elf zephyrmancers
  4 shining eyes
  51 ugly things
  9 necromancers
  A broodmother zombie (Crypt:1)
  22 manticores
  An eleionoma zombie (Crypt:1)
  13 fauns
  A jorogumo skeleton (Crypt:2)
  12 moths of wrath
  9 cyclopes
  5 meliai (Abyss:3)
  4 Executioner simulacra (Pan)
  18 salamanders
  8 merfolk sirens
  5 elephants
  2 kobold blastminers (Orc:2)
  2 rust devils
  4 worldbinders
  15 vault sentinels
  2 naga skeletons
  4 ice statues (Pan)
  20 black mambas
  7 naga magi
  An eye of devastation (shapeshifter) (Vaults:5)
  5 molten gargoyles
  8 guardian serpents
  9 eyes of devastation
  5 water nymphs
  41 smoke demons
  A titan simulacrum (Crypt:3)
  2 torpor snails (Lair:1)
  11 cane toads
  2 centaur skeletons
  6 hellions
  Maggie (D:8)
  8 orange demons
  2 unseen horror zombies (D:8)
  42 yaktaurs
  6 freezing wraiths
  A komodo dragon (shapeshifter) (Vaults:5)
  5 tormentors
  4 efreet (Pan)
  3 unseen horrors
  2 kobold demonologists
  10 ice devils
  9 komodo dragons
  3 tengu conjurers
  An anaconda simulacrum (Coc:1)
  4 ancient zymes
  An unseen horror skeleton (Crypt:1)
  3 red devils
  13 rime drakes
  A harpy zombie (Crypt:2)
  An iron giant simulacrum (Coc:1)
  20 hellwings
  Grinder (D:5)
  22 merfolk
  21 polar bears
  7 trolls
  A shadow dragon simulacrum (Coc:1)
  A queen bee (Abyss:3)
  3 tyrant leeches
  6 wind drakes
  An ice dragon zombie (Tomb:1)
  12 hornets
  2 tarantellas
  2 dream sheep (shapeshifter)
  Prince Ribbit (D:8)
  2 dream sheep (Shoals:3)
  3 blink frogs (Lair:2)
  4 centaur simulacra
  7 raiju
  9 glass eyes
  A stone giant simulacrum (Abyss:2)
  131 slime creatures
  10 snapping turtles
  2 air elementals
  4 wyverns
  2 vampires (D:11)
  A dire elephant simulacrum (Crypt:3)
  A naga simulacrum (Coc:1)
  5 spriggans
  25 water elementals
  5 shadows
  An ettin skeleton (Hell)
  14 ynoxinuls
  57 yaks
  5 wraiths
  An ushabti (Crypt:3)
  3 fire bats
  A fire bat (shapeshifter) (D:14)
  3 wargs
  Grum (D:10)
  5 basilisks
  An alligator snapping turtle simulacrum (Coc:1)
  5 fire elementals
  20 golden eyes
  A redback (shapeshifter) (Vaults:5)
  2 black mamba skeletons
  22 chaos spawn
  A steam dragon (D:7)
  4 redbacks
  28 nagas
  5 neqoxecs
  2 swamp worms (Zot:2)
  An acid dragon (shapeshifter) (Vaults:5)
  6 hell hounds
  2 naga zombies
  4 harpy simulacra
  2 acid dragons
  20 water moccasins
  2 hydra simulacra
  29 orc warriors
  4 black bears (D:8)
  2 ice beasts
  2 sky beasts
  A boggart (D:14)
  39 laughing skulls
  A swamp dragon skeleton (Abyss:2)
  9 wolves
  14 centaurs
  17 ogres
  2 kobold brigands
  A phantom (D:5)
  2 nameless horrors
  13 bullfrogs
  6 necrophages
  3 gnoll sergeants
  A wyvern zombie (D:8)
  An earth elemental (Elf:2)
  15 small abominations
  A scorpion (D:7)
  A draconian skeleton (Crypt:2)
  13 wights
  A shapeshifter zombie (Crypt:1)
  5 killer bees (D:9)
  8 electric eels
  13 jellies
  5 centaur zombies
  24 orc priests
  3 hounds
  3 iguanas
  An iron imp (Abyss:3)
  A scorpion zombie (Crypt:2)
  26 orc wizards
  4 hell rats (Lair:4)
  A killer bee zombie (D:8)
  A hound zombie (Crypt:1)
  2 mummies (Tomb:1)
  15 adders
  24 gnolls
  A swamp drake skeleton (Crypt:2)
  4 white imps
  5 ufetubi
  9 dart slugs
  A ribbon worm (D:2)
  98 orcs
  10 ball pythons
  4 bats
  9 endoplasms
  15 giant cockroaches
  9 goblins
  7 hobgoblins
  6 jackals
  12 kobolds
  A quokka (D:2)
  15 frilled lizards
  A hobgoblin skeleton (Crypt:2)
  2 jackal zombies (Crypt:1)
  An orc zombie (Crypt:1)
  9 rats
  4 aspiring fleshes
  A fire vortex (Pan)
  2 lurking horrors
  5 starspawn tentacles (Abyss:3)
3069 creatures vanquished.

Vanquished Creatures (collateral kills)
  4 orbs of fire (Zot:5)
  A Killer Klown (Zot:5)
  Geryon (Hell)
  A golden dragon (Zot:4)
  3 Tzitzimimeh (Pan)
  4 tentacled monstrosities
  2 Orb Guardians (Zot:5)
  2 titans (Pan)
  A tentacled starspawn (Abyss:3)
  6 Executioners (Pan)
  A shadow dragon (Zot:3)
  4 storm dragons
  A nagaraja (Snake:4)
  A rockslime (Slime:1)
  A draconian knight (Zot:5)
  A demonspawn warmonger (Pan)
  A deep elf sorcerer (Elf:3)
  A frost giant (Hell)
  A draconian stormcaller (Zot:4)
  3 balrugs (Pan)
  A curse skull (Pan)
  A stone giant (Depths:4)
  2 very ugly things
  3 reapers (Pan)
  A demonspawn corrupter (Pan)
  An apis (Pan)
  3 demonspawn blood saints (Pan)
  A spriggan defender (Depths:2)
  A demonspawn black sun (Pan)
  2 purple draconians
  A green draconian (Zot:3)
  2 white draconians
  A deep elf demonologist (Elf:3)
  A red draconian (Zot:5)
  A yellow draconian (Zot:4)
  A deep elf death mage (Vaults:5)
  3 blizzard demons (Pan)
  2 fire dragons (Depths:4)
  A salamander tyrant (Snake:4)
  A spriggan air mage (Depths:4)
  An ice dragon (Depths:4)
  An anaconda (Snake:4)
  A jorogumo (Pan)
  A catoblepas (Lair:5)
  A merfolk aquamancer (Pan)
  2 naga warriors (Snake:4)
  A satyr (Zot:2)
  A naga sharpshooter (Snake:2)
  An orc high priest (Zig:3)
  2 demonic crawlers (Pan)
  2 soul eaters (Pan)
  11 sun demons (Pan)
  A sun moth (Pan)
  A mana viper (Snake:4)
  A shadow demon (Pan)
  A spriggan simulacrum (Coc:1)
  A phantasmal warrior (Vaults:5)
  A deep elf pyromancer (Elf:3)
  A moth of wrath (Zot:5)
  A salamander (Snake:4)
  A will-o-the-wisp (Abyss:2)
  An ice statue (Pan)
  4 smoke demons (Pan)
  A titan simulacrum (Coc:1)
  A guardian serpent (Snake:4)
  5 large abominations
  An orange demon (Pan)
  2 kobold demonologists (D:10)
  4 efreet (Pan)
  A komodo dragon (Pan)
  A merfolk (Pan)
  A red devil (Pan)
  A hornet (Abyss:2)
  2 hellwings (Pan)
  8 yaks
  A spriggan (Abyss:2)
  A wraith (Abyss:2)
  A warg (Zig:3)
  3 neqoxecs (Pan)
  5 chaos spawn
  A harpy simulacrum (Coc:1)
  A naga (Snake:4)
  An orc warrior (D:10)
  2 kobold brigands (D:10)
  An orc wizard (Orc:2)
  2 hell rats (Lair:4)
  An adder (D:3)
  5 orcs
  A ball python (D:3)
  An endoplasm (D:3)
  A hobgoblin (D:3)
  2 jackals (D:3)
  A bat (D:3)
  A kobold (D:10)
  A rat (D:3)
  A ball lightning (Pan)
171 creatures vanquished.

Vanquished Creatures (others)
  2 eldritch tentacles (Pan)
  A draconian knight (Depths:4)
  3 blizzard demons (Pan)
  A green death (Pan)
  A rakshasa (Pan)
  2 dancing weapons
  A death yak (Lair:5)
  A sun demon (Pan)
  A soul eater (Depths:1)
  A glowing orange brain (Pan)
  A deep elf zephyrmancer (Elf:3)
  A water nymph (Shoals:2)
  A merfolk (Shoals:3)
  A hornet (Lair:3)
  A raiju (Abyss:3)
  A centaur simulacrum (Coc:1)
  A ynoxinul (Pan)
  3 yaks
  An alligator snapping turtle simulacrum (Coc:1)
  3 chaos spawn
  A naga zombie (Hell)
  A centaur (Lair:2)
  2 orc wizards
  An ufetubus (Abyss:3)
  24 ball lightnings (Pan)
  4 fire vortices (Pan)
  436 foxfires
  78 spectral weapons
  12 starspawn tentacles (Abyss:3)
587 creatures vanquished.

Grand Total: 3827 creatures vanquished

Table legend:
 A = Non-vault XP
 B = Vault XP
 C = Vault XP percentage of total XP
 D = Non-vault monster count
 E = Vault monster count
 F = Vault count percentage of total count
                 A         B        C        D         E       F
            +---------+---------+-------+---------+---------+-------
      Total | 1125006 |  966699 |  46.2 |    1978 |    1229 |  38.3
            +---------+---------+-------+---------+---------+-------
        D:1 |      55 |       0 |   0.0 |      30 |       0 |   0.0
        D:2 |      94 |      13 |  12.1 |      26 |       1 |   3.7
        D:3 |      57 |       5 |   8.1 |      16 |       4 |  20.0
        D:4 |     171 |      22 |  11.4 |      14 |       6 |  30.0
        D:5 |     644 |     304 |  32.1 |      30 |       1 |   3.2
        D:6 |    1945 |       0 |   0.0 |      29 |       0 |   0.0
        D:7 |    1801 |    1663 |  48.0 |      30 |      18 |  37.5
        D:8 |    2459 |    2823 |  53.4 |      23 |      18 |  43.9
        D:9 |    1924 |     247 |  11.4 |      16 |       3 |  15.8
       D:10 |    4047 |     562 |  12.2 |      19 |      10 |  34.5
       D:11 |    5538 |    6835 |  55.2 |      25 |      34 |  57.6
       D:12 |    7729 |     878 |  10.2 |      21 |       1 |   4.5
       D:13 |    5691 |   17074 |  75.0 |      11 |      20 |  64.5
       D:14 |    3853 |    5378 |  58.3 |      11 |      10 |  47.6
       D:15 |   11798 |   17137 |  59.2 |      25 |      13 |  34.2
     Lair:1 |    6875 |     847 |  11.0 |      30 |       2 |   6.2
     Lair:2 |    1776 |    1454 |  45.0 |       9 |       3 |  25.0
     Lair:3 |    3981 |    1811 |  31.3 |      16 |       7 |  30.4
     Lair:4 |    8067 |    1572 |  16.3 |      30 |       7 |  18.9
     Lair:5 |    7993 |   10435 |  56.6 |      17 |      35 |  67.3
   Shoals:1 |   13341 |       0 |   0.0 |      25 |       0 |   0.0
   Shoals:2 |   18680 |       0 |   0.0 |      39 |       0 |   0.0
   Shoals:3 |   19405 |       0 |   0.0 |      44 |       0 |   0.0
   Shoals:4 |    6375 |   28633 |  81.8 |      14 |      37 |  72.5
    Snake:1 |    4495 |       0 |   0.0 |       8 |       0 |   0.0
    Snake:2 |    5307 |    1364 |  20.4 |       9 |       1 |  10.0
    Snake:3 |   18281 |     169 |   0.9 |      36 |       1 |   2.7
    Snake:4 |   22457 |   44057 |  66.2 |      44 |      59 |  57.3
    Slime:1 |   10708 |       0 |   0.0 |      22 |       0 |   0.0
    Slime:2 |   17079 |       0 |   0.0 |      34 |       0 |   0.0
    Slime:3 |   15025 |    8627 |  36.5 |      28 |       2 |   6.7
    Slime:4 |   18390 |    2834 |  13.4 |      31 |       5 |  13.9
    Slime:5 |   18501 |   30792 |  62.5 |      30 |      24 |  44.4
      Orc:1 |    2745 |    1150 |  29.5 |      24 |       5 |  17.2
      Orc:2 |    1142 |    5245 |  82.1 |      16 |      55 |  77.5
      Elf:1 |    8998 |   11146 |  55.3 |      13 |      14 |  51.9
      Elf:2 |    9573 |     831 |   8.0 |      17 |       1 |   5.6
      Elf:3 |   18500 |   29820 |  61.7 |      29 |      26 |  47.3
   Vaults:1 |   31314 |   25146 |  44.5 |      50 |      33 |  39.8
   Vaults:2 |   22721 |   43774 |  65.8 |      34 |      64 |  65.3
   Vaults:3 |   26448 |   29119 |  52.4 |      33 |      32 |  49.2
   Vaults:4 |   25010 |   22162 |  47.0 |      38 |      27 |  41.5
   Vaults:5 |   21846 |   96295 |  81.5 |      37 |      94 |  71.8
    Crypt:1 |   12507 |    1139 |   8.3 |      35 |       1 |   2.8
    Crypt:2 |   39453 |    8515 |  17.8 |      54 |       6 |  10.0
    Crypt:3 |    1013 |   45968 |  97.8 |       2 |      76 |  97.4
     Tomb:1 |    3307 |       0 |   0.0 |       8 |       0 |   0.0
   Depths:1 |   30308 |   20499 |  40.3 |      41 |      23 |  35.9
   Depths:2 |   23499 |   30626 |  56.6 |      30 |      29 |  49.2
   Depths:3 |   25149 |    8340 |  24.9 |      35 |       5 |  12.5
   Depths:4 |   47225 |   18410 |  28.0 |      50 |      19 |  27.5
       Hell |   14024 |   17151 |  55.0 |      25 |      26 |  51.0
      Dis:1 |       0 |     349 | 100.0 |       0 |       1 | 100.0
      Geh:1 |    1246 |       0 |   0.0 |       1 |       0 |   0.0
      Coc:1 |   12468 |       0 |   0.0 |      22 |       0 |   0.0
      Tar:1 |     400 |       0 |   0.0 |       1 |       0 |   0.0
      Zot:1 |   44383 |       0 |   0.0 |      36 |       0 |   0.0
      Zot:2 |   11750 |   12938 |  52.4 |      12 |       9 |  42.9
      Zot:3 |   38284 |   16814 |  30.5 |      27 |      10 |  27.0
      Zot:4 |   31130 |       0 |   0.0 |      22 |       0 |   0.0
      Zot:5 |   43090 |   98110 |  69.5 |      34 |      36 |  51.4
    Abyss:1 |    2773 |       0 |   0.0 |       3 |       0 |   0.0
    Abyss:2 |   10013 |    4066 |  28.9 |      31 |      12 |  27.9
    Abyss:3 |   53485 |    7570 |  12.4 |      99 |      12 |  10.8
        Pan |  240124 |  202117 |  45.7 |     316 |     208 |  39.7
      Zig:1 |    1040 |       0 |   0.0 |       1 |       0 |   0.0
      Zig:2 |    3683 |       0 |   0.0 |       2 |       0 |   0.0
      Zig:3 |    1813 |       0 |   0.0 |       8 |       0 |   0.0
      Sewer |       0 |     276 | 100.0 |       0 |      31 | 100.0
      IceCv |       0 |   20368 | 100.0 |       0 |      45 | 100.0
   Gauntlet |       0 |    3219 | 100.0 |       0 |       7 | 100.0
            +---------+---------+-------+---------+---------+-------

Skill      XL: |  1  2  3  4  5  6  7  8  9 10 11 12 13 14 15 16 17 18 19 20 21 22 23 24 25 26 27 |
---------------+----------------------------------------------------------------------------------+-----
Conjurations   | 2 3 4 5 6 7 10 12 13 15 16 17 18 19 21 | 21.8
Fighting       | 1 2 3 4 8 13 14 15 16 17 21 | 21.0
Spellcasting   | 3 4 5 8 10 12 13 16 | 16.8
Fire Magic     | 4 5 6 7 8 10 12 14 16 17 18 | 18.0
Summonings     | 1 4 7 8 9 11 13 14 15 | 15.0
Translocations | 1 4 5 |  5.0
Evocations     | 3 |  3.0
Air Magic      | 5 6 9 11 12 13 14 15 | 15.0
Dodging        | 3 5 6 8 12 | 12.9
Shields        | 5 9 12 15 | 15.0
Armour         | 4 6 |  6.0
Staves         | 2 6 |  6.2
Invocations    | 9 13 15 17 21 22 | 22.7
Earth Magic    | 4 5 11 13 21 | 21.9
Stealth        | 3 4 |  4.0
Maces & Flails | 6 15 | 15.5
Short Blades   | |  0.1

Action                     |  1- 3 |  4- 6 |  7- 9 | 10-12 | 13-15 | 16-18 | 19-21 | 22-24 | 25-27 || total
---------------------------+-------+-------+-------+-------+-------+-------+-------+-------+-------++-------
  Melee: Unarmed           |    10 |       |       |       |       |       |       |       |       ||    10
         Short sword       |    15 |    72 |   178 |   571 |   533 |       |       |       |       ||  1369
         Punch             |       |     1 |     2 |    13 |    16 |     3 |       |       |       ||    35
         Dagger            |       |       |       |       |   351 |   431 |   195 |       |       ||   977
         Headbutt          |       |       |       |       |    36 |    20 |       |       |       ||    56
         Staff             |       |       |       |       |       |       |   348 |   893 |   538 ||  1779
         Eveningstar       |       |       |       |       |       |       |       |       |  1969 ||  1969
  Throw: Dart              |       |       |     3 |       |    24 |     5 |       |       |       ||    32
   Cast: Foxfire           |    42 |   106 |    56 |    29 |    27 |       |       |       |       ||   260
         Scorch            |     1 |    12 |   106 |   291 |   349 |   158 |   111 |    25 |     1 ||  1054
         Volatile Blastmot |       |       |       |    13 |    23 |     3 |     2 |       |       ||    41
         Call Imp          |       |       |       |     2 |       |       |       |       |       ||     2
         Swiftness         |       |       |       |       |     5 |       |     1 |       |       ||     6
         Iskenderun's Myst |       |       |       |       |    10 |    34 |    21 |    97 |    57 ||   219
         Starburst         |       |       |       |       |   109 |    81 |   172 |    79 |    39 ||   480
         Plasma Beam       |       |       |       |       |    37 |   222 |   296 |   486 |   516 ||  1557
         Spellforged Servi |       |       |       |       |       |       |       |     5 |   143 ||   148
         Blink             |       |       |       |       |       |       |       |     1 |     1 ||     2
         Orb of Destructio |       |       |       |       |       |       |       |       |    37 ||    37
         Lehudib's Crystal |       |       |       |       |       |       |       |       |    25 ||    25
 Invoke: Recite            |       |       |       |       |       |       |     3 |     1 |     2 ||     6
         Sanctuary         |       |       |       |       |       |       |       |       |     3 ||     3
  Evoke: Wand              |       |       |       |     1 |     5 |     9 |    15 |     1 |     9 ||    40
         Phial of floods   |       |       |       |       |     1 |     1 |       |       |       ||     2
         Tin of tremorston |       |       |       |       |     2 |       |     4 |     2 |       ||     8
         Phantom mirror    |       |       |       |       |       |       |       |       |     1 ||     1
    Use: Scroll            |       |       |     9 |     9 |    20 |     6 |     6 |     6 |    41 ||    97
         Potion            |       |       |     1 |     1 |     4 |     7 |     3 |     1 |    27 ||    44
   Stab: Sleeping          |     3 |     1 |     1 |     2 |     3 |       |       |     3 |       ||    13
         Petrified         |       |       |    14 |       |    44 |       |       |       |       ||    58
         Petrifying        |       |       |     1 |       |       |       |       |       |       ||     1
         Confused          |       |       |       |     1 |       |     1 |     2 |     6 |       ||    10
         Paralysed         |       |       |       |     1 |     7 |     3 |     1 |       |       ||    12
         Invisible         |       |       |       |       |     9 |     1 |     1 |       |     2 ||    13
         Distracted        |       |       |       |       |     7 |     5 |     2 |     1 |    47 ||    62
 Armour: Robe              |    26 |    52 |    85 |       |       |       |       |       |       ||   163
         Steam dragon scal |       |       |    22 |   479 |   839 |       |       |       |       ||  1340
         Troll leather arm |       |       |       |       |   196 |   702 |   644 |   937 |       ||  2479
         Scale mail        |       |       |       |       |       |       |       |    66 |       ||    66
         Acid dragon scale |       |       |       |       |       |       |       |       |  2635 ||  2635
  Dodge: Dodged            |    44 |    79 |   202 |  1142 |  1133 |   568 |   530 |   451 |  1250 ||  5399
  Block: Buckler           |       |       |       |       |       |    84 |       |       |       ||    84
         Kite shield       |       |       |       |       |       |   101 |   674 |   881 |  2167 ||  3823

Illustrated notes

Table legend:
 A = Kills in this place as a percentage of kills in the entire game.
 B = Kills by you in this place as a percentage of kills by you in the entire game.
 C = Kills by friends in this place as a percentage of kills by friends in the entire game.
 D = Other kills in this place as a percentage of other kills in the entire game.
 E = Experience gained in this place as a percentage of experience gained in the entire game.
 F = Experience gained in this place divided by the number of levels of this place that you have seen.
                   A       B       C       D       E      F
               +-------+-------+-------+-------+-------+----------------------
         Total | 100.0 | 100.0 | 100.0 | 100.0 | 100.0 | 24246.9
       Dungeon |  14.6 |  14.7 |  12.4 |  14.3 |   5.2 | 7341.6
          Lair |   4.8 |   4.7 |   4.1 |  28.6 |   2.1 | 8962.2
        Shoals |   4.9 |   5.2 |   0.0 |   9.5 |   4.1 | 21608.5
     Snake Pit |   4.9 |   4.9 |   5.9 |   0.0 |   4.6 | 24032.5
    Slime Pits |   5.5 |   5.8 |   0.6 |   0.0 |   5.8 | 24391.2
  Orcish Mines |   3.1 |   3.2 |   1.8 |   0.0 |   0.5 | 5141.0
   Elven Halls |   3.1 |   3.2 |   1.8 |   0.0 |   3.7 | 26289.3
        Vaults |  13.7 |  14.5 |   1.8 |   4.8 |  16.3 | 68767.0
         Crypt |   5.4 |   5.7 |   0.0 |   0.0 |   5.1 | 36198.3
          Tomb |   0.2 |   0.3 |   0.0 |   0.0 |   0.2 | 3307.0
        Depths |   7.4 |   7.5 |   4.1 |   9.5 |   9.9 | 52167.2
          Hell |   1.6 |   1.6 |   1.2 |   4.8 |   1.5 | 31175.0
           Dis |   0.0 |   0.0 |   0.0 |   0.0 |   0.0 | 349.0
       Gehenna |   0.0 |   0.0 |   0.0 |   0.0 |   0.1 | 1246.0
       Cocytus |   0.7 |   0.6 |   1.8 |   4.8 |   0.6 | 12468.0
      Tartarus |   0.0 |   0.0 |   0.0 |   0.0 |   0.0 | 200.0
           Zot |   5.8 |   5.3 |  15.9 |   0.0 |  14.1 | 59696.6
         Abyss |   4.9 |   4.9 |   4.7 |   4.8 |   3.7 | 15581.4
   Pandemonium |  16.3 |  14.8 |  42.9 |  19.0 |  21.0 | 36853.4
      Ziggurat |   0.4 |   0.3 |   1.2 |   0.0 |   0.4 | 2780.0
         Sewer |   1.0 |   1.0 |   0.0 |   0.0 |   0.0 | 276.0
      Ice Cave |   1.4 |   1.5 |   0.0 |   0.0 |   1.0 | 20368.0
      Gauntlet |   0.2 |   0.2 |   0.0 |   0.0 |   0.2 | 3219.0
               +-------+-------+-------+-------+-------+----------------------

Table legend: (Time is in decaauts)
 A = Elapsed time spent in this place.
 B = Non-inter-level travel time spent in this place.
 C = Inter-level travel time spent in this place.
 D = Time resting spent in this place.
 E = Time spent auto-exploring this place.
 F = Levels seen in this place.
 G = Mean time per level.
                   A        B        C        D        E       F      G
               +--------+--------+--------+--------+--------+-----+--------+
         Total |  79563 |  68389 |  11174 |  13567 |  13654 |  87 |  914.5 |
       Dungeon |  19638 |  15809 |   3829 |   3272 |   4977 |  15 | 1309.2 |
        Temple |      3 |      3 |      0 |      0 |      0 |   1 |    3.0 |
          Lair |   7770 |   6715 |   1055 |   1359 |   1381 |   5 | 1554.0 |
        Shoals |   3783 |   3262 |    521 |    767 |    181 |   4 |  945.8 |
     Snake Pit |   5716 |   3963 |   1753 |    493 |    831 |   4 | 1429.0 |
    Slime Pits |   3554 |   3312 |    242 |   1143 |    226 |   5 |  710.8 |
  Orcish Mines |   2615 |   2010 |    605 |    619 |      0 |   2 | 1307.5 |
   Elven Halls |   2685 |   2499 |    186 |    490 |    634 |   3 |  895.0 |
        Vaults |   8708 |   7655 |   1053 |    983 |   3039 |   5 | 1741.6 |
         Crypt |   4163 |   3624 |    539 |   1053 |    416 |   3 | 1387.7 |
          Tomb |     87 |     87 |      0 |     35 |      0 |   1 |   87.0 |
        Depths |   6331 |   5380 |    951 |   1106 |   1555 |   4 | 1582.8 |
          Hell |    499 |    454 |     45 |     50 |     25 |   1 |  499.0 |
           Dis |     18 |     18 |      0 |      0 |      0 |   1 |   18.0 |
       Gehenna |     11 |     11 |      0 |      0 |      0 |   1 |   11.0 |
       Cocytus |     68 |     68 |      0 |      0 |      0 |   1 |   68.0 |
      Tartarus |     15 |     15 |      0 |      0 |      0 |   2 |    7.5 |
           Zot |   2709 |   2318 |    391 |    395 |     31 |   5 |  541.8 |
         Abyss |   1108 |   1108 |      0 |     38 |      0 |   5 |  221.6 |
   Pandemonium |   7918 |   7918 |      0 |   1181 |    160 |  12 |  659.8 |
      Ziggurat |     69 |     69 |      0 |      0 |      0 |   3 |   23.0 |
        Bazaar |    253 |    253 |      0 |      0 |      0 |   1 |  253.0 |
         Sewer |    497 |    497 |      0 |    154 |     61 |   1 |  497.0 |
      Ice Cave |    732 |    732 |      0 |    227 |    136 |   1 |  732.0 |
      Gauntlet |    601 |    601 |      0 |    201 |      0 |   1 |  601.0 |
               +--------+--------+--------+--------+--------+-----+--------+

Top non-repeatable levels by time:
     D:7: 2250 daAuts
  Lair:4: 2171 daAuts
Depths:1: 2138 daAuts
  Lair:5: 2058 daAuts
    D:11: 1926 daAuts
 Crypt:3: 1837 daAuts
 Snake:3: 1828 daAuts
Vaults:4: 1827 daAuts
Vaults:2: 1773 daAuts
Vaults:1: 1771 daAuts
    D:15: 1763 daAuts
     D:8: 1716 daAuts
 Snake:4: 1694 daAuts
Vaults:5: 1681 daAuts
    D:10: 1672 daAuts
